Workbook
Name feriado: [1]FERIADOS!$A$2:$A$1037

Sheet NTN-B 19 até venc
C1: Tx 08/22 | D1: Tx Mercado | F1: Tesouro Direto | O1: Tx 08/22 | P1: Tx Curva
A2: Nr. | B2: Data | C2: 44788 | D2: Preço | E2: Juros | F2: Jr CDI | G2: PU Ajustado | H2: Rent | I2: Acum. | J2: Ret Mercado | K2: PU + JR CDI | L2: Rent | M2: Acum. | N2: Ret Mercado | O2: 44788 | P2: Preço | Q2: Juros | R2: Jr CDI | S2: PU Ajustado | T2: Rent | U2: Acum. | V2: Ret Curva | W2: PU + JR CDI | X2: Rent | Y2: Acum. | Z2: 08/22 | AA2: Tx CDI | AB2: Índice | AC2: Rent | AD2: Acum. | AE2: CDI | AF2: VNA IPCA | AG2: IPCA % a.m | AH2: IPCA a.a. | AI2: Rent | AJ2: Acum. | AK2: Ret | AN2: Resumos Estatísticos
A3: 1 | B3: 43231 | C3: =VLOOKUP(B3,'Base NTN-B Princ 2019'!A:B,2,FALSE)*100 -> 1.96 | D3: 3013.331 | E3: 0 | I3: 1 | J3: 0 | K3: =+D3 -> 3013.331 | M3: 1 | N3: 0 | O3: 1.96 | P3: 3013.331 | Q3: 0 | U3: 1 | V3: 0 | W3: =+P3 -> 3013.331 | Y3: 1 | Z3: 0 | AA3: 6.39 | AB3: 1 | AD3: 1 | AE3: 0 | AF3: 3072.3947 | AG3: 0.22 | AH3: =+((1+AG3/100)^(252/21)-1)*100 -> 2.6721794 | AJ3: 1 | AK3: 0 | AN3: =+C2 -> 44788
A4: =+A3+1 -> 2 | B4: 43234 | C4: =VLOOKUP(B4,'Base NTN-B Princ 2019'!A:B,2,FALSE)*100 -> 2 | D4: 3012.7187 | E4: 0 | F4: =+(F3*(1+AC3/100))+E4 -> 0 | G4: =+D4+E4 -> 3012.7187 | H4: =+(G4/D3-1)*100 -> -0.020318777 | I4: =+(1+H4/100)*I3 -> 0.99979681 | J4: =+(I4-1)*100 -> -0.020318777 | K4: =+D4+F4 -> 3012.7187 | L4: =+(K4/K3-1)*100 -> -0.020318777 | M4: =+(1+L4/100)*M3 -> 0.99979681 | N4: =+(M4-1)*100 -> -0.020318777 | O4: 1.96 | P4: 3013.8956 | Q4: 0 | R4: =+(R3*(1+AQ3/100))+Q4 -> 0 | S4: =+P4+Q4 -> 3013.8956 | T4: =+(S4/P3-1)*100 -> 0.018736243 | U4: =+(1+T4/100)*U3 -> 1.0001874 | V4: =+(U4-1)*100 -> 0.018736243 | W4: =+P4+R4 -> 3013.8956 | X4: =+(W4/W3-1)*100 -> 0.018736243 | Y4: =+(1+X4/100)*Y3 -> 1.0001874 | Z4: =+(Y4-1)*100 -> 0.018736243 | AA4: 6.39 | AB4: =+((AA3/100+1)^(1/252))*AB3 -> 1.0002458 | AC4: =+(AB4/AB3-1)*100 -> 0.024582942 | AD4: =+(1+AC4/100)*AD3 -> 1.0002458 | AE4: =+(AD4-1)*100 -> 0.024582942 | AF4: 3072.7322 | AG4: 0.22 | AH4: =+((1+AG4/100)^(252/21)-1)*100 -> 2.6721794 | AI4: =+(AF4/AF3-1)*100 -> 0.010986414 | AJ4: =+(1+AI4/100)*AJ3 -> 1.0001099 | AK4: =+(AJ4-1)*100 -> 0.010986414 | AN4: De: | AO4: 43231
A5: =+A4+1 -> 3 | B5: 43235 | C5: =VLOOKUP(B5,'Base NTN-B Princ 2019'!A:B,2,FALSE)*100 -> 2.08 | D5: 3010.9416 | E5: 0 | F5: =+(F4*(1+AC4/100))+E5 -> 0 | G5: =+D5+E5 -> 3010.9416 | H5: =+(G5/D4-1)*100 -> -0.058987751 | I5: =+(1+H5/100)*I4 -> 0.99920705 | J5: =+(I5-1)*100 -> -0.079294542 | K5: =+D5+F5 -> 3010.9416 | L5: =+(K5/K4-1)*100 -> -0.058987751 | M5: =+(1+L5/100)*M4 -> 0.99920705 | N5: =+(M5-1)*100 -> -0.079294542 | O5: 1.96 | P5: 3014.4572 | Q5: 0 | R5: =+(R4*(1+AQ4/100))+Q5 -> 0 | S5: =+P5+Q5 -> 3014.4572 | T5: =+(S5/P4-1)*100 -> 0.018633691 | U5: =+(1+T5/100)*U4 -> 1.0003737 | V5: =+(U5-1)*100 -> 0.037373425 | W5: =+P5+R5 -> 3014.4572 | X5: =+(W5/W4-1)*100 -> 0.018633691 | Y5: =+(1+X5/100)*Y4 -> 1.0003737 | Z5: =+(Y5-1)*100 -> 0.037373425 | AA5: 6.39 | AB5: =+((AA4/100+1)^(1/252))*AB4 -> 1.0004917 | AC5: =+(AB5/AB4-1)*100 -> 0.024582942 | AD5: =+(1+AC5/100)*AD4 -> 1.0004917 | AE5: =+(AD5-1)*100 -> 0.049171928 | AF5: 3073.0698 | AG5: 0.22 | AH5: =+((1+AG5/100)^(252/21)-1)*100 -> 2.6721794 | AI5: =+(AF5/AF4-1)*100 -> 0.010986444 | AJ5: =+(1+AI5/100)*AJ4 -> 1.0002197 | AK5: =+(AJ5-1)*100 -> 0.021974065 | AN5: Até: | AO5: 43600
A6: =+A5+1 -> 4 | B6: 43236 | C6: =VLOOKUP(B6,'Base NTN-B Princ 2019'!A:B,2,FALSE)*100 -> 2.03 | D6: 3013.1529 | E6: 0 | F6: =+(F5*(1+AC5/100))+E6 -> 0 | G6: =+D6+E6 -> 3013.1529 | H6: =+(G6/D5-1)*100 -> 0.073443239 | I6: =+(1+H6/100)*I5 -> 0.9999409 | J6: =+(I6-1)*100 -> -0.00590954 | K6: =+D6+F6 -> 3013.1529 | L6: =+(K6/K5-1)*100 -> 0.073443239 | M6: =+(1+L6/100)*M5 -> 0.9999409 | N6: =+(M6-1)*100 -> -0.00590954 | O6: 1.96 | P6: 3015.1968 | Q6: 0 | R6: =+(R5*(1+AQ5/100))+Q6 -> 0 | S6: =+P6+Q6 -> 3015.1968 | T6: =+(S6/P5-1)*100 -> 0.024537585 | U6: =+(1+T6/100)*U5 -> 1.0006192 | V6: =+(U6-1)*100 -> 0.061920181 | W6: =+P6+R6 -> 3015.1968 | X6: =+(W6/W5-1)*100 -> 0.024537585 | Y6: =+(1+X6/100)*Y5 -> 1.0006192 | Z6: =+(Y6-1)*100 -> 0.061920181 | AA6: 6.39 | AB6: =+((AA5/100+1)^(1/252))*AB5 -> 1.0007377 | AC6: =+(AB6/AB5-1)*100 -> 0.024582942 | AD6: =+(1+AC6/100)*AD5 -> 1.0007377 | AE6: =+(AD6-1)*100 -> 0.073766958 | AF6: 3073.5857 | AG6: 0.37 | AH6: =+((1+AG6/100)^(252/21)-1)*100 -> 4.5314777 | AI6: =+(AF6/AF5-1)*100 -> 0.016788522 | AJ6: =+(1+AI6/100)*AJ5 -> 1.0003877 | AK6: =+(AJ6-1)*100 -> 0.038766276 | AP6: + JR CDI | AR6: Ganho Real
A7: =+A6+1 -> 5 | B7: 43237 | C7: =VLOOKUP(B7,'Base NTN-B Princ 2019'!A:B,2,FALSE)*100 -> 2.18 | D7: 3009.5456 | E7: 0 | F7: =+(F6*(1+AC6/100))+E7 -> 0 | G7: =+D7+E7 -> 3009.5456 | H7: =+(G7/D6-1)*100 -> -0.11971789 | I7: =+(1+H7/100)*I6 -> 0.9987438 | J7: =+(I7-1)*100 -> -0.12562035 | K7: =+D7+F7 -> 3009.5456 | L7: =+(K7/K6-1)*100 -> -0.11971789 | M7: =+(1+L7/100)*M6 -> 0.9987438 | N7: =+(M7-1)*100 -> -0.12562035 | O7: 1.96 | P7: 3015.9367 | Q7: 0 | R7: =+(R6*(1+AQ6/100))+Q7 -> 0 | S7: =+P7+Q7 -> 3015.9367 | T7: =+(S7/P6-1)*100 -> 0.024537038 | U7: =+(1+T7/100)*U6 -> 1.0008647 | V7: =+(U7-1)*100 -> 0.086472413 | W7: =+P7+R7 -> 3015.9367 | X7: =+(W7/W6-1)*100 -> 0.024537038 | Y7: =+(1+X7/100)*Y6 -> 1.0008647 | Z7: =+(Y7-1)*100 -> 0.086472413 | AA7: 6.39 | AB7: =+((AA6/100+1)^(1/252))*AB6 -> 1.0009837 | AC7: =+(AB7/AB6-1)*100 -> 0.024582942 | AD7: =+(1+AC7/100)*AD6 -> 1.0009837 | AE7: =+(AD7-1)*100 -> 0.098368035 | AF7: 3074.1018 | AG7: 0.37 | AH7: =+((1+AG7/100)^(252/21)-1)*100 -> 4.5314777 | AI7: =+(AF7/AF6-1)*100 -> 0.016788567 | AJ7: =+(1+AI7/100)*AJ6 -> 1.0005556 | AK7: =+(AJ7-1)*100 -> 0.055561351 | AN7: Rent Per. | AO7: =((VLOOKUP(AO5,B:AE,8,FALSE)/VLOOKUP(AO4,B:AE,8,FALSE))-1)*100 -> 7.0209361 | AP7: =((VLOOKUP(AO5,B:AE,12,FALSE)/VLOOKUP(AO4,B:AE,12,FALSE))-1)*100 -> 7.0209361 | AR7: =+(((1+AO7/100)/(1+AO8/100))-1)*100 -> 1.9600806
A8: =+A7+1 -> 6 | B8: 43238 | C8: =VLOOKUP(B8,'Base NTN-B Princ 2019'!A:B,2,FALSE)*100 -> 2.35 | D8: 3005.4051 | E8: 0 | F8: =+(F7*(1+AC7/100))+E8 -> 0 | G8: =+D8+E8 -> 3005.4051 | H8: =+(G8/D7-1)*100 -> -0.13757854 | I8: =+(1+H8/100)*I7 -> 0.99736974 | J8: =+(I8-1)*100 -> -0.26302607 | K8: =+D8+F8 -> 3005.4051 | L8: =+(K8/K7-1)*100 -> -0.13757854 | M8: =+(1+L8/100)*M7 -> 0.99736974 | N8: =+(M8-1)*100 -> -0.26302607 | O8: 1.96 | P8: 3016.6736 | Q8: 0 | R8: =+(R7*(1+AQ7/100))+Q8 -> 0 | S8: =+P8+Q8 -> 3016.6736 | T8: =+(S8/P7-1)*100 -> 0.024434465 | U8: =+(1+T8/100)*U7 -> 1.0011093 | V8: =+(U8-1)*100 -> 0.11092801 | W8: =+P8+R8 -> 3016.6736 | X8: =+(W8/W7-1)*100 -> 0.024434465 | Y8: =+(1+X8/100)*Y7 -> 1.0011093 | Z8: =+(Y8-1)*100 -> 0.11092801 | AA8: 6.39 | AB8: =+((AA7/100+1)^(1/252))*AB7 -> 1.0012298 | AC8: =+(AB8/AB7-1)*100 -> 0.024582942 | AD8: =+(1+AC8/100)*AD7 -> 1.0012298 | AE8: =+(AD8-1)*100 -> 0.12297516 | AF8: 3074.6179 | AG8: 0.37 | AH8: =+((1+AG8/100)^(252/21)-1)*100 -> 4.5314777 | AI8: =+(AF8/AF7-1)*100 -> 0.016788546 | AJ8: =+(1+AI8/100)*AJ7 -> 1.0007236 | AK8: =+(AJ8-1)*100 -> 0.072359225 | AN8: VNA IPCA | AO8: =(((VLOOKUP(AO5,B:AK,31,FALSE)/VLOOKUP(AO4,B:AK,31,FALSE))-1)*100) -> 4.9635656 | AP8: =+AO8 -> 4.9635656
A9: =+A8+1 -> 7 | B9: 43241 | C9: =VLOOKUP(B9,'Base NTN-B Princ 2019'!A:B,2,FALSE)*100 -> 2.37 | D9: 3005.6145 | E9: 0 | F9: =+(F8*(1+AC8/100))+E9 -> 0 | G9: =+D9+E9 -> 3005.6145 | H9: =+(G9/D8-1)*100 -> 0.0069658163 | I9: =+(1+H9/100)*I8 -> 0.99743921 | J9: =+(I9-1)*100 -> -0.25607857 | K9: =+D9+F9 -> 3005.6145 | L9: =+(K9/K8-1)*100 -> 0.0069658163 | M9: =+(1+L9/100)*M8 -> 0.99743921 | N9: =+(M9-1)*100 -> -0.25607857 | O9: 1.96 | P9: 3017.4138 | Q9: 0 | R9: =+(R8*(1+AQ8/100))+Q9 -> 0 | S9: =+P9+Q9 -> 3017.4138 | T9: =+(S9/P8-1)*100 -> 0.024535866 | U9: =+(1+T9/100)*U8 -> 1.0013549 | V9: =+(U9-1)*100 -> 0.13549109 | W9: =+P9+R9 -> 3017.4138 | X9: =+(W9/W8-1)*100 -> 0.024535866 | Y9: =+(1+X9/100)*Y8 -> 1.0013549 | Z9: =+(Y9-1)*100 -> 0.13549109 | AA9: 6.39 | AB9: =+((AA8/100+1)^(1/252))*AB8 -> 1.0014759 | AC9: =+(AB9/AB8-1)*100 -> 0.024582942 | AD9: =+(1+AC9/100)*AD8 -> 1.0014759 | AE9: =+(AD9-1)*100 -> 0.14758833 | AF9: 3075.134 | AG9: 0.37 | AH9: =+((1+AG9/100)^(252/21)-1)*100 -> 4.5314777 | AI9: =+(AF9/AF8-1)*100 -> 0.016788558 | AJ9: =+(1+AI9/100)*AJ8 -> 1.0008916 | AK9: =+(AJ9-1)*100 -> 0.089159931 | AN9: CDI | AO9: =(((VLOOKUP(AO5,B:AK,27,FALSE)/VLOOKUP(AO4,B:AK,27,FALSE))-1)*100) -> 6.3960713 | AP9: =+AO9 -> 6.3960713 | AR9: =+(((1+AO9/100)/(1+AO8/100))-1)*100 -> 1.3647647
A10: =+A9+1 -> 8 | B10: 43242 | C10: =VLOOKUP(B10,'Base NTN-B Princ 2019'!A:B,2,FALSE)*100 -> 2.48 | D10: 3003.2618 | E10: 0 | F10: =+(F9*(1+AC9/100))+E10 -> 0 | G10: =+D10+E10 -> 3003.2618 | H10: =+(G10/D9-1)*100 -> -0.07827614 | I10: =+(1+H10/100)*I9 -> 0.99665846 | J10: =+(I10-1)*100 -> -0.33415427 | K10: =+D10+F10 -> 3003.2618 | L10: =+(K10/K9-1)*100 -> -0.07827614 | M10: =+(1+L10/100)*M9 -> 0.99665846 | N10: =+(M10-1)*100 -> -0.33415427 | O10: 1.96 | P10: 3018.151 | Q10: 0 | R10: =+(R9*(1+AQ9/100))+Q10 -> 0 | S10: =+P10+Q10 -> 3018.151 | T10: =+(S10/P9-1)*100 -> 0.024433308 | U10: =+(1+T10/100)*U9 -> 1.0015996 | V10: =+(U10-1)*100 -> 0.1599575 | W10: =+P10+R10 -> 3018.151 | X10: =+(W10/W9-1)*100 -> 0.024433308 | Y10: =+(1+X10/100)*Y9 -> 1.0015996 | Z10: =+(Y10-1)*100 -> 0.1599575 | AA10: 6.39 | AB10: =+((AA9/100+1)^(1/252))*AB9 -> 1.0017221 | AC10: =+(AB10/AB9-1)*100 -> 0.024582942 | AD10: =+(1+AC10/100)*AD9 -> 1.0017221 | AE10: =+(AD10-1)*100 -> 0.17220756 | AF10: 3075.6503 | AG10: 0.37 | AH10: =+((1+AG10/100)^(252/21)-1)*100 -> 4.5314777 | AI10: =+(AF10/AF9-1)*100 -> 0.016788569 | AJ10: =+(1+AI10/100)*AJ9 -> 1.0010596 | AK10: =+(AJ10-1)*100 -> 0.10596347 | AN10: %CDI | AO10: =+AO7/AO9*100 -> 109.76951 | AP10: =+AP7/AP9*100 -> 109.76951
A11: =+A10+1 -> 9 | B11: 43243 | C11: =VLOOKUP(B11,'Base NTN-B Princ 2019'!A:B,2,FALSE)*100 -> 2.47 | D11: 3004.3413 | E11: 0 | F11: =+(F10*(1+AC10/100))+E11 -> 0 | G11: =+D11+E11 -> 3004.3413 | H11: =+(G11/D10-1)*100 -> 0.035942488 | I11: =+(1+H11/100)*I10 -> 0.99701668 | J11: =+(I11-1)*100 -> -0.29833188 | K11: =+D11+F11 -> 3004.3413 | L11: =+(K11/K10-1)*100 -> 0.035942488 | M11: =+(1+L11/100)*M10 -> 0.99701668 | N11: =+(M11-1)*100 -> -0.29833188 | O11: 1.96 | P11: 3018.8915 | Q11: 0 | R11: =+(R10*(1+AQ10/100))+Q11 -> 0 | S11: =+P11+Q11 -> 3018.8915 | T11: =+(S11/P10-1)*100 -> 0.024534624 | U11: =+(1+T11/100)*U10 -> 1.0018453 | V11: =+(U11-1)*100 -> 0.18453137 | W11: =+P11+R11 -> 3018.8915 | X11: =+(W11/W10-1)*100 -> 0.024534624 | Y11: =+(1+X11/100)*Y10 -> 1.0018453 | Z11: =+(Y11-1)*100 -> 0.18453137 | AA11: 6.39 | AB11: =+((AA10/100+1)^(1/252))*AB10 -> 1.0019683 | AC11: =+(AB11/AB10-1)*100 -> 0.024582942 | AD11: =+(1+AC11/100)*AD10 -> 1.0019683 | AE11: =+(AD11-1)*100 -> 0.19683283 | AF11: 3076.1667 | AG11: 0.37 | AH11: =+((1+AG11/100)^(252/21)-1)*100 -> 4.5314777 | AI11: =+(AF11/AF10-1)*100 -> 0.016788547 | AJ11: =+(1+AI11/100)*AJ10 -> 1.0012277 | AK11: =+(AJ11-1)*100 -> 0.12276981 | AN11: Rent a.a. | AO11: =(((1+AO7/100)^(252/NETWORKDAYS(AO4,AO5-1,Feriados!$A$1:$A$936)))-1)*100 -> 7.0209361 | AP11: =(((1+AP7/100)^(252/NETWORKDAYS(AO4,AO5-1,Feriados!$A$1:$A$936)))-1)*100 -> 7.0209361
A12: =+A11+1 -> 10 | B12: 43244 | C12: =VLOOKUP(B12,'Base NTN-B Princ 2019'!A:B,2,FALSE)*100 -> 2.6 | D12: 3000.1316 | E12: 0 | F12: =+(F11*(1+AC11/100))+E12 -> 0 | G12: =+D12+E12 -> 3000.1316 | H12: =+(G12/D11-1)*100 -> -0.14011757 | I12: =+(1+H12/100)*I11 -> 0.99561969 | J12: =+(I12-1)*100 -> -0.43803144 | K12: =+D12+F12 -> 3000.1316 | L12: =+(K12/K11-1)*100 -> -0.14011757 | M12: =+(1+L12/100)*M11 -> 0.99561969 | N12: =+(M12-1)*100 -> -0.43803144 | O12: 1.96 | P12: 3018.2883 | Q12: 0 | R12: =+(R11*(1+AQ11/100))+Q12 -> 0 | S12: =+P12+Q12 -> 3018.2883 | T12: =+(S12/P11-1)*100 -> -0.019981076 | U12: =+(1+T12/100)*U11 -> 1.0016451 | V12: =+(U12-1)*100 -> 0.16451343 | W12: =+P12+R12 -> 3018.2883 | X12: =+(W12/W11-1)*100 -> -0.019981076 | Y12: =+(1+X12/100)*Y11 -> 1.0016451 | Z12: =+(Y12-1)*100 -> 0.16451343 | AA12: 6.39 | AB12: =+((AA11/100+1)^(1/252))*AB11 -> 1.0022146 | AC12: =+(AB12/AB11-1)*100 -> 0.024582942 | AD12: =+(1+AC12/100)*AD11 -> 1.0022146 | AE12: =+(AD12-1)*100 -> 0.22146416 | AF12: 3075.317 | AG12: 0.23 | AH12: =+((1+AG12/100)^(252/21)-1)*100 -> 2.7951831 | AI12: =+(AF12/AF11-1)*100 -> -0.02762126 | AJ12: =+(1+AI12/100)*AJ11 -> 1.0009511 | AK12: =+(AJ12-1)*100 -> 0.095114635 | AN12: CDI a.a. | AO12: =(((1+AO9/100)^(252/NETWORKDAYS(AO4,AO5-1,Feriados!$A$1:$A$936)))-1)*100 -> 6.3960713 | AP12: =+AO12 -> 6.3960713
A13: =+A12+1 -> 11 | B13: 43245 | C13: =VLOOKUP(B13,'Base NTN-B Princ 2019'!A:B,2,FALSE)*100 -> 2.59 | D13: 3001.0324 | E13: 0 | F13: =+(F12*(1+AC12/100))+E13 -> 0 | G13: =+D13+E13 -> 3001.0324 | H13: =+(G13/D12-1)*100 -> 0.030023783 | I13: =+(1+H13/100)*I12 -> 0.99591861 | J13: =+(I13-1)*100 -> -0.40813917 | K13: =+D13+F13 -> 3001.0324 | L13: =+(K13/K12-1)*100 -> 0.030023783 | M13: =+(1+L13/100)*M12 -> 0.99591861 | N13: =+(M13-1)*100 -> -0.40813917 | O13: 1.96 | P13: 3018.8373 | Q13: 0 | R13: =+(R12*(1+AQ12/100))+Q13 -> 0 | S13: =+P13+Q13 -> 3018.8373 | T13: =+(S13/P12-1)*100 -> 0.018187494 | U13: =+(1+T13/100)*U12 -> 1.0018273 | V13: =+(U13-1)*100 -> 0.18273084 | W13: =+P13+R13 -> 3018.8373 | X13: =+(W13/W12-1)*100 -> 0.018187494 | Y13: =+(1+X13/100)*Y12 -> 1.0018273 | Z13: =+(Y13-1)*100 -> 0.18273084 | AA13: 6.39 | AB13: =+((AA12/100+1)^(1/252))*AB12 -> 1.002461 | AC13: =+(AB13/AB12-1)*100 -> 0.024582942 | AD13: =+(1+AC13/100)*AD12 -> 1.002461 | AE13: =+(AD13-1)*100 -> 0.24610155 | AF13: 3075.6381 | AG13: 0.23 | AH13: =+((1+AG13/100)^(252/21)-1)*100 -> 2.7951831 | AI13: =+(AF13/AF12-1)*100 -> 0.010443086 | AJ13: =+(1+AI13/100)*AJ12 -> 1.0010557 | AK13: =+(AJ13-1)*100 -> 0.10556765 | AN13: Maior Ret. Acum | AO13: =MAX(J3:J255) -> 7.0209361 | AP13: =MAX(N3:N255) -> 7.0209361
A14: =+A13+1 -> 12 | B14: 43248 | C14: =VLOOKUP(B14,'Base NTN-B Princ 2019'!A:B,2,FALSE)*100 -> 2.56 | D14: 3002.4901 | E14: 0 | F14: =+(F13*(1+AC13/100))+E14 -> 0 | G14: =+D14+E14 -> 3002.4901 | H14: =+(G14/D13-1)*100 -> 0.048571852 | I14: =+(1+H14/100)*I13 -> 0.99640234 | J14: =+(I14-1)*100 -> -0.35976556 | K14: =+D14+F14 -> 3002.4901 | L14: =+(K14/K13-1)*100 -> 0.048571852 | M14: =+(1+L14/100)*M13 -> 0.99640234 | N14: =+(M14-1)*100 -> -0.35976556 | O14: 1.96 | P14: 3019.3863 | Q14: 0 | R14: =+(R13*(1+AQ13/100))+Q14 -> 0 | S14: =+P14+Q14 -> 3019.3863 | T14: =+(S14/P13-1)*100 -> 0.01818687 | U14: =+(1+T14/100)*U13 -> 1.0020095 | V14: =+(U14-1)*100 -> 0.20095094 | W14: =+P14+R14 -> 3019.3863 | X14: =+(W14/W13-1)*100 -> 0.01818687 | Y14: =+(1+X14/100)*Y13 -> 1.0020095 | Z14: =+(Y14-1)*100 -> 0.20095094 | AA14: 6.39 | AB14: =+((AA13/100+1)^(1/252))*AB13 -> 1.0027074 | AC14: =+(AB14/AB13-1)*100 -> 0.024582942 | AD14: =+(1+AC14/100)*AD13 -> 1.0027074 | AE14: =+(AD14-1)*100 -> 0.27074499 | AF14: 3075.9593 | AG14: 0.23 | AH14: =+((1+AG14/100)^(252/21)-1)*100 -> 2.7951831 | AI14: =+(AF14/AF13-1)*100 -> 0.010443069 | AJ14: =+(1+AI14/100)*AJ13 -> 1.0011602 | AK14: =+(AJ14-1)*100 -> 0.11602175 | AN14: Data | AO14: =INDEX($B$2:$AE$255,MATCH(AO13,J2:J255,0),MATCH("Data",$B$2:$AE$2,0)) -> 43600 | AP14: =INDEX($B$2:$AE$255,MATCH(AP13,N2:N255,0),MATCH("Data",$B$2:$AE$2,0)) -> 43600
A15: =+A14+1 -> 13 | B15: 43249 | C15: =VLOOKUP(B15,'Base NTN-B Princ 2019'!A:B,2,FALSE)*100 -> 2.47 | D15: 3005.6153 | E15: 0 | F15: =+(F14*(1+AC14/100))+E15 -> 0 | G15: =+D15+E15 -> 3005.6153 | H15: =+(G15/D14-1)*100 -> 0.10408937 | I15: =+(1+H15/100)*I14 -> 0.99743949 | J15: =+(I15-1)*100 -> -0.25605066 | K15: =+D15+F15 -> 3005.6153 | L15: =+(K15/K14-1)*100 -> 0.10408937 | M15: =+(1+L15/100)*M14 -> 0.99743949 | N15: =+(M15-1)*100 -> -0.25605066 | O15: 1.96 | P15: 3019.9323 | Q15: 0 | R15: =+(R14*(1+AQ14/100))+Q15 -> 0 | S15: =+P15+Q15 -> 3019.9323 | T15: =+(S15/P14-1)*100 -> 0.018084403 | U15: =+(1+T15/100)*U14 -> 1.0021907 | V15: =+(U15-1)*100 -> 0.21907169 | W15: =+P15+R15 -> 3019.9323 | X15: =+(W15/W14-1)*100 -> 0.018084403 | Y15: =+(1+X15/100)*Y14 -> 1.0021907 | Z15: =+(Y15-1)*100 -> 0.21907169 | AA15: 6.39 | AB15: =+((AA14/100+1)^(1/252))*AB14 -> 1.0029539 | AC15: =+(AB15/AB14-1)*100 -> 0.024582942 | AD15: =+(1+AC15/100)*AD14 -> 1.0029539 | AE15: =+(AD15-1)*100 -> 0.29539449 | AF15: 3076.2806 | AG15: 0.23 | AH15: =+((1+AG15/100)^(252/21)-1)*100 -> 2.7951831 | AI15: =+(AF15/AF14-1)*100 -> 0.010443083 | AJ15: =+(1+AI15/100)*AJ14 -> 1.0012648 | AK15: =+(AJ15-1)*100 -> 0.12647695 | AN15: Menor Ret. Acum | AO15: =MIN(J3:J255) -> -0.43803144 | AP15: =MIN(N3:N255) -> -0.43803144
A16: =+A15+1 -> 14 | B16: 43250 | C16: =VLOOKUP(B16,'Base NTN-B Princ 2019'!A:B,2,FALSE)*100 -> 2.4 | D16: 3008.172 | E16: 0 | F16: =+(F15*(1+AC15/100))+E16 -> 0 | G16: =+D16+E16 -> 3008.172 | H16: =+(G16/D15-1)*100 -> 0.085064844 | I16: =+(1+H16/100)*I15 -> 0.99828796 | J16: =+(I16-1)*100 -> -0.17120363 | K16: =+D16+F16 -> 3008.172 | L16: =+(K16/K15-1)*100 -> 0.085064844 | M16: =+(1+L16/100)*M15 -> 0.99828796 | N16: =+(M16-1)*100 -> -0.17120363 | O16: 1.96 | P16: 3020.4815 | Q16: 0 | R16: =+(R15*(1+AQ15/100))+Q16 -> 0 | S16: =+P16+Q16 -> 3020.4815 | T16: =+(S16/P15-1)*100 -> 0.018185739 | U16: =+(1+T16/100)*U15 -> 1.002373 | V16: =+(U16-1)*100 -> 0.23729727 | W16: =+P16+R16 -> 3020.4815 | X16: =+(W16/W15-1)*100 -> 0.018185739 | Y16: =+(1+X16/100)*Y15 -> 1.002373 | Z16: =+(Y16-1)*100 -> 0.23729727 | AA16: 6.39 | AB16: =+((AA15/100+1)^(1/252))*AB15 -> 1.0032005 | AC16: =+(AB16/AB15-1)*100 -> 0.024582942 | AD16: =+(1+AC16/100)*AD15 -> 1.0032005 | AE16: =+(AD16-1)*100 -> 0.32005005 | AF16: 3076.6018 | AG16: 0.23 | AH16: =+((1+AG16/100)^(252/21)-1)*100 -> 2.7951831 | AI16: =+(AF16/AF15-1)*100 -> 0.010443098 | AJ16: =+(1+AI16/100)*AJ15 -> 1.0013693 | AK16: =+(AJ16-1)*100 -> 0.13693325 | AN16: Data | AO16: =INDEX($B$2:$AE$255,MATCH(AO15,J2:J255,0),MATCH("Data",$B$2:$AE$2,0)) -> 43244 | AP16: =INDEX($B$2:$AE$255,MATCH(AP15,N2:N255,0),MATCH("Data",$B$2:$AE$2,0)) -> 43244
A17: =+A16+1 -> 15 | B17: 43252 | C17: =VLOOKUP(B17,'Base NTN-B Princ 2019'!A:B,2,FALSE)*100 -> 2.37 | D17: 3009.6 | E17: 0 | F17: =+(F16*(1+AC16/100))+E17 -> 0 | G17: =+D17+E17 -> 3009.6 | H17: =+(G17/D16-1)*100 -> 0.047470423 | I17: =+(1+H17/100)*I16 -> 0.99876186 | J17: =+(I17-1)*100 -> -0.12381448 | K17: =+D17+F17 -> 3009.6 | L17: =+(K17/K16-1)*100 -> 0.047470423 | M17: =+(1+L17/100)*M16 -> 0.99876186 | N17: =+(M17-1)*100 -> -0.12381448 | O17: 1.96 | P17: 3021.0277 | Q17: 0 | R17: =+(R16*(1+AQ16/100))+Q17 -> 0 | S17: =+P17+Q17 -> 3021.0277 | T17: =+(S17/P16-1)*100 -> 0.018083209 | U17: =+(1+T17/100)*U16 -> 1.0025542 | V17: =+(U17-1)*100 -> 0.25542339 | W17: =+P17+R17 -> 3021.0277 | X17: =+(W17/W16-1)*100 -> 0.018083209 | Y17: =+(1+X17/100)*Y16 -> 1.0025542 | Z17: =+(Y17-1)*100 -> 0.25542339 | AA17: 6.39 | AB17: =+((AA16/100+1)^(1/252))*AB16 -> 1.0034471 | AC17: =+(AB17/AB16-1)*100 -> 0.024582942 | AD17: =+(1+AC17/100)*AD16 -> 1.0034471 | AE17: =+(AD17-1)*100 -> 0.34471167 | AF17: 3076.9231 | AG17: 0.23 | AH17: =+((1+AG17/100)^(252/21)-1)*100 -> 2.7951831 | AI17: =+(AF17/AF16-1)*100 -> 0.01044308 | AJ17: =+(1+AI17/100)*AJ16 -> 1.0014739 | AK17: =+(AJ17-1)*100 -> 0.14739063 | AN17: Vol. Per. Anualizada | AO17: =_xlfn.STDEV.S(H4:H255)*SQRT(252) -> 0.82273997 | AP17: =_xlfn.STDEV.S(L4:L255)*SQRT(252) -> 0.82273997
A18: =+A17+1 -> 16 | B18: 43255 | C18: =VLOOKUP(B18,'Base NTN-B Princ 2019'!A:B,2,FALSE)*100 -> 2.28 | D18: 3012.6869 | E18: 0 | F18: =+(F17*(1+AC17/100))+E18 -> 0 | G18: =+D18+E18 -> 3012.6869 | H18: =+(G18/D17-1)*100 -> 0.10256818 | I18: =+(1+H18/100)*I17 -> 0.99978627 | J18: =+(I18-1)*100 -> -0.021373291 | K18: =+D18+F18 -> 3012.6869 | L18: =+(K18/K17-1)*100 -> 0.10256818 | M18: =+(1+L18/100)*M17 -> 0.99978627 | N18: =+(M18-1)*100 -> -0.021373291 | O18: 1.96 | P18: 3021.5771 | Q18: 0 | R18: =+(R17*(1+AQ17/100))+Q18 -> 0 | S18: =+P18+Q18 -> 3021.5771 | T18: =+(S18/P17-1)*100 -> 0.01818454 | U18: =+(1+T18/100)*U17 -> 1.0027365 | V18: =+(U18-1)*100 -> 0.27365437 | W18: =+P18+R18 -> 3021.5771 | X18: =+(W18/W17-1)*100 -> 0.01818454 | Y18: =+(1+X18/100)*Y17 -> 1.0027365 | Z18: =+(Y18-1)*100 -> 0.27365437 | AA18: 6.39 | AB18: =+((AA17/100+1)^(1/252))*AB17 -> 1.0036938 | AC18: =+(AB18/AB17-1)*100 -> 0.024582942 | AD18: =+(1+AC18/100)*AD17 -> 1.0036938 | AE18: =+(AD18-1)*100 -> 0.36937935 | AF18: 3077.2444 | AG18: 0.23 | AH18: =+((1+AG18/100)^(252/21)-1)*100 -> 2.7951831 | AI18: =+(AF18/AF17-1)*100 -> 0.010443095 | AJ18: =+(1+AI18/100)*AJ17 -> 1.0015785 | AK18: =+(AJ18-1)*100 -> 0.15784912 | AR18: IPCA + 1,96% a.a.
A19: =+A18+1 -> 17 | B19: 43256 | C19: =VLOOKUP(B19,'Base NTN-B Princ 2019'!A:B,2,FALSE)*100 -> 2.32 | D19: 3012.1675 | E19: 0 | F19: =+(F18*(1+AC18/100))+E19 -> 0 | G19: =+D19+E19 -> 3012.1675 | H19: =+(G19/D18-1)*100 -> -0.017240524 | I19: =+(1+H19/100)*I18 -> 0.9996139 | J19: =+(I19-1)*100 -> -0.03861013 | K19: =+D19+F19 -> 3012.1675 | L19: =+(K19/K18-1)*100 -> -0.017240524 | M19: =+(1+L19/100)*M18 -> 0.9996139 | N19: =+(M19-1)*100 -> -0.03861013 | O19: 1.96 | P19: 3022.1265 | Q19: 0 | R19: =+(R18*(1+AQ18/100))+Q19 -> 0 | S19: =+P19+Q19 -> 3022.1265 | T19: =+(S19/P18-1)*100 -> 0.018183882 | U19: =+(1+T19/100)*U18 -> 1.0029189 | V19: =+(U19-1)*100 -> 0.29188802 | W19: =+P19+R19 -> 3022.1265 | X19: =+(W19/W18-1)*100 -> 0.018183882 | Y19: =+(1+X19/100)*Y18 -> 1.0029189 | Z19: =+(Y19-1)*100 -> 0.29188802 | AA19: 6.39 | AB19: =+((AA18/100+1)^(1/252))*AB18 -> 1.0039405 | AC19: =+(AB19/AB18-1)*100 -> 0.024582942 | AD19: =+(1+AC19/100)*AD18 -> 1.0039405 | AE19: =+(AD19-1)*100 -> 0.3940531 | AF19: 3077.5658 | AG19: 0.23 | AH19: =+((1+AG19/100)^(252/21)-1)*100 -> 2.7951831 | AI19: =+(AF19/AF18-1)*100 -> 0.010443077 | AJ19: =+(1+AI19/100)*AJ18 -> 1.0016831 | AK19: =+(AJ19-1)*100 -> 0.16830868 | AN19: Taxa Entrada | AO19: =+VLOOKUP(AO4,B2:AE255,2,FALSE) -> 1.96 | AR19: =+(((1+AO19/100)*(1+AO8/100))-1)*100 -> 7.0208515
A20: =+A19+1 -> 18 | B20: 43257 | C20: =VLOOKUP(B20,'Base NTN-B Princ 2019'!A:B,2,FALSE)*100 -> 2.5 | D20: 3007.8222 | E20: 0 | F20: =+(F19*(1+AC19/100))+E20 -> 0 | G20: =+D20+E20 -> 3007.8222 | H20: =+(G20/D19-1)*100 -> -0.14426017 | I20: =+(1+H20/100)*I19 -> 0.99817185 | J20: =+(I20-1)*100 -> -0.1828146 | K20: =+D20+F20 -> 3007.8222 | L20: =+(K20/K19-1)*100 -> -0.14426017 | M20: =+(1+L20/100)*M19 -> 0.99817185 | N20: =+(M20-1)*100 -> -0.1828146 | O20: 1.96 | P20: 3022.673 | Q20: 0 | R20: =+(R19*(1+AQ19/100))+Q20 -> 0 | S20: =+P20+Q20 -> 3022.673 | T20: =+(S20/P19-1)*100 -> 0.018081473 | U20: =+(1+T20/100)*U19 -> 1.0031002 | V20: =+(U20-1)*100 -> 0.31002227 | W20: =+P20+R20 -> 3022.673 | X20: =+(W20/W19-1)*100 -> 0.018081473 | Y20: =+(1+X20/100)*Y19 -> 1.0031002 | Z20: =+(Y20-1)*100 -> 0.31002227 | AA20: 6.39 | AB20: =+((AA19/100+1)^(1/252))*AB19 -> 1.0041873 | AC20: =+(AB20/AB19-1)*100 -> 0.024582942 | AD20: =+(1+AC20/100)*AD19 -> 1.0041873 | AE20: =+(AD20-1)*100 -> 0.41873291 | AF20: 3077.8872 | AG20: 0.23 | AH20: =+((1+AG20/100)^(252/21)-1)*100 -> 2.7951831 | AI20: =+(AF20/AF19-1)*100 -> 0.010443091 | AJ20: =+(1+AI20/100)*AJ19 -> 1.0017877 | AK20: =+(AJ20-1)*100 -> 0.17876935 | AN20: Taxa de Saída | AO20: =+VLOOKUP(AO5,B2:AE255,2,FALSE) -> -0.94
A21: =+A20+1 -> 19 | B21: 43258 | C21: =VLOOKUP(B21,'Base NTN-B Princ 2019'!A:B,2,FALSE)*100 -> 2.67 | D21: 3003.8052 | E21: 0 | F21: =+(F20*(1+AC20/100))+E21 -> 0 | G21: =+D21+E21 -> 3003.8052 | H21: =+(G21/D20-1)*100 -> -0.13354942 | I21: =+(1+H21/100)*I20 -> 0.9968388 | J21: =+(I21-1)*100 -> -0.31611987 | K21: =+D21+F21 -> 3003.8052 | L21: =+(K21/K20-1)*100 -> -0.13354942 | M21: =+(1+L21/100)*M20 -> 0.9968388 | N21: =+(M21-1)*100 -> -0.31611987 | O21: 1.96 | P21: 3023.2226 | Q21: 0 | R21: =+(R20*(1+AQ20/100))+Q21 -> 0 | S21: =+P21+Q21 -> 3023.2226 | T21: =+(S21/P20-1)*100 -> 0.018182748 | U21: =+(1+T21/100)*U20 -> 1.0032826 | V21: =+(U21-1)*100 -> 0.32826138 | W21: =+P21+R21 -> 3023.2226 | X21: =+(W21/W20-1)*100 -> 0.018182748 | Y21: =+(1+X21/100)*Y20 -> 1.0032826 | Z21: =+(Y21-1)*100 -> 0.32826138 | AA21: 6.39 | AB21: =+((AA20/100+1)^(1/252))*AB20 -> 1.0044342 | AC21: =+(AB21/AB20-1)*100 -> 0.024582942 | AD21: =+(1+AC21/100)*AD20 -> 1.0044342 | AE21: =+(AD21-1)*100 -> 0.44341879 | AF21: 3078.2086 | AG21: 0.23 | AH21: =+((1+AG21/100)^(252/21)-1)*100 -> 2.7951831 | AI21: =+(AF21/AF20-1)*100 -> 0.010443105 | AJ21: =+(1+AI21/100)*AJ20 -> 1.0018923 | AK21: =+(AJ21-1)*100 -> 0.18923112 | AN21: Diferença | AO21: =+AO20-AO19 -> -2.9
A22: =+A21+1 -> 20 | B22: 43259 | C22: =VLOOKUP(B22,'Base NTN-B Princ 2019'!A:B,2,FALSE)*100 -> 2.8 | D22: 3004.8539 | E22: 0 | F22: =+(F21*(1+AC21/100))+E22 -> 0 | G22: =+D22+E22 -> 3004.8539 | H22: =+(G22/D21-1)*100 -> 0.034910452 | I22: =+(1+H22/100)*I21 -> 0.9971868 | J22: =+(I22-1)*100 -> -0.28131978 | K22: =+D22+F22 -> 3004.8539 | L22: =+(K22/K21-1)*100 -> 0.034910452 | M22: =+(1+L22/100)*M21 -> 0.9971868 | N22: =+(M22-1)*100 -> -0.28131978 | O22: 1.96 | P22: 3027.7358 | Q22: 0 | R22: =+(R21*(1+AQ21/100))+Q22 -> 0 | S22: =+P22+Q22 -> 3027.7358 | T22: =+(S22/P21-1)*100 -> 0.14928391 | U22: =+(1+T22/100)*U21 -> 1.0047804 | V22: =+(U22-1)*100 -> 0.47803534 | W22: =+P22+R22 -> 3027.7358 | X22: =+(W22/W21-1)*100 -> 0.14928391 | Y22: =+(1+X22/100)*Y21 -> 1.0047804 | Z22: =+(Y22-1)*100 -> 0.47803534 | AA22: 6.39 | AB22: =+((AA21/100+1)^(1/252))*AB21 -> 1.0046811 | AC22: =+(AB22/AB21-1)*100 -> 0.024582942 | AD22: =+(1+AC22/100)*AD21 -> 1.0046811 | AE22: =+(AD22-1)*100 -> 0.46811073 | AF22: 3082.5654 | AG22: 0.4 | AH22: =+((1+AG22/100)^(252/21)-1)*100 -> 4.9070208 | AI22: =+(AF22/AF21-1)*100 -> 0.14153472 | AJ22: =+(1+AI22/100)*AJ21 -> 1.0033103 | AK22: =+(AJ22-1)*100 -> 0.33103367 | AN22: Máxima | AO22: =MAX(C3:C255) -> 3.61
A23: =+A22+1 -> 21 | B23: 43262 | C23: =VLOOKUP(B23,'Base NTN-B Princ 2019'!A:B,2,FALSE)*100 -> 2.82 | D23: 3005.1896 | E23: 0 | F23: =+(F22*(1+AC22/100))+E23 -> 0 | G23: =+D23+E23 -> 3005.1896 | H23: =+(G23/D22-1)*100 -> 0.011172457 | I23: =+(1+H23/100)*I22 -> 0.99729821 | J23: =+(I23-1)*100 -> -0.27017875 | K23: =+D23+F23 -> 3005.1896 | L23: =+(K23/K22-1)*100 -> 0.011172457 | M23: =+(1+L23/100)*M22 -> 0.99729821 | N23: =+(M23-1)*100 -> -0.27017875 | O23: 1.96 | P23: 3028.5165 | Q23: 0 | R23: =+(R22*(1+AQ22/100))+Q23 -> 0 | S23: =+P23+Q23 -> 3028.5165 | T23: =+(S23/P22-1)*100 -> 0.025786795 | U23: =+(1+T23/100)*U22 -> 1.0050395 | V23: =+(U23-1)*100 -> 0.5039454 | W23: =+P23+R23 -> 3028.5165 | X23: =+(W23/W22-1)*100 -> 0.025786795 | Y23: =+(1+X23/100)*Y22 -> 1.0050395 | Z23: =+(Y23-1)*100 -> 0.5039454 | AA23: 6.39 | AB23: =+((AA22/100+1)^(1/252))*AB22 -> 1.0049281 | AC23: =+(AB23/AB22-1)*100 -> 0.024582942 | AD23: =+(1+AC23/100)*AD22 -> 1.0049281 | AE23: =+(AD23-1)*100 -> 0.49280875 | AF23: 3083.1248 | AG23: 0.4 | AH23: =+((1+AG23/100)^(252/21)-1)*100 -> 4.9070208 | AI23: =+(AF23/AF22-1)*100 -> 0.018149591 | AJ23: =+(1+AI23/100)*AJ22 -> 1.0034924 | AK23: =+(AJ23-1)*100 -> 0.34924334 | AN23: Data | AO23: =INDEX($B$2:$AE$255,MATCH(AO22,C2:C255,0),MATCH("Data",$B$2:$AE$2,0)) -> 43433
A24: =+A23+1 -> 22 | B24: 43263 | C24: =VLOOKUP(B24,'Base NTN-B Princ 2019'!A:B,2,FALSE)*100 -> 2.84 | D24: 3005.5315 | E24: 0 | F24: =+(F23*(1+AC23/100))+E24 -> 0 | G24: =+D24+E24 -> 3005.5315 | H24: =+(G24/D23-1)*100 -> 0.011377219 | I24: =+(1+H24/100)*I23 -> 0.99741168 | J24: =+(I24-1)*100 -> -0.25883227 | K24: =+D24+F24 -> 3005.5315 | L24: =+(K24/K23-1)*100 -> 0.011377219 | M24: =+(1+L24/100)*M23 -> 0.99741168 | N24: =+(M24-1)*100 -> -0.25883227 | O24: 1.96 | P24: 3029.3005 | Q24: 0 | R24: =+(R23*(1+AQ23/100))+Q24 -> 0 | S24: =+P24+Q24 -> 3029.3005 | T24: =+(S24/P23-1)*100 -> 0.025888021 | U24: =+(1+T24/100)*U23 -> 1.0052996 | V24: =+(U24-1)*100 -> 0.52996389 | W24: =+P24+R24 -> 3029.3005 | X24: =+(W24/W23-1)*100 -> 0.025888021 | Y24: =+(1+X24/100)*Y23 -> 1.0052996 | Z24: =+(Y24-1)*100 -> 0.52996389 | AA24: 6.39 | AB24: =+((AA23/100+1)^(1/252))*AB23 -> 1.0051751 | AC24: =+(AB24/AB23-1)*100 -> 0.024582942 | AD24: =+(1+AC24/100)*AD23 -> 1.0051751 | AE24: =+(AD24-1)*100 -> 0.51751284 | AF24: 3083.6844 | AG24: 0.4 | AH24: =+((1+AG24/100)^(252/21)-1)*100 -> 4.9070208 | AI24: =+(AF24/AF23-1)*100 -> 0.018149606 | AJ24: =+(1+AI24/100)*AJ23 -> 1.0036746 | AK24: =+(AJ24-1)*100 -> 0.36745634 | AN24: Mínima | AO24: =MIN(C3:C255) -> -1.58
A25: =+A24+1 -> 23 | B25: 43264 | C25: =VLOOKUP(B25,'Base NTN-B Princ 2019'!A:B,2,FALSE)*100 -> 2.75 | D25: 3008.8127 | E25: 0 | F25: =+(F24*(1+AC24/100))+E25 -> 0 | G25: =+D25+E25 -> 3008.8127 | H25: =+(G25/D24-1)*100 -> 0.1091726 | I25: =+(1+H25/100)*I24 -> 0.99850058 | J25: =+(I25-1)*100 -> -0.14994224 | K25: =+D25+F25 -> 3008.8127 | L25: =+(K25/K24-1)*100 -> 0.1091726 | M25: =+(1+L25/100)*M24 -> 0.99850058 | N25: =+(M25-1)*100 -> -0.14994224 | O25: 1.96 | P25: 3030.0848 | Q25: 0 | R25: =+(R24*(1+AQ24/100))+Q25 -> 0 | S25: =+P25+Q25 -> 3030.0848 | T25: =+(S25/P24-1)*100 -> 0.025887461 | U25: =+(1+T25/100)*U24 -> 1.0055599 | V25: =+(U25-1)*100 -> 0.55598854 | W25: =+P25+R25 -> 3030.0848 | X25: =+(W25/W24-1)*100 -> 0.025887461 | Y25: =+(1+X25/100)*Y24 -> 1.0055599 | Z25: =+(Y25-1)*100 -> 0.55598854 | AA25: 6.39 | AB25: =+((AA24/100+1)^(1/252))*AB24 -> 1.0054222 | AC25: =+(AB25/AB24-1)*100 -> 0.024582942 | AD25: =+(1+AC25/100)*AD24 -> 1.0054222 | AE25: =+(AD25-1)*100 -> 0.542223 | AF25: 3084.2441 | AG25: 0.4 | AH25: =+((1+AG25/100)^(252/21)-1)*100 -> 4.9070208 | AI25: =+(AF25/AF24-1)*100 -> 0.01814962 | AJ25: =+(1+AI25/100)*AJ24 -> 1.0038567 | AK25: =+(AJ25-1)*100 -> 0.38567265 | AN25: Data | AO25: =INDEX(B2:AE255,MATCH(AO24,C2:C255,0),MATCH("Data",B2:AE2,0)) -> 43595
A26: =+A25+1 -> 24 | B26: 43265 | C26: =VLOOKUP(B26,'Base NTN-B Princ 2019'!A:B,2,FALSE)*100 -> 2.74 | D26: 3009.9511 | E26: 0 | F26: =+(F25*(1+AC25/100))+E26 -> 0 | G26: =+D26+E26 -> 3009.9511 | H26: =+(G26/D25-1)*100 -> 0.037834525 | I26: =+(1+H26/100)*I25 -> 0.99887836 | J26: =+(I26-1)*100 -> -0.11216445 | K26: =+D26+F26 -> 3009.9511 | L26: =+(K26/K25-1)*100 -> 0.037834525 | M26: =+(1+L26/100)*M25 -> 0.99887836 | N26: =+(M26-1)*100 -> -0.11216445 | O26: 1.96 | P26: 3030.8661 | Q26: 0 | R26: =+(R25*(1+AQ25/100))+Q26 -> 0 | S26: =+P26+Q26 -> 3030.8661 | T26: =+(S26/P25-1)*100 -> 0.025785054 | U26: =+(1+T26/100)*U25 -> 1.0058192 | V26: =+(U26-1)*100 -> 0.58191696 | W26: =+P26+R26 -> 3030.8661 | X26: =+(W26/W25-1)*100 -> 0.025785054 | Y26: =+(1+X26/100)*Y25 -> 1.0058192 | Z26: =+(Y26-1)*100 -> 0.58191696 | AA26: 6.39 | AB26: =+((AA25/100+1)^(1/252))*AB25 -> 1.0056694 | AC26: =+(AB26/AB25-1)*100 -> 0.024582942 | AD26: =+(1+AC26/100)*AD25 -> 1.0056694 | AE26: =+(AD26-1)*100 -> 0.56693924 | AF26: 3084.8039 | AG26: 0.4 | AH26: =+((1+AG26/100)^(252/21)-1)*100 -> 4.9070208 | AI26: =+(AF26/AF25-1)*100 -> 0.018149601 | AJ26: =+(1+AI26/100)*AJ25 -> 1.0040389 | AK26: =+(AJ26-1)*100 -> 0.40389225 | AN26: Ampliude | AO26: =+AO22-AO24 -> 5.19
A27: =+A26+1 -> 25 | B27: 43266 | C27: =VLOOKUP(B27,'Base NTN-B Princ 2019'!A:B,2,FALSE)*100 -> 3.03 | D27: 3003.1511 | E27: 0 | F27: =+(F26*(1+AC26/100))+E27 -> 0 | G27: =+D27+E27 -> 3003.1511 | H27: =+(G27/D26-1)*100 -> -0.22591586 | I27: =+(1+H27/100)*I26 -> 0.99662173 | J27: =+(I27-1)*100 -> -0.33782691 | K27: =+D27+F27 -> 3003.1511 | L27: =+(K27/K26-1)*100 -> -0.22591586 | M27: =+(1+L27/100)*M26 -> 0.99662173 | N27: =+(M27-1)*100 -> -0.33782691 | O27: 1.96 | P27: 3031.6506 | Q27: 0 | R27: =+(R26*(1+AQ26/100))+Q27 -> 0 | S27: =+P27+Q27 -> 3031.6506 | T27: =+(S27/P26-1)*100 -> 0.025886264 | U27: =+(1+T27/100)*U26 -> 1.0060795 | V27: =+(U27-1)*100 -> 0.60795386 | W27: =+P27+R27 -> 3031.6506 | X27: =+(W27/W26-1)*100 -> 0.025886264 | Y27: =+(1+X27/100)*Y26 -> 1.0060795 | Z27: =+(Y27-1)*100 -> 0.60795386 | AA27: 6.39 | AB27: =+((AA26/100+1)^(1/252))*AB26 -> 1.0059166 | AC27: =+(AB27/AB26-1)*100 -> 0.024582942 | AD27: =+(1+AC27/100)*AD26 -> 1.0059166 | AE27: =+(AD27-1)*100 -> 0.59166155 | AF27: 3085.3637 | AG27: 0.4 | AH27: =+((1+AG27/100)^(252/21)-1)*100 -> 4.9070208 | AI27: =+(AF27/AF26-1)*100 -> 0.018149614 | AJ27: =+(1+AI27/100)*AJ26 -> 1.0042212 | AK27: =+(AJ27-1)*100 -> 0.42211517 | AN27: Média | AO27: =AVERAGE(C3:C255) -> 2.1022925
A28: =+A27+1 -> 26 | B28: 43269 | C28: =VLOOKUP(B28,'Base NTN-B Princ 2019'!A:B,2,FALSE)*100 -> 2.82 | D28: 3010.2875 | E28: 0 | F28: =+(F27*(1+AC27/100))+E28 -> 0 | G28: =+D28+E28 -> 3010.2875 | H28: =+(G28/D27-1)*100 -> 0.23762963 | I28: =+(1+H28/100)*I27 -> 0.99899 | J28: =+(I28-1)*100 -> -0.10100006 | K28: =+D28+F28 -> 3010.2875 | L28: =+(K28/K27-1)*100 -> 0.23762963 | M28: =+(1+L28/100)*M27 -> 0.99899 | N28: =+(M28-1)*100 -> -0.10100006 | O28: 1.96 | P28: 3033.1503 | Q28: 0 | R28: =+(R27*(1+AQ27/100))+Q28 -> 0 | S28: =+P28+Q28 -> 3033.1503 | T28: =+(S28/P27-1)*100 -> 0.049468035 | U28: =+(1+T28/100)*U27 -> 1.0065772 | V28: =+(U28-1)*100 -> 0.65772264 | W28: =+P28+R28 -> 3033.1503 | X28: =+(W28/W27-1)*100 -> 0.049468035 | Y28: =+(1+X28/100)*Y27 -> 1.0065772 | Z28: =+(Y28-1)*100 -> 0.65772264 | AA28: 6.39 | AB28: =+((AA27/100+1)^(1/252))*AB27 -> 1.0061639 | AC28: =+(AB28/AB27-1)*100 -> 0.024582942 | AD28: =+(1+AC28/100)*AD27 -> 1.0061639 | AE28: =+(AD28-1)*100 -> 0.61638994 | AF28: 3086.6513 | AG28: 0.88 | AH28: =+((1+AG28/100)^(252/21)-1)*100 -> 11.086397 | AI28: =+(AF28/AF27-1)*100 -> 0.041730153 | AJ28: =+(1+AI28/100)*AJ27 -> 1.0046402 | AK28: =+(AJ28-1)*100 -> 0.46402147
A29: =+A28+1 -> 27 | B29: 43270 | C29: =VLOOKUP(B29,'Base NTN-B Princ 2019'!A:B,2,FALSE)*100 -> 2.76 | D29: 3013.4521 | E29: 0 | F29: =+(F28*(1+AC28/100))+E29 -> 0 | G29: =+D29+E29 -> 3013.4521 | H29: =+(G29/D28-1)*100 -> 0.10512431 | I29: =+(1+H29/100)*I28 -> 1.0000402 | J29: =+(I29-1)*100 -> 0.0040180784 | K29: =+D29+F29 -> 3013.4521 | L29: =+(K29/K28-1)*100 -> 0.10512431 | M29: =+(1+L29/100)*M28 -> 1.0000402 | N29: =+(M29-1)*100 -> 0.0040180784 | O29: 1.96 | P29: 3034.6477 | Q29: 0 | R29: =+(R28*(1+AQ28/100))+Q29 -> 0 | S29: =+P29+Q29 -> 3034.6477 | T29: =+(S29/P28-1)*100 -> 0.049365637 | U29: =+(1+T29/100)*U28 -> 1.0070741 | V29: =+(U29-1)*100 -> 0.70741296 | W29: =+P29+R29 -> 3034.6477 | X29: =+(W29/W28-1)*100 -> 0.049365637 | Y29: =+(1+X29/100)*Y28 -> 1.0070741 | Z29: =+(Y29-1)*100 -> 0.70741296 | AA29: 6.39 | AB29: =+((AA28/100+1)^(1/252))*AB28 -> 1.0064112 | AC29: =+(AB29/AB28-1)*100 -> 0.024582942 | AD29: =+(1+AC29/100)*AD28 -> 1.0064112 | AE29: =+(AD29-1)*100 -> 0.64112441 | AF29: 3087.9393 | AG29: 0.88 | AH29: =+((1+AG29/100)^(252/21)-1)*100 -> 11.086397 | AI29: =+(AF29/AF28-1)*100 -> 0.041730143 | AJ29: =+(1+AI29/100)*AJ28 -> 1.0050595 | AK29: =+(AJ29-1)*100 -> 0.50594525
A30: =+A29+1 -> 28 | B30: 43271 | C30: =VLOOKUP(B30,'Base NTN-B Princ 2019'!A:B,2,FALSE)*100 -> 2.57 | D30: 3020.023 | E30: 0 | F30: =+(F29*(1+AC29/100))+E30 -> 0 | G30: =+D30+E30 -> 3020.023 | H30: =+(G30/D29-1)*100 -> 0.21805524 | I30: =+(1+H30/100)*I29 -> 1.0022208 | J30: =+(I30-1)*100 -> 0.22208208 | K30: =+D30+F30 -> 3020.023 | L30: =+(K30/K29-1)*100 -> 0.21805524 | M30: =+(1+L30/100)*M29 -> 1.0022208 | N30: =+(M30-1)*100 -> 0.22208208 | O30: 1.96 | P30: 3036.1488 | Q30: 0 | R30: =+(R29*(1+AQ29/100))+Q30 -> 0 | S30: =+P30+Q30 -> 3036.1488 | T30: =+(S30/P29-1)*100 -> 0.04946683 | U30: =+(1+T30/100)*U29 -> 1.0075723 | V30: =+(U30-1)*100 -> 0.75722973 | W30: =+P30+R30 -> 3036.1488 | X30: =+(W30/W29-1)*100 -> 0.04946683 | Y30: =+(1+X30/100)*Y29 -> 1.0075723 | Z30: =+(Y30-1)*100 -> 0.75722973 | AA30: 6.39 | AB30: =+((AA29/100+1)^(1/252))*AB29 -> 1.0066586 | AC30: =+(AB30/AB29-1)*100 -> 0.024582942 | AD30: =+(1+AC30/100)*AD29 -> 1.0066586 | AE30: =+(AD30-1)*100 -> 0.66586496 | AF30: 3089.2279 | AG30: 0.88 | AH30: =+((1+AG30/100)^(252/21)-1)*100 -> 11.086397 | AI30: =+(AF30/AF29-1)*100 -> 0.041730159 | AJ30: =+(1+AI30/100)*AJ29 -> 1.0054789 | AK30: =+(AJ30-1)*100 -> 0.54788654
A31: =+A30+1 -> 29 | B31: 43272 | C31: =VLOOKUP(B31,'Base NTN-B Princ 2019'!A:B,2,FALSE)*100 -> 2.61 | D31: 3020.5385 | E31: 0 | F31: =+(F30*(1+AC30/100))+E31 -> 0 | G31: =+D31+E31 -> 3020.5385 | H31: =+(G31/D30-1)*100 -> 0.017067618 | I31: =+(1+H31/100)*I30 -> 1.0023919 | J31: =+(I31-1)*100 -> 0.2391876 | K31: =+D31+F31 -> 3020.5385 | L31: =+(K31/K30-1)*100 -> 0.017067618 | M31: =+(1+L31/100)*M30 -> 1.0023919 | N31: =+(M31-1)*100 -> 0.2391876 | O31: 1.96 | P31: 3037.6507 | Q31: 0 | R31: =+(R30*(1+AQ30/100))+Q31 -> 0 | S31: =+P31+Q31 -> 3037.6507 | T31: =+(S31/P30-1)*100 -> 0.049466251 | U31: =+(1+T31/100)*U30 -> 1.0080707 | V31: =+(U31-1)*100 -> 0.80707055 | W31: =+P31+R31 -> 3037.6507 | X31: =+(W31/W30-1)*100 -> 0.049466251 | Y31: =+(1+X31/100)*Y30 -> 1.0080707 | Z31: =+(Y31-1)*100 -> 0.80707055 | AA31: 6.39 | AB31: =+((AA30/100+1)^(1/252))*AB30 -> 1.0069061 | AC31: =+(AB31/AB30-1)*100 -> 0.024582942 | AD31: =+(1+AC31/100)*AD30 -> 1.0069061 | AE31: =+(AD31-1)*100 -> 0.69061159 | AF31: 3090.5171 | AG31: 0.88 | AH31: =+((1+AG31/100)^(252/21)-1)*100 -> 11.086397 | AI31: =+(AF31/AF30-1)*100 -> 0.041730168 | AJ31: =+(1+AI31/100)*AJ30 -> 1.0058985 | AK31: =+(AJ31-1)*100 -> 0.58984534
A32: =+A31+1 -> 30 | B32: 43273 | C32: =VLOOKUP(B32,'Base NTN-B Princ 2019'!A:B,2,FALSE)*100 -> 2.53 | D32: 3026.7612 | E32: 0 | F32: =+(F31*(1+AC31/100))+E32 -> 0 | G32: =+D32+E32 -> 3026.7612 | H32: =+(G32/D31-1)*100 -> 0.20601277 | I32: =+(1+H32/100)*I31 -> 1.0044569 | J32: =+(I32-1)*100 -> 0.44569312 | K32: =+D32+F32 -> 3026.7612 | L32: =+(K32/K31-1)*100 -> 0.20601277 | M32: =+(1+L32/100)*M31 -> 1.0044569 | N32: =+(M32-1)*100 -> 0.44569312 | O32: 1.96 | P32: 3041.732 | Q32: 0 | R32: =+(R31*(1+AQ31/100))+Q32 -> 0 | S32: =+P32+Q32 -> 3041.732 | T32: =+(S32/P31-1)*100 -> 0.13435893 | U32: =+(1+T32/100)*U31 -> 1.0094251 | V32: =+(U32-1)*100 -> 0.94251386 | W32: =+P32+R32 -> 3041.732 | X32: =+(W32/W31-1)*100 -> 0.13435893 | Y32: =+(1+X32/100)*Y31 -> 1.0094251 | Z32: =+(Y32-1)*100 -> 0.94251386 | AA32: 6.39 | AB32: =+((AA31/100+1)^(1/252))*AB31 -> 1.0071536 | AC32: =+(AB32/AB31-1)*100 -> 0.024582942 | AD32: =+(1+AC32/100)*AD31 -> 1.0071536 | AE32: =+(AD32-1)*100 -> 0.71536431 | AF32: 3094.4302 | AG32: 1.24 | AH32: =+((1+AG32/100)^(252/21)-1)*100 -> 15.937956 | AI32: =+(AF32/AF31-1)*100 -> 0.12661687 | AJ32: =+(1+AI32/100)*AJ31 -> 1.0071721 | AK32: =+(AJ32-1)*100 -> 0.71720906
A33: =+A32+1 -> 31 | B33: 43276 | C33: =VLOOKUP(B33,'Base NTN-B Princ 2019'!A:B,2,FALSE)*100 -> 2.6 | D33: 3027.0177 | E33: 0 | F33: =+(F32*(1+AC32/100))+E33 -> 0 | G33: =+D33+E33 -> 3027.0177 | H33: =+(G33/D32-1)*100 -> 0.0084745701 | I33: =+(1+H33/100)*I32 -> 1.0045421 | J33: =+(I33-1)*100 -> 0.45420547 | K33: =+D33+F33 -> 3027.0177 | L33: =+(K33/K32-1)*100 -> 0.0084745701 | M33: =+(1+L33/100)*M32 -> 1.0045421 | N33: =+(M33-1)*100 -> 0.45420547 | O33: 1.96 | P33: 3043.7498 | Q33: 0 | R33: =+(R32*(1+AQ32/100))+Q33 -> 0 | S33: =+P33+Q33 -> 3043.7498 | T33: =+(S33/P32-1)*100 -> 0.066336185 | U33: =+(1+T33/100)*U32 -> 1.0100948 | V33: =+(U33-1)*100 -> 1.0094753 | W33: =+P33+R33 -> 3043.7498 | X33: =+(W33/W32-1)*100 -> 0.066336185 | Y33: =+(1+X33/100)*Y32 -> 1.0100948 | Z33: =+(Y33-1)*100 -> 1.0094753 | AA33: 6.39 | AB33: =+((AA32/100+1)^(1/252))*AB32 -> 1.0074012 | AC33: =+(AB33/AB32-1)*100 -> 0.024582942 | AD33: =+(1+AC33/100)*AD32 -> 1.0074012 | AE33: =+(AD33-1)*100 -> 0.74012311 | AF33: 3096.2467 | AG33: 1.24 | AH33: =+((1+AG33/100)^(252/21)-1)*100 -> 15.937956 | AI33: =+(AF33/AF32-1)*100 -> 0.058701761 | AJ33: =+(1+AI33/100)*AJ32 -> 1.0077633 | AK33: =+(AJ33-1)*100 -> 0.77633183
A34: =+A33+1 -> 32 | B34: 43277 | C34: =VLOOKUP(B34,'Base NTN-B Princ 2019'!A:B,2,FALSE)*100 -> 2.6 | D34: 3029.1044 | E34: 0 | F34: =+(F33*(1+AC33/100))+E34 -> 0 | G34: =+D34+E34 -> 3029.1044 | H34: =+(G34/D33-1)*100 -> 0.068936465 | I34: =+(1+H34/100)*I33 -> 1.0052346 | J34: =+(I34-1)*100 -> 0.52345504 | K34: =+D34+F34 -> 3029.1044 | L34: =+(K34/K33-1)*100 -> 0.068936465 | M34: =+(1+L34/100)*M33 -> 1.0052346 | N34: =+(M34-1)*100 -> 0.52345504 | O34: 1.96 | P34: 3045.772 | Q34: 0 | R34: =+(R33*(1+AQ33/100))+Q34 -> 0 | S34: =+P34+Q34 -> 3045.772 | T34: =+(S34/P33-1)*100 -> 0.066437359 | U34: =+(1+T34/100)*U33 -> 1.0107658 | V34: =+(U34-1)*100 -> 1.0765833 | W34: =+P34+R34 -> 3045.772 | X34: =+(W34/W33-1)*100 -> 0.066437359 | Y34: =+(1+X34/100)*Y33 -> 1.0107658 | Z34: =+(Y34-1)*100 -> 1.0765833 | AA34: 6.39 | AB34: =+((AA33/100+1)^(1/252))*AB33 -> 1.0076489 | AC34: =+(AB34/AB33-1)*100 -> 0.024582942 | AD34: =+(1+AC34/100)*AD33 -> 1.0076489 | AE34: =+(AD34-1)*100 -> 0.764888 | AF34: 3098.0642 | AG34: 1.24 | AH34: =+((1+AG34/100)^(252/21)-1)*100 -> 15.937956 | AI34: =+(AF34/AF33-1)*100 -> 0.058701751 | AJ34: =+(1+AI34/100)*AJ33 -> 1.0083549 | AK34: =+(AJ34-1)*100 -> 0.8354893
A35: =+A34+1 -> 33 | B35: 43278 | C35: =VLOOKUP(B35,'Base NTN-B Princ 2019'!A:B,2,FALSE)*100 -> 2.64 | D35: 3030.1603 | E35: 0 | F35: =+(F34*(1+AC34/100))+E35 -> 0 | G35: =+D35+E35 -> 3030.1603 | H35: =+(G35/D34-1)*100 -> 0.0348573 | I35: =+(1+H35/100)*I34 -> 1.0055849 | J35: =+(I35-1)*100 -> 0.55849481 | K35: =+D35+F35 -> 3030.1603 | L35: =+(K35/K34-1)*100 -> 0.0348573 | M35: =+(1+L35/100)*M34 -> 1.0055849 | N35: =+(M35-1)*100 -> 0.55849481 | O35: 1.96 | P35: 3047.7955 | Q35: 0 | R35: =+(R34*(1+AQ34/100))+Q35 -> 0 | S35: =+P35+Q35 -> 3047.7955 | T35: =+(S35/P34-1)*100 -> 0.066436752 | U35: =+(1+T35/100)*U34 -> 1.0114374 | V35: =+(U35-1)*100 -> 1.1437353 | W35: =+P35+R35 -> 3047.7955 | X35: =+(W35/W34-1)*100 -> 0.066436752 | Y35: =+(1+X35/100)*Y34 -> 1.0114374 | Z35: =+(Y35-1)*100 -> 1.1437353 | AA35: 6.39 | AB35: =+((AA34/100+1)^(1/252))*AB34 -> 1.0078966 | AC35: =+(AB35/AB34-1)*100 -> 0.024582942 | AD35: =+(1+AC35/100)*AD34 -> 1.0078966 | AE35: =+(AD35-1)*100 -> 0.78965897 | AF35: 3099.8828 | AG35: 1.24 | AH35: =+((1+AG35/100)^(252/21)-1)*100 -> 15.937956 | AI35: =+(AF35/AF34-1)*100 -> 0.05870172 | AJ35: =+(1+AI35/100)*AJ34 -> 1.0089468 | AK35: =+(AJ35-1)*100 -> 0.89468147
A36: =+A35+1 -> 34 | B36: 43279 | C36: =VLOOKUP(B36,'Base NTN-B Princ 2019'!A:B,2,FALSE)*100 -> 2.76 | D36: 3029.1754 | E36: 0 | F36: =+(F35*(1+AC35/100))+E36 -> 0 | G36: =+D36+E36 -> 3029.1754 | H36: =+(G36/D35-1)*100 -> -0.032501911 | I36: =+(1+H36/100)*I35 -> 1.0052581 | J36: =+(I36-1)*100 -> 0.52581137 | K36: =+D36+F36 -> 3029.1754 | L36: =+(K36/K35-1)*100 -> -0.032501911 | M36: =+(1+L36/100)*M35 -> 1.0052581 | N36: =+(M36-1)*100 -> 0.52581137 | O36: 1.96 | P36: 3049.8172 | Q36: 0 | R36: =+(R35*(1+AQ35/100))+Q36 -> 0 | S36: =+P36+Q36 -> 3049.8172 | T36: =+(S36/P35-1)*100 -> 0.066334437 | U36: =+(1+T36/100)*U35 -> 1.0121083 | V36: =+(U36-1)*100 -> 1.2108284 | W36: =+P36+R36 -> 3049.8172 | X36: =+(W36/W35-1)*100 -> 0.066334437 | Y36: =+(1+X36/100)*Y35 -> 1.0121083 | Z36: =+(Y36-1)*100 -> 1.2108284 | AA36: 6.39 | AB36: =+((AA35/100+1)^(1/252))*AB35 -> 1.0081444 | AC36: =+(AB36/AB35-1)*100 -> 0.024582942 | AD36: =+(1+AC36/100)*AD35 -> 1.0081444 | AE36: =+(AD36-1)*100 -> 0.81443603 | AF36: 3101.7025 | AG36: 1.24 | AH36: =+((1+AG36/100)^(252/21)-1)*100 -> 15.937956 | AI36: =+(AF36/AF35-1)*100 -> 0.058701767 | AJ36: =+(1+AI36/100)*AJ35 -> 1.0095391 | AK36: =+(AJ36-1)*100 -> 0.95390843
A37: =+A36+1 -> 35 | B37: 43280 | C37: =VLOOKUP(B37,'Base NTN-B Princ 2019'!A:B,2,FALSE)*100 -> 2.71 | D37: 3032.555 | E37: 0 | F37: =+(F36*(1+AC36/100))+E37 -> 0 | G37: =+D37+E37 -> 3032.555 | H37: =+(G37/D36-1)*100 -> 0.11156822 | I37: =+(1+H37/100)*I36 -> 1.0063797 | J37: =+(I37-1)*100 -> 0.63796623 | K37: =+D37+F37 -> 3032.555 | L37: =+(K37/K36-1)*100 -> 0.11156822 | M37: =+(1+L37/100)*M36 -> 1.0063797 | N37: =+(M37-1)*100 -> 0.63796623 | O37: 1.96 | P37: 3051.8434 | Q37: 0 | R37: =+(R36*(1+AQ36/100))+Q37 -> 0 | S37: =+P37+Q37 -> 3051.8434 | T37: =+(S37/P36-1)*100 -> 0.066435555 | U37: =+(1+T37/100)*U36 -> 1.0127807 | V37: =+(U37-1)*100 -> 1.2780684 | W37: =+P37+R37 -> 3051.8434 | X37: =+(W37/W36-1)*100 -> 0.066435555 | Y37: =+(1+X37/100)*Y36 -> 1.0127807 | Z37: =+(Y37-1)*100 -> 1.2780684 | AA37: 6.39 | AB37: =+((AA36/100+1)^(1/252))*AB36 -> 1.0083922 | AC37: =+(AB37/AB36-1)*100 -> 0.024582942 | AD37: =+(1+AC37/100)*AD36 -> 1.0083922 | AE37: =+(AD37-1)*100 -> 0.83921919 | AF37: 3103.5233 | AG37: 1.24 | AH37: =+((1+AG37/100)^(252/21)-1)*100 -> 15.937956 | AI37: =+(AF37/AF36-1)*100 -> 0.058701729 | AJ37: =+(1+AI37/100)*AJ36 -> 1.0101317 | AK37: =+(AJ37-1)*100 -> 1.0131701
A38: =+A37+1 -> 36 | B38: 43283 | C38: =VLOOKUP(B38,'Base NTN-B Princ 2019'!A:B,2,FALSE)*100 -> 2.7 | D38: 3034.9128 | E38: 0 | F38: =+(F37*(1+AC37/100))+E38 -> 0 | G38: =+D38+E38 -> 3034.9128 | H38: =+(G38/D37-1)*100 -> 0.077748202 | I38: =+(1+H38/100)*I37 -> 1.0071621 | J38: =+(I38-1)*100 -> 0.71621044 | K38: =+D38+F38 -> 3034.9128 | L38: =+(K38/K37-1)*100 -> 0.077748202 | M38: =+(1+L38/100)*M37 -> 1.0071621 | N38: =+(M38-1)*100 -> 0.71621044 | O38: 1.96 | P38: 3053.8709 | Q38: 0 | R38: =+(R37*(1+AQ37/100))+Q38 -> 0 | S38: =+P38+Q38 -> 3053.8709 | T38: =+(S38/P37-1)*100 -> 0.066434994 | U38: =+(1+T38/100)*U37 -> 1.0134535 | V38: =+(U38-1)*100 -> 1.3453525 | W38: =+P38+R38 -> 3053.8709 | X38: =+(W38/W37-1)*100 -> 0.066434994 | Y38: =+(1+X38/100)*Y37 -> 1.0134535 | Z38: =+(Y38-1)*100 -> 1.3453525 | AA38: 6.39 | AB38: =+((AA37/100+1)^(1/252))*AB37 -> 1.0086401 | AC38: =+(AB38/AB37-1)*100 -> 0.024582942 | AD38: =+(1+AC38/100)*AD37 -> 1.0086401 | AE38: =+(AD38-1)*100 -> 0.86400844 | AF38: 3105.3451 | AG38: 1.24 | AH38: =+((1+AG38/100)^(252/21)-1)*100 -> 15.937956 | AI38: =+(AF38/AF37-1)*100 -> 0.058701767 | AJ38: =+(1+AI38/100)*AJ37 -> 1.0107247 | AK38: =+(AJ38-1)*100 -> 1.0724666
A39: =+A38+1 -> 37 | B39: 43284 | C39: =VLOOKUP(B39,'Base NTN-B Princ 2019'!A:B,2,FALSE)*100 -> 2.74 | D39: 3036.0014 | E39: 0 | F39: =+(F38*(1+AC38/100))+E39 -> 0 | G39: =+D39+E39 -> 3036.0014 | H39: =+(G39/D38-1)*100 -> 0.035870817 | I39: =+(1+H39/100)*I38 -> 1.0075234 | J39: =+(I39-1)*100 -> 0.75233817 | K39: =+D39+F39 -> 3036.0014 | L39: =+(K39/K38-1)*100 -> 0.035870817 | M39: =+(1+L39/100)*M38 -> 1.0075234 | N39: =+(M39-1)*100 -> 0.75233817 | O39: 1.96 | P39: 3055.8997 | Q39: 0 | R39: =+(R38*(1+AQ38/100))+Q39 -> 0 | S39: =+P39+Q39 -> 3055.8997 | T39: =+(S39/P38-1)*100 -> 0.066434373 | U39: =+(1+T39/100)*U38 -> 1.0141268 | V39: =+(U39-1)*100 -> 1.4126806 | W39: =+P39+R39 -> 3055.8997 | X39: =+(W39/W38-1)*100 -> 0.066434373 | Y39: =+(1+X39/100)*Y38 -> 1.0141268 | Z39: =+(Y39-1)*100 -> 1.4126806 | AA39: 6.39 | AB39: =+((AA38/100+1)^(1/252))*AB38 -> 1.008888 | AC39: =+(AB39/AB38-1)*100 -> 0.024582942 | AD39: =+(1+AC39/100)*AD38 -> 1.008888 | AE39: =+(AD39-1)*100 -> 0.88880378 | AF39: 3107.168 | AG39: 1.24 | AH39: =+((1+AG39/100)^(252/21)-1)*100 -> 15.937956 | AI39: =+(AF39/AF38-1)*100 -> 0.05870172 | AJ39: =+(1+AI39/100)*AJ38 -> 1.011318 | AK39: =+(AJ39-1)*100 -> 1.1317979
... A42: =+A41+1 -> 40 | B42: 43287 | C42: =VLOOKUP(B42,'Base NTN-B Princ 2019'!A:B,2,FALSE)*100 -> 2.91 | D42: 3038.5118 | E42: 0 | F42: =+(F41*(1+AC41/100))+E42 -> 0 | G42: =+D42+E42 -> 3038.5118 | H42: =+(G42/D41-1)*100 -> -0.039619752 | I42: =+(1+H42/100)*I41 -> 1.0083565 | J42: =+(I42-1)*100 -> 0.83564826 | K42: =+D42+F42 -> 3038.5118 | L42: =+(K42/K41-1)*100 -> -0.039619752 | M42: =+(1+L42/100)*M41 -> 1.0083565 | N42: =+(M42-1)*100 -> 0.83564826 | O42: 1.96 | P42: 3062.4234 | Q42: 0 | R42: =+(R41*(1+AQ41/100))+Q42 -> 0 | S42: =+P42+Q42 -> 3062.4234 | T42: =+(S42/P41-1)*100 -> 0.080562276 | U42: =+(1+T42/100)*U41 -> 1.0162918 | V42: =+(U42-1)*100 -> 1.629175 | W42: =+P42+R42 -> 3062.4234 | X42: =+(W42/W41-1)*100 -> 0.080562276 | Y42: =+(1+X42/100)*Y41 -> 1.0162918 | Z42: =+(Y42-1)*100 -> 1.629175 | AA42: 6.39 | AB42: =+((AA41/100+1)^(1/252))*AB41 -> 1.0096323 | AC42: =+(AB42/AB41-1)*100 -> 0.024582942 | AD42: =+(1+AC42/100)*AD41 -> 1.0096323 | AE42: =+(AD42-1)*100 -> 0.96322638 | AF42: 3113.0826 | AG42: 1.26 | AH42: =+((1+AG42/100)^(252/21)-1)*100 -> 16.213097 | AI42: =+(AF42/AF41-1)*100 -> 0.072830353 | AJ42: =+(1+AI42/100)*AJ41 -> 1.0132431 | AK42: =+(AJ42-1)*100 -> 1.3243062
A43: =+A42+1 -> 41 | B43: 43290 | C43: =+C42 -> 2.91 | D43: 3040.6699 | E43: 0 | F43: =+(F42*(1+AC42/100))+E43 -> 0 | G43: =+D43+E43 -> 3040.6699 | H43: =+(G43/D42-1)*100 -> 0.071022794 | I43: =+(1+H43/100)*I42 -> 1.0090726 | J43: =+(I43-1)*100 -> 0.90726456 | K43: =+D43+F43 -> 3040.6699 | L43: =+(K43/K42-1)*100 -> 0.071022794 | M43: =+(1+L43/100)*M42 -> 1.0090726 | N43: =+(M43-1)*100 -> 0.90726456 | O43: 1.96 | P43: 3064.4867 | Q43: 0 | R43: =+(R42*(1+AQ42/100))+Q43 -> 0 | S43: =+P43+Q43 -> 3064.4867 | T43: =+(S43/P42-1)*100 -> 0.067373962 | U43: =+(1+T43/100)*U42 -> 1.0169765 | V43: =+(U43-1)*100 -> 1.6976466 | W43: =+P43+R43 -> 3064.4867 | X43: =+(W43/W42-1)*100 -> 0.067373962 | Y43: =+(1+X43/100)*Y42 -> 1.0169765 | Z43: =+(Y43-1)*100 -> 1.6976466 | AA43: 6.39 | AB43: =+((AA42/100+1)^(1/252))*AB42 -> 1.0098805 | AC43: =+(AB43/AB42-1)*100 -> 0.024582942 | AD43: =+(1+AC43/100)*AD42 -> 1.0098805 | AE43: =+(AD43-1)*100 -> 0.98804611 | AF43: 3114.9394 | AG43: 1.26 | AH43: =+((1+AG43/100)^(252/21)-1)*100 -> 16.213097 | AI43: =+(AF43/AF42-1)*100 -> 0.059643615 | AJ43: =+(1+AI43/100)*AJ42 -> 1.0138474 | AK43: =+(AJ43-1)*100 -> 1.3847397
A44: =+A43+1 -> 42 | B44: 43291 | C44: =VLOOKUP(B44,'Base NTN-B Princ 2019'!A:B,2,FALSE)*100 -> 2.93 | D44: 3042.3338 | E44: 0 | F44: =+(F43*(1+AC43/100))+E44 -> 0 | G44: =+D44+E44 -> 3042.3338 | H44: =+(G44/D43-1)*100 -> 0.054723402 | I44: =+(1+H44/100)*I43 -> 1.0096248 | J44: =+(I44-1)*100 -> 0.96248445 | K44: =+D44+F44 -> 3042.3338 | L44: =+(K44/K43-1)*100 -> 0.054723402 | M44: =+(1+L44/100)*M43 -> 1.0096248 | N44: =+(M44-1)*100 -> 0.96248445 | O44: 1.96 | P44: 3066.5513 | Q44: 0 | R44: =+(R43*(1+AQ43/100))+Q44 -> 0 | S44: =+P44+Q44 -> 3066.5513 | T44: =+(S44/P43-1)*100 -> 0.067373274 | U44: =+(1+T44/100)*U43 -> 1.0176616 | V44: =+(U44-1)*100 -> 1.7661636 | W44: =+P44+R44 -> 3066.5513 | X44: =+(W44/W43-1)*100 -> 0.067373274 | Y44: =+(1+X44/100)*Y43 -> 1.0176616 | Z44: =+(Y44-1)*100 -> 1.7661636 | AA44: 6.39 | AB44: =+((AA43/100+1)^(1/252))*AB43 -> 1.0101287 | AC44: =+(AB44/AB43-1)*100 -> 0.024582942 | AD44: =+(1+AC44/100)*AD43 -> 1.0101287 | AE44: =+(AD44-1)*100 -> 1.0128719 | AF44: 3116.7972 | AG44: 1.26 | AH44: =+((1+AG44/100)^(252/21)-1)*100 -> 16.213097 | AI44: =+(AF44/AF43-1)*100 -> 0.059643569 | AJ44: =+(1+AI44/100)*AJ43 -> 1.0144521 | AK44: =+(AJ44-1)*100 -> 1.4452091
A45: =+A44+1 -> 43 | B45: 43292 | C45: =VLOOKUP(B45,'Base NTN-B Princ 2019'!A:B,2,FALSE)*100 -> 2.99 | D45: 3043.0194 | E45: 0 | F45: =+(F44*(1+AC44/100))+E45 -> 0 | G45: =+D45+E45 -> 3043.0194 | H45: =+(G45/D44-1)*100 -> 0.022535463 | I45: =+(1+H45/100)*I44 -> 1.0098524 | J45: =+(I45-1)*100 -> 0.98523681 | K45: =+D45+F45 -> 3043.0194 | L45: =+(K45/K44-1)*100 -> 0.022535463 | M45: =+(1+L45/100)*M44 -> 1.0098524 | N45: =+(M45-1)*100 -> 0.98523681 | O45: 1.96 | P45: 3068.6142 | Q45: 0 | R45: =+(R44*(1+AQ44/100))+Q45 -> 0 | S45: =+P45+Q45 -> 3068.6142 | T45: =+(S45/P44-1)*100 -> 0.067271041 | U45: =+(1+T45/100)*U44 -> 1.0183462 | V45: =+(U45-1)*100 -> 1.8346228 | W45: =+P45+R45 -> 3068.6142 | X45: =+(W45/W44-1)*100 -> 0.067271041 | Y45: =+(1+X45/100)*Y44 -> 1.0183462 | Z45: =+(Y45-1)*100 -> 1.8346228 | AA45: 6.39 | AB45: =+((AA44/100+1)^(1/252))*AB44 -> 1.010377 | AC45: =+(AB45/AB44-1)*100 -> 0.024582942 | AD45: =+(1+AC45/100)*AD44 -> 1.010377 | AE45: =+(AD45-1)*100 -> 1.0377039 | AF45: 3118.6562 | AG45: 1.26 | AH45: =+((1+AG45/100)^(252/21)-1)*100 -> 16.213097 | AI45: =+(AF45/AF44-1)*100 -> 0.059643598 | AJ45: =+(1+AI45/100)*AJ44 -> 1.0150571 | AK45: =+(AJ45-1)*100 -> 1.5057147
A46: =+A45+1 -> 44 | B46: 43293 | C46: =VLOOKUP(B46,'Base NTN-B Princ 2019'!A:B,2,FALSE)*100 -> 3.13 | D46: 3041.7607 | E46: 0 | F46: =+(F45*(1+AC45/100))+E46 -> 0 | G46: =+D46+E46 -> 3041.7607 | H46: =+(G46/D45-1)*100 -> -0.041364902 | I46: =+(1+H46/100)*I45 -> 1.0094346 | J46: =+(I46-1)*100 -> 0.94346437 | K46: =+D46+F46 -> 3041.7607 | L46: =+(K46/K45-1)*100 -> -0.041364902 | M46: =+(1+L46/100)*M45 -> 1.0094346 | N46: =+(M46-1)*100 -> 0.94346437 | O46: 1.96 | P46: 3070.6816 | Q46: 0 | R46: =+(R45*(1+AQ45/100))+Q46 -> 0 | S46: =+P46+Q46 -> 3070.6816 | T46: =+(S46/P45-1)*100 -> 0.06737217 | U46: =+(1+T46/100)*U45 -> 1.0190323 | V46: =+(U46-1)*100 -> 1.903231 | W46: =+P46+R46 -> 3070.6816 | X46: =+(W46/W45-1)*100 -> 0.06737217 | Y46: =+(1+X46/100)*Y45 -> 1.0190323 | Z46: =+(Y46-1)*100 -> 1.903231 | AA46: 6.39 | AB46: =+((AA45/100+1)^(1/252))*AB45 -> 1.0106254 | AC46: =+(AB46/AB45-1)*100 -> 0.024582942 | AD46: =+(1+AC46/100)*AD45 -> 1.0106254 | AE46: =+(AD46-1)*100 -> 1.0625419 | AF46: 3120.5163 | AG46: 1.26 | AH46: =+((1+AG46/100)^(252/21)-1)*100 -> 16.213097 | AI46: =+(AF46/AF45-1)*100 -> 0.059643606 | AJ46: =+(1+AI46/100)*AJ45 -> 1.0156626 | AK46: =+(AJ46-1)*100 -> 1.5662564
A47: =+A46+1 -> 45 | B47: 43294 | C47: =VLOOKUP(B47,'Base NTN-B Princ 2019'!A:B,2,FALSE)*100 -> 3.25 | D47: 3041.027 | E47: 0 | F47: =+(F46*(1+AC46/100))+E47 -> 0 | G47: =+D47+E47 -> 3041.027 | H47: =+(G47/D46-1)*100 -> -0.02411909 | I47: =+(1+H47/100)*I46 -> 1.0091912 | J47: =+(I47-1)*100 -> 0.91911772 | K47: =+D47+F47 -> 3041.027 | L47: =+(K47/K46-1)*100 -> -0.02411909 | M47: =+(1+L47/100)*M46 -> 1.0091912 | N47: =+(M47-1)*100 -> 0.91911772 | O47: 1.96 | P47: 3072.7504 | Q47: 0 | R47: =+(R46*(1+AQ46/100))+Q47 -> 0 | S47: =+P47+Q47 -> 3072.7504 | T47: =+(S47/P46-1)*100 -> 0.067371524 | U47: =+(1+T47/100)*U46 -> 1.0197188 | V47: =+(U47-1)*100 -> 1.9718847 | W47: =+P47+R47 -> 3072.7504 | X47: =+(W47/W46-1)*100 -> 0.067371524 | Y47: =+(1+X47/100)*Y46 -> 1.0197188 | Z47: =+(Y47-1)*100 -> 1.9718847 | AA47: 6.39 | AB47: =+((AA46/100+1)^(1/252))*AB46 -> 1.0108739 | AC47: =+(AB47/AB46-1)*100 -> 0.024582942 | AD47: =+(1+AC47/100)*AD46 -> 1.0108739 | AE47: =+(AD47-1)*100 -> 1.0873861 | AF47: 3122.3775 | AG47: 1.26 | AH47: =+((1+AG47/100)^(252/21)-1)*100 -> 16.213097 | AI47: =+(AF47/AF46-1)*100 -> 0.059643592 | AJ47: =+(1+AI47/100)*AJ46 -> 1.0162683 | AK47: =+(AJ47-1)*100 -> 1.6268341
A48: =+A47+1 -> 46 | B48: 43297 | C48: =VLOOKUP(B48,'Base NTN-B Princ 2019'!A:B,2,FALSE)*100 -> 3.25 | D48: 3043.2282 | E48: 0 | F48: =+(F47*(1+AC47/100))+E48 -> 0 | G48: =+D48+E48 -> 3043.2282 | H48: =+(G48/D47-1)*100 -> 0.072382947 | I48: =+(1+H48/100)*I47 -> 1.0099217 | J48: =+(I48-1)*100 -> 0.99216595 | K48: =+D48+F48 -> 3043.2282 | L48: =+(K48/K47-1)*100 -> 0.072382947 | M48: =+(1+L48/100)*M47 -> 1.0099217 | N48: =+(M48-1)*100 -> 0.99216595 | O48: 1.96 | P48: 3074.8205 | Q48: 0 | R48: =+(R47*(1+AQ47/100))+Q48 -> 0 | S48: =+P48+Q48 -> 3074.8205 | T48: =+(S48/P47-1)*100 -> 0.067370978 | U48: =+(1+T48/100)*U47 -> 1.0204058 | V48: =+(U48-1)*100 -> 2.0405842 | W48: =+P48+R48 -> 3074.8205 | X48: =+(W48/W47-1)*100 -> 0.067370978 | Y48: =+(1+X48/100)*Y47 -> 1.0204058 | Z48: =+(Y48-1)*100 -> 2.0405842 | AA48: 6.39 | AB48: =+((AA47/100+1)^(1/252))*AB47 -> 1.0111224 | AC48: =+(AB48/AB47-1)*100 -> 0.024582942 | AD48: =+(1+AC48/100)*AD47 -> 1.0111224 | AE48: =+(AD48-1)*100 -> 1.1122363 | AF48: 3124.2398 | AG48: 1.26 | AH48: =+((1+AG48/100)^(252/21)-1)*100 -> 16.213097 | AI48: =+(AF48/AF47-1)*100 -> 0.059643622 | AJ48: =+(1+AI48/100)*AJ47 -> 1.0168745 | AK48: =+(AJ48-1)*100 -> 1.6874481
A49: =+A48+1 -> 47 | B49: 43298 | C49: =VLOOKUP(B49,'Base NTN-B Princ 2019'!A:B,2,FALSE)*100 -> 3.24 | D49: 3044.3672 | E49: 0 | F49: =+(F48*(1+AC48/100))+E49 -> 0 | G49: =+D49+E49 -> 3044.3672 | H49: =+(G49/D48-1)*100 -> 0.037427065 | I49: =+(1+H49/100)*I48 -> 1.0102996 | J49: =+(I49-1)*100 -> 1.0299644 | K49: =+D49+F49 -> 3044.3672 | L49: =+(K49/K48-1)*100 -> 0.037427065 | M49: =+(1+L49/100)*M48 -> 1.0102996 | N49: =+(M49-1)*100 -> 1.0299644 | O49: 1.96 | P49: 3075.5711 | Q49: 0 | R49: =+(R48*(1+AQ48/100))+Q49 -> 0 | S49: =+P49+Q49 -> 3075.5711 | T49: =+(S49/P48-1)*100 -> 0.024410368 | U49: =+(1+T49/100)*U48 -> 1.0206549 | V49: =+(U49-1)*100 -> 2.0654927 | W49: =+P49+R49 -> 3075.5711 | X49: =+(W49/W48-1)*100 -> 0.024410368 | Y49: =+(1+X49/100)*Y48 -> 1.0206549 | Z49: =+(Y49-1)*100 -> 2.0654927 | AA49: 6.39 | AB49: =+((AA48/100+1)^(1/252))*AB48 -> 1.0113709 | AC49: =+(AB49/AB48-1)*100 -> 0.024582942 | AD49: =+(1+AC49/100)*AD48 -> 1.0113709 | AE49: =+(AD49-1)*100 -> 1.1370927 | AF49: 3124.7643 | AG49: 0.37 | AH49: =+((1+AG49/100)^(252/21)-1)*100 -> 4.5314777 | AI49: =+(AF49/AF48-1)*100 -> 0.016788532 | AJ49: =+(1+AI49/100)*AJ48 -> 1.0170452 | AK49: =+(AJ49-1)*100 -> 1.7045199
A50: =+A49+1 -> 48 | B50: 43299 | C50: =VLOOKUP(B50,'Base NTN-B Princ 2019'!A:B,2,FALSE)*100 -> 3.21 | D50: 3045.9815 | E50: 0 | F50: =+(F49*(1+AC49/100))+E50 -> 0 | G50: =+D50+E50 -> 3045.9815 | H50: =+(G50/D49-1)*100 -> 0.053026849 | I50: =+(1+H50/100)*I49 -> 1.0108354 | J50: =+(I50-1)*100 -> 1.0835374 | K50: =+D50+F50 -> 3045.9815 | L50: =+(K50/K49-1)*100 -> 0.053026849 | M50: =+(1+L50/100)*M49 -> 1.0108354 | N50: =+(M50-1)*100 -> 1.0835374 | O50: 1.96 | P50: 3076.325 | Q50: 0 | R50: =+(R49*(1+AQ49/100))+Q50 -> 0 | S50: =+P50+Q50 -> 3076.325 | T50: =+(S50/P49-1)*100 -> 0.024511415 | U50: =+(1+T50/100)*U49 -> 1.0209051 | V50: =+(U50-1)*100 -> 2.0905104 | W50: =+P50+R50 -> 3076.325 | X50: =+(W50/W49-1)*100 -> 0.024511415 | Y50: =+(1+X50/100)*Y49 -> 1.0209051 | Z50: =+(Y50-1)*100 -> 2.0905104 | AA50: 6.39 | AB50: =+((AA49/100+1)^(1/252))*AB49 -> 1.0116196 | AC50: =+(AB50/AB49-1)*100 -> 0.024582942 | AD50: =+(1+AC50/100)*AD49 -> 1.0116196 | AE50: =+(AD50-1)*100 -> 1.1619552 | AF50: 3125.2889 | AG50: 0.37 | AH50: =+((1+AG50/100)^(252/21)-1)*100 -> 4.5314777 | AI50: =+(AF50/AF49-1)*100 -> 0.016788562 | AJ50: =+(1+AI50/100)*AJ49 -> 1.0172159 | AK50: =+(AJ50-1)*100 -> 1.7215946
A51: =+A50+1 -> 49 | B51: 43300 | C51: =VLOOKUP(B51,'Base NTN-B Princ 2019'!A:B,2,FALSE)*100 -> 3.21 | D51: 3046.8743 | E51: 0 | F51: =+(F50*(1+AC50/100))+E51 -> 0 | G51: =+D51+E51 -> 3046.8743 | H51: =+(G51/D50-1)*100 -> 0.029308319 | I51: =+(1+H51/100)*I50 -> 1.0111316 | J51: =+(I51-1)*100 -> 1.1131632 | K51: =+D51+F51 -> 3046.8743 | L51: =+(K51/K50-1)*100 -> 0.029308319 | M51: =+(1+L51/100)*M50 -> 1.0111316 | N51: =+(M51-1)*100 -> 1.1131632 | O51: 1.96 | P51: 3077.079 | Q51: 0 | R51: =+(R50*(1+AQ50/100))+Q51 -> 0 | S51: =+P51+Q51 -> 3077.079 | T51: =+(S51/P50-1)*100 -> 0.024510804 | U51: =+(1+T51/100)*U50 -> 1.0211553 | V51: =+(U51-1)*100 -> 2.1155336 | W51: =+P51+R51 -> 3077.079 | X51: =+(W51/W50-1)*100 -> 0.024510804 | Y51: =+(1+X51/100)*Y50 -> 1.0211553 | Z51: =+(Y51-1)*100 -> 2.1155336 | AA51: 6.39 | AB51: =+((AA50/100+1)^(1/252))*AB50 -> 1.0118682 | AC51: =+(AB51/AB50-1)*100 -> 0.024582942 | AD51: =+(1+AC51/100)*AD50 -> 1.0118682 | AE51: =+(AD51-1)*100 -> 1.1868237 | AF51: 3125.8136 | AG51: 0.37 | AH51: =+((1+AG51/100)^(252/21)-1)*100 -> 4.5314777 | AI51: =+(AF51/AF50-1)*100 -> 0.01678856 | AJ51: =+(1+AI51/100)*AJ50 -> 1.0173867 | AK51: =+(AJ51-1)*100 -> 1.7386722
A52: =+A51+1 -> 50 | B52: 43301 | C52: =VLOOKUP(B52,'Base NTN-B Princ 2019'!A:B,2,FALSE)*100 -> 3.13 | D52: 3049.6743 | E52: 0 | F52: =+(F51*(1+AC51/100))+E52 -> 0 | G52: =+D52+E52 -> 3049.6743 | H52: =+(G52/D51-1)*100 -> 0.091897655 | I52: =+(1+H52/100)*I51 -> 1.0120608 | J52: =+(I52-1)*100 -> 1.2060839 | K52: =+D52+F52 -> 3049.6743 | L52: =+(K52/K51-1)*100 -> 0.091897655 | M52: =+(1+L52/100)*M51 -> 1.0120608 | N52: =+(M52-1)*100 -> 1.2060839 | O52: 1.96 | P52: 3077.8332 | Q52: 0 | R52: =+(R51*(1+AQ51/100))+Q52 -> 0 | S52: =+P52+Q52 -> 3077.8332 | T52: =+(S52/P51-1)*100 -> 0.024510225 | U52: =+(1+T52/100)*U51 -> 1.0214056 | V52: =+(U52-1)*100 -> 2.1405623 | W52: =+P52+R52 -> 3077.8332 | X52: =+(W52/W51-1)*100 -> 0.024510225 | Y52: =+(1+X52/100)*Y51 -> 1.0214056 | Z52: =+(Y52-1)*100 -> 2.1405623 | AA52: 6.39 | AB52: =+((AA51/100+1)^(1/252))*AB51 -> 1.012117 | AC52: =+(AB52/AB51-1)*100 -> 0.024582942 | AD52: =+(1+AC52/100)*AD51 -> 1.012117 | AE52: =+(AD52-1)*100 -> 1.2116984 | AF52: 3126.3383 | AG52: 0.37 | AH52: =+((1+AG52/100)^(252/21)-1)*100 -> 4.5314777 | AI52: =+(AF52/AF51-1)*100 -> 0.016788557 | AJ52: =+(1+AI52/100)*AJ51 -> 1.0175575 | AK52: =+(AJ52-1)*100 -> 1.7557527
A53: =+A52+1 -> 51 | B53: 43304 | C53: =VLOOKUP(B53,'Base NTN-B Princ 2019'!A:B,2,FALSE)*100 -> 3.18 | D53: 3048.8898 | E53: 0 | F53: =+(F52*(1+AC52/100))+E53 -> 0 | G53: =+D53+E53 -> 3048.8898 | H53: =+(G53/D52-1)*100 -> -0.025722714 | I53: =+(1+H53/100)*I52 -> 1.0118005 | J53: =+(I53-1)*100 -> 1.1800509 | K53: =+D53+F53 -> 3048.8898 | L53: =+(K53/K52-1)*100 -> -0.025722714 | M53: =+(1+L53/100)*M52 -> 1.0118005 | N53: =+(M53-1)*100 -> 1.1800509 | O53: 1.96 | P53: 3078.0995 | Q53: 0 | R53: =+(R52*(1+AQ52/100))+Q53 -> 0 | S53: =+P53+Q53 -> 3078.0995 | T53: =+(S53/P52-1)*100 -> 0.0086509886 | U53: =+(1+T53/100)*U52 -> 1.021494 | V53: =+(U53-1)*100 -> 2.1493985 | W53: =+P53+R53 -> 3078.0995 | X53: =+(W53/W52-1)*100 -> 0.0086509886 | Y53: =+(1+X53/100)*Y52 -> 1.021494 | Z53: =+(Y53-1)*100 -> 2.1493985 | AA53: 6.39 | AB53: =+((AA52/100+1)^(1/252))*AB52 -> 1.0123658 | AC53: =+(AB53/AB52-1)*100 -> 0.024582942 | AD53: =+(1+AC53/100)*AD52 -> 1.0123658 | AE53: =+(AD53-1)*100 -> 1.2365793 | AF53: 3126.3675 | AG53: 0.3 | AH53: =+((1+AG53/100)^(252/21)-1)*100 -> 3.659998 | AI53: =+(AF53/AF52-1)*100 -> 0.00093115321 | AJ53: =+(1+AI53/100)*AJ52 -> 1.017567 | AK53: =+(AJ53-1)*100 -> 1.7567002
A54: =+A53+1 -> 52 | B54: 43305 | C54: =VLOOKUP(B54,'Base NTN-B Princ 2019'!A:B,2,FALSE)*100 -> 3.15 | D54: 3050.3931 | E54: 0 | F54: =+(F53*(1+AC53/100))+E54 -> 0 | G54: =+D54+E54 -> 3050.3931 | H54: =+(G54/D53-1)*100 -> 0.049306078 | I54: =+(1+H54/100)*I53 -> 1.0122994 | J54: =+(I54-1)*100 -> 1.2299388 | K54: =+D54+F54 -> 3050.3931 | L54: =+(K54/K53-1)*100 -> 0.049306078 | M54: =+(1+L54/100)*M53 -> 1.0122994 | N54: =+(M54-1)*100 -> 1.2299388 | O54: 1.96 | P54: 3078.7562 | Q54: 0 | R54: =+(R53*(1+AQ53/100))+Q54 -> 0 | S54: =+P54+Q54 -> 3078.7562 | T54: =+(S54/P53-1)*100 -> 0.021337127 | U54: =+(1+T54/100)*U53 -> 1.0217119 | V54: =+(U54-1)*100 -> 2.1711943 | W54: =+P54+R54 -> 3078.7562 | X54: =+(W54/W53-1)*100 -> 0.021337127 | Y54: =+(1+X54/100)*Y53 -> 1.0217119 | Z54: =+(Y54-1)*100 -> 2.1711943 | AA54: 6.39 | AB54: =+((AA53/100+1)^(1/252))*AB53 -> 1.0126147 | AC54: =+(AB54/AB53-1)*100 -> 0.024582942 | AD54: =+(1+AC54/100)*AD53 -> 1.0126147 | AE54: =+(AD54-1)*100 -> 1.2614662 | AF54: 3126.7932 | AG54: 0.3 | AH54: =+((1+AG54/100)^(252/21)-1)*100 -> 3.659998 | AI54: =+(AF54/AF53-1)*100 -> 0.013616889 | AJ54: =+(1+AI54/100)*AJ53 -> 1.0177056 | AK54: =+(AJ54-1)*100 -> 1.7705563
A55: =+A54+1 -> 53 | B55: 43306 | C55: =VLOOKUP(B55,'Base NTN-B Princ 2019'!A:B,2,FALSE)*100 -> 3.13 | D55: 3051.6528 | E55: 0 | F55: =+(F54*(1+AC54/100))+E55 -> 0 | G55: =+D55+E55 -> 3051.6528 | H55: =+(G55/D54-1)*100 -> 0.041296874 | I55: =+(1+H55/100)*I54 -> 1.0127174 | J55: =+(I55-1)*100 -> 1.2717436 | K55: =+D55+F55 -> 3051.6528 | L55: =+(K55/K54-1)*100 -> 0.041296874 | M55: =+(1+L55/100)*M54 -> 1.0127174 | N55: =+(M55-1)*100 -> 1.2717436 | O55: 1.96 | P55: 3079.41 | Q55: 0 | R55: =+(R54*(1+AQ54/100))+Q55 -> 0 | S55: =+P55+Q55 -> 3079.41 | T55: =+(S55/P54-1)*100 -> 0.021234906 | U55: =+(1+T55/100)*U54 -> 1.0219289 | V55: =+(U55-1)*100 -> 2.1928902 | W55: =+P55+R55 -> 3079.41 | X55: =+(W55/W54-1)*100 -> 0.021234906 | Y55: =+(1+X55/100)*Y54 -> 1.0219289 | Z55: =+(Y55-1)*100 -> 2.1928902 | AA55: 6.39 | AB55: =+((AA54/100+1)^(1/252))*AB54 -> 1.0128636 | AC55: =+(AB55/AB54-1)*100 -> 0.024582942 | AD55: =+(1+AC55/100)*AD54 -> 1.0128636 | AE55: =+(AD55-1)*100 -> 1.2863592 | AF55: 3127.2189 | AG55: 0.3 | AH55: =+((1+AG55/100)^(252/21)-1)*100 -> 3.659998 | AI55: =+(AF55/AF54-1)*100 -> 0.013616858 | AJ55: =+(1+AI55/100)*AJ54 -> 1.0178441 | AK55: =+(AJ55-1)*100 -> 1.7844142
... A162: =+A161+1 -> 160 | B162: 43462 | C162: =VLOOKUP(B162,'Base NTN-B Princ 2019'!A:B,2,FALSE)*100 -> 2.82 | D162: 3123.3898 | E162: 0 | F162: =+(F161*(1+AC161/100))+E162 -> 0 | G162: =+D162+E162 -> 3123.3898 | H162: =+(G162/D161-1)*100 -> 0.052568325 | I162: =+(1+H162/100)*I161 -> 1.036524 | J162: =+(I162-1)*100 -> 3.6523962 | K162: =+D162+F162 -> 3123.3898 | L162: =+(K162/K161-1)*100 -> 0.052568325 | M162: =+(1+L162/100)*M161 -> 1.036524 | N162: =+(M162-1)*100 -> 3.6523962 | O162: 1.96 | P162: 3133.087 | Q162: 0 | R162: =+(R161*(1+AQ161/100))+Q162 -> 0 | S162: =+P162+Q162 -> 3133.087 | T162: =+(S162/P161-1)*100 -> 0.013017037 | U162: =+(1+T162/100)*U161 -> 1.0397421 | V162: =+(U162-1)*100 -> 3.974206 | W162: =+P162+R162 -> 3133.087 | X162: =+(W162/W161-1)*100 -> 0.013017037 | Y162: =+(1+X162/100)*Y161 -> 1.0397421 | Z162: =+(Y162-1)*100 -> 3.974206 | AA162: 6.4 | AB162: =+((AA161/100+1)^(1/252))*AB161 -> 1.0398791 | AC162: =+(AB162/AB161-1)*100 -> 0.024620249 | AD162: =+(1+AC162/100)*AD161 -> 1.0398791 | AE162: =+(AD162-1)*100 -> 3.9879097 | AF162: 3155.6117 | AG162: 0.1 | AH162: =+((1+AG162/100)^(252/21)-1)*100 -> 1.206622 | AI162: =+(AF162/AF161-1)*100 -> 0.0052606831 | AJ162: =+(1+AI162/100)*AJ161 -> 1.0270854 | AK162: =+(AJ162-1)*100 -> 2.7085394
A163: =+A162+1 -> 161 | B163: 43465 | C163: =+C162 -> 2.82 | D163: 3123.8981 | E163: 0 | F163: =+(F162*(1+AC162/100))+E163 -> 0 | G163: =+D163+E163 -> 3123.8981 | H163: =+(G163/D162-1)*100 -> 0.016273697 | I163: =+(1+H163/100)*I162 -> 1.0366926 | J163: =+(I163-1)*100 -> 3.6692642 | K163: =+D163+F163 -> 3123.8981 | L163: =+(K163/K162-1)*100 -> 0.016273697 | M163: =+(1+L163/100)*M162 -> 1.0366926 | N163: =+(M163-1)*100 -> 3.6692642 | O163: 1.96 | P163: 3133.4916 | Q163: 0 | R163: =+(R162*(1+AQ162/100))+Q163 -> 0 | S163: =+P163+Q163 -> 3133.4916 | T163: =+(S163/P162-1)*100 -> 0.012915696 | U163: =+(1+T163/100)*U162 -> 1.0398763 | V163: =+(U163-1)*100 -> 3.987635 | W163: =+P163+R163 -> 3133.4916 | X163: =+(W163/W162-1)*100 -> 0.012915696 | Y163: =+(1+X163/100)*Y162 -> 1.0398763 | Z163: =+(Y163-1)*100 -> 3.987635 | AA163: 6.4 | AB163: =+((AA162/100+1)^(1/252))*AB162 -> 1.0401351 | AC163: =+(AB163/AB162-1)*100 -> 0.024620249 | AD163: =+(1+AC163/100)*AD162 -> 1.0401351 | AE163: =+(AD163-1)*100 -> 4.0135118 | AF163: 3155.7777 | AG163: 0.1 | AH163: =+((1+AG163/100)^(252/21)-1)*100 -> 1.206622 | AI163: =+(AF163/AF162-1)*100 -> 0.0052606599 | AJ163: =+(1+AI163/100)*AJ162 -> 1.0271394 | AK163: =+(AJ163-1)*100 -> 2.7139426
A164: =+A163+1 -> 162 | B164: 43467 | C164: =VLOOKUP(B164,'Base NTN-B Princ 2019'!A:B,2,FALSE)*100 -> 2.72 | D164: 3125.5047 | E164: 0 | F164: =+(F163*(1+AC163/100))+E164 -> 0 | G164: =+D164+E164 -> 3125.5047 | H164: =+(G164/D163-1)*100 -> 0.051429463 | I164: =+(1+H164/100)*I163 -> 1.0372258 | J164: =+(I164-1)*100 -> 3.7225808 | K164: =+D164+F164 -> 3125.5047 | L164: =+(K164/K163-1)*100 -> 0.051429463 | M164: =+(1+L164/100)*M163 -> 1.0372258 | N164: =+(M164-1)*100 -> 3.7225808 | O164: 1.96 | P164: 3133.8995 | Q164: 0 | R164: =+(R163*(1+AQ163/100))+Q164 -> 0 | S164: =+P164+Q164 -> 3133.8995 | T164: =+(S164/P163-1)*100 -> 0.013015864 | U164: =+(1+T164/100)*U163 -> 1.0400117 | V164: =+(U164-1)*100 -> 4.0011699 | W164: =+P164+R164 -> 3133.8995 | X164: =+(W164/W163-1)*100 -> 0.013015864 | Y164: =+(1+X164/100)*Y163 -> 1.0400117 | Z164: =+(Y164-1)*100 -> 4.0011699 | AA164: 6.4 | AB164: =+((AA163/100+1)^(1/252))*AB163 -> 1.0403912 | AC164: =+(AB164/AB163-1)*100 -> 0.024620249 | AD164: =+(1+AC164/100)*AD163 -> 1.0403912 | AE164: =+(AD164-1)*100 -> 4.0391201 | AF164: 3155.9437 | AG164: 0.1 | AH164: =+((1+AG164/100)^(252/21)-1)*100 -> 1.206622 | AI164: =+(AF164/AF163-1)*100 -> 0.0052606684 | AJ164: =+(1+AI164/100)*AJ163 -> 1.0271935 | AK164: =+(AJ164-1)*100 -> 2.719346
A165: =+A164+1 -> 163 | B165: 43468 | C165: =VLOOKUP(B165,'Base NTN-B Princ 2019'!A:B,2,FALSE)*100 -> 2.6 | D165: 3127.3071 | E165: 0 | F165: =+(F164*(1+AC164/100))+E165 -> 0 | G165: =+D165+E165 -> 3127.3071 | H165: =+(G165/D164-1)*100 -> 0.057668895 | I165: =+(1+H165/100)*I164 -> 1.037824 | J165: =+(I165-1)*100 -> 3.7823965 | K165: =+D165+F165 -> 3127.3071 | L165: =+(K165/K164-1)*100 -> 0.057668895 | M165: =+(1+L165/100)*M164 -> 1.037824 | N165: =+(M165-1)*100 -> 3.7823965 | O165: 1.96 | P165: 3134.3042 | Q165: 0 | R165: =+(R164*(1+AQ164/100))+Q165 -> 0 | S165: =+P165+Q165 -> 3134.3042 | T165: =+(S165/P164-1)*100 -> 0.012914518 | U165: =+(1+T165/100)*U164 -> 1.040146 | V165: =+(U165-1)*100 -> 4.0146011 | W165: =+P165+R165 -> 3134.3042 | X165: =+(W165/W164-1)*100 -> 0.012914518 | Y165: =+(1+X165/100)*Y164 -> 1.040146 | Z165: =+(Y165-1)*100 -> 4.0146011 | AA165: 6.4 | AB165: =+((AA164/100+1)^(1/252))*AB164 -> 1.0406473 | AC165: =+(AB165/AB164-1)*100 -> 0.024620249 | AD165: =+(1+AC165/100)*AD164 -> 1.0406473 | AE165: =+(AD165-1)*100 -> 4.0647348 | AF165: 3156.1098 | AG165: 0.1 | AH165: =+((1+AG165/100)^(252/21)-1)*100 -> 1.206622 | AI165: =+(AF165/AF164-1)*100 -> 0.0052606768 | AJ165: =+(1+AI165/100)*AJ164 -> 1.0272475 | AK165: =+(AJ165-1)*100 -> 2.7247497
A166: =+A165+1 -> 164 | B166: 43469 | C166: =VLOOKUP(B166,'Base NTN-B Princ 2019'!A:B,2,FALSE)*100 -> 2.45 | D166: 3129.4064 | E166: 0 | F166: =+(F165*(1+AC165/100))+E166 -> 0 | G166: =+D166+E166 -> 3129.4064 | H166: =+(G166/D165-1)*100 -> 0.067128489 | I166: =+(1+H166/100)*I165 -> 1.0385206 | J166: =+(I166-1)*100 -> 3.852064 | K166: =+D166+F166 -> 3129.4064 | L166: =+(K166/K165-1)*100 -> 0.067128489 | M166: =+(1+L166/100)*M165 -> 1.0385206 | N166: =+(M166-1)*100 -> 3.852064 | O166: 1.96 | P166: 3134.7121 | Q166: 0 | R166: =+(R165*(1+AQ165/100))+Q166 -> 0 | S166: =+P166+Q166 -> 3134.7121 | T166: =+(S166/P165-1)*100 -> 0.013014627 | U166: =+(1+T166/100)*U165 -> 1.0402814 | V166: =+(U166-1)*100 -> 4.0281382 | W166: =+P166+R166 -> 3134.7121 | X166: =+(W166/W165-1)*100 -> 0.013014627 | Y166: =+(1+X166/100)*Y165 -> 1.0402814 | Z166: =+(Y166-1)*100 -> 4.0281382 | AA166: 6.4 | AB166: =+((AA165/100+1)^(1/252))*AB165 -> 1.0409036 | AC166: =+(AB166/AB165-1)*100 -> 0.024620249 | AD166: =+(1+AC166/100)*AD165 -> 1.0409036 | AE166: =+(AD166-1)*100 -> 4.0903558 | AF166: 3156.2758 | AG166: 0.1 | AH166: =+((1+AG166/100)^(252/21)-1)*100 -> 1.206622 | AI166: =+(AF166/AF165-1)*100 -> 0.0052606535 | AJ166: =+(1+AI166/100)*AJ165 -> 1.0273015 | AK166: =+(AJ166-1)*100 -> 2.7301537
A167: =+A166+1 -> 165 | B167: 43472 | C167: =VLOOKUP(B167,'Base NTN-B Princ 2019'!A:B,2,FALSE)*100 -> 2.41 | D167: 3130.3002 | E167: 0 | F167: =+(F166*(1+AC166/100))+E167 -> 0 | G167: =+D167+E167 -> 3130.3002 | H167: =+(G167/D166-1)*100 -> 0.028560209 | I167: =+(1+H167/100)*I166 -> 1.0388172 | J167: =+(I167-1)*100 -> 3.8817244 | K167: =+D167+F167 -> 3130.3002 | L167: =+(K167/K166-1)*100 -> 0.028560209 | M167: =+(1+L167/100)*M166 -> 1.0388172 | N167: =+(M167-1)*100 -> 3.8817244 | O167: 1.96 | P167: 3135.1169 | Q167: 0 | R167: =+(R166*(1+AQ166/100))+Q167 -> 0 | S167: =+P167+Q167 -> 3135.1169 | T167: =+(S167/P166-1)*100 -> 0.012913339 | U167: =+(1+T167/100)*U166 -> 1.0404157 | V167: =+(U167-1)*100 -> 4.0415717 | W167: =+P167+R167 -> 3135.1169 | X167: =+(W167/W166-1)*100 -> 0.012913339 | Y167: =+(1+X167/100)*Y166 -> 1.0404157 | Z167: =+(Y167-1)*100 -> 4.0415717 | AA167: 6.4 | AB167: =+((AA166/100+1)^(1/252))*AB166 -> 1.0411598 | AC167: =+(AB167/AB166-1)*100 -> 0.024620249 | AD167: =+(1+AC167/100)*AD166 -> 1.0411598 | AE167: =+(AD167-1)*100 -> 4.1159831 | AF167: 3156.4418 | AG167: 0.1 | AH167: =+((1+AG167/100)^(252/21)-1)*100 -> 1.206622 | AI167: =+(AF167/AF166-1)*100 -> 0.005260662 | AJ167: =+(1+AI167/100)*AJ166 -> 1.0273556 | AK167: =+(AJ167-1)*100 -> 2.735558
A168: =+A167+1 -> 166 | B168: 43473 | C168: =VLOOKUP(B168,'Base NTN-B Princ 2019'!A:B,2,FALSE)*100 -> 2.41 | D168: 3130.7616 | E168: 0 | F168: =+(F167*(1+AC167/100))+E168 -> 0 | G168: =+D168+E168 -> 3130.7616 | H168: =+(G168/D167-1)*100 -> 0.014739673 | I168: =+(1+H168/100)*I167 -> 1.0389704 | J168: =+(I168-1)*100 -> 3.8970362 | K168: =+D168+F168 -> 3130.7616 | L168: =+(K168/K167-1)*100 -> 0.014739673 | M168: =+(1+L168/100)*M167 -> 1.0389704 | N168: =+(M168-1)*100 -> 3.8970362 | O168: 1.96 | P168: 3135.5249 | Q168: 0 | R168: =+(R167*(1+AQ167/100))+Q168 -> 0 | S168: =+P168+Q168 -> 3135.5249 | T168: =+(S168/P167-1)*100 -> 0.013013454 | U168: =+(1+T168/100)*U167 -> 1.0405511 | V168: =+(U168-1)*100 -> 4.0551111 | W168: =+P168+R168 -> 3135.5249 | X168: =+(W168/W167-1)*100 -> 0.013013454 | Y168: =+(1+X168/100)*Y167 -> 1.0405511 | Z168: =+(Y168-1)*100 -> 4.0551111 | AA168: 6.4 | AB168: =+((AA167/100+1)^(1/252))*AB167 -> 1.0414162 | AC168: =+(AB168/AB167-1)*100 -> 0.024620249 | AD168: =+(1+AC168/100)*AD167 -> 1.0414162 | AE168: =+(AD168-1)*100 -> 4.1416167 | AF168: 3156.6079 | AG168: 0.1 | AH168: =+((1+AG168/100)^(252/21)-1)*100 -> 1.206622 | AI168: =+(AF168/AF167-1)*100 -> 0.0052606704 | AJ168: =+(1+AI168/100)*AJ167 -> 1.0274096 | AK168: =+(AJ168-1)*100 -> 2.7409626
A169: =+A168+1 -> 167 | B169: 43474 | C169: =VLOOKUP(B169,'Base NTN-B Princ 2019'!A:B,2,FALSE)*100 -> 2.4 | D169: 3131.324 | E169: 0 | F169: =+(F168*(1+AC168/100))+E169 -> 0 | G169: =+D169+E169 -> 3131.324 | H169: =+(G169/D168-1)*100 -> 0.017965373 | I169: =+(1+H169/100)*I168 -> 1.039157 | J169: =+(I169-1)*100 -> 3.9157017 | K169: =+D169+F169 -> 3131.324 | L169: =+(K169/K168-1)*100 -> 0.017965373 | M169: =+(1+L169/100)*M168 -> 1.039157 | N169: =+(M169-1)*100 -> 3.9157017 | O169: 1.96 | P169: 3135.9298 | Q169: 0 | R169: =+(R168*(1+AQ168/100))+Q169 -> 0 | S169: =+P169+Q169 -> 3135.9298 | T169: =+(S169/P168-1)*100 -> 0.012912192 | U169: =+(1+T169/100)*U168 -> 1.0406855 | V169: =+(U169-1)*100 -> 4.0685469 | W169: =+P169+R169 -> 3135.9298 | X169: =+(W169/W168-1)*100 -> 0.012912192 | Y169: =+(1+X169/100)*Y168 -> 1.0406855 | Z169: =+(Y169-1)*100 -> 4.0685469 | AA169: 6.4 | AB169: =+((AA168/100+1)^(1/252))*AB168 -> 1.0416726 | AC169: =+(AB169/AB168-1)*100 -> 0.024620249 | AD169: =+(1+AC169/100)*AD168 -> 1.0416726 | AE169: =+(AD169-1)*100 -> 4.1672567 | AF169: 3156.7739 | AG169: 0.1 | AH169: =+((1+AG169/100)^(252/21)-1)*100 -> 1.206622 | AI169: =+(AF169/AF168-1)*100 -> 0.0052606787 | AJ169: =+(1+AI169/100)*AJ168 -> 1.0274637 | AK169: =+(AJ169-1)*100 -> 2.7463675
A170: =+A169+1 -> 168 | B170: 43475 | C170: =VLOOKUP(B170,'Base NTN-B Princ 2019'!A:B,2,FALSE)*100 -> 2.3 | D170: 3132.8178 | E170: 0 | F170: =+(F169*(1+AC169/100))+E170 -> 0 | G170: =+D170+E170 -> 3132.8178 | H170: =+(G170/D169-1)*100 -> 0.04770506 | I170: =+(1+H170/100)*I169 -> 1.0396527 | J170: =+(I170-1)*100 -> 3.9652747 | K170: =+D170+F170 -> 3132.8178 | L170: =+(K170/K169-1)*100 -> 0.04770506 | M170: =+(1+L170/100)*M169 -> 1.0396527 | N170: =+(M170-1)*100 -> 3.9652747 | O170: 1.96 | P170: 3136.3378 | Q170: 0 | R170: =+(R169*(1+AQ169/100))+Q170 -> 0 | S170: =+P170+Q170 -> 3136.3378 | T170: =+(S170/P169-1)*100 -> 0.013012249 | U170: =+(1+T170/100)*U169 -> 1.0408209 | V170: =+(U170-1)*100 -> 4.0820886 | W170: =+P170+R170 -> 3136.3378 | X170: =+(W170/W169-1)*100 -> 0.013012249 | Y170: =+(1+X170/100)*Y169 -> 1.0408209 | Z170: =+(Y170-1)*100 -> 4.0820886 | AA170: 6.4 | AB170: =+((AA169/100+1)^(1/252))*AB169 -> 1.041929 | AC170: =+(AB170/AB169-1)*100 -> 0.024620249 | AD170: =+(1+AC170/100)*AD169 -> 1.041929 | AE170: =+(AD170-1)*100 -> 4.1929029 | AF170: 3156.94 | AG170: 0.1 | AH170: =+((1+AG170/100)^(252/21)-1)*100 -> 1.206622 | AI170: =+(AF170/AF169-1)*100 -> 0.0052606554 | AJ170: =+(1+AI170/100)*AJ169 -> 1.0275177 | AK170: =+(AJ170-1)*100 -> 2.7517726
A171: =+A170+1 -> 169 | B171: 43476 | C171: =VLOOKUP(B171,'Base NTN-B Princ 2019'!A:B,2,FALSE)*100 -> 2.22 | D171: 3135.4823 | E171: 0 | F171: =+(F170*(1+AC170/100))+E171 -> 0 | G171: =+D171+E171 -> 3135.4823 | H171: =+(G171/D170-1)*100 -> 0.085049056 | I171: =+(1+H171/100)*I170 -> 1.040537 | J171: =+(I171-1)*100 -> 4.0536962 | K171: =+D171+F171 -> 3135.4823 | L171: =+(K171/K170-1)*100 -> 0.085049056 | M171: =+(1+L171/100)*M170 -> 1.040537 | N171: =+(M171-1)*100 -> 4.0536962 | O171: 1.96 | P171: 3138.1449 | Q171: 0 | R171: =+(R170*(1+AQ170/100))+Q171 -> 0 | S171: =+P171+Q171 -> 3138.1449 | T171: =+(S171/P170-1)*100 -> 0.057617326 | U171: =+(1+T171/100)*U170 -> 1.0414206 | V171: =+(U171-1)*100 -> 4.1420579 | W171: =+P171+R171 -> 3138.1449 | X171: =+(W171/W170-1)*100 -> 0.057617326 | Y171: =+(1+X171/100)*Y170 -> 1.0414206 | Z171: =+(Y171-1)*100 -> 4.1420579 | AA171: 6.4 | AB171: =+((AA170/100+1)^(1/252))*AB170 -> 1.0421856 | AC171: =+(AB171/AB170-1)*100 -> 0.024620249 | AD171: =+(1+AC171/100)*AD170 -> 1.0421856 | AE171: =+(AD171-1)*100 -> 4.2185555 | AF171: 3158.5173 | AG171: 0.15 | AH171: =+((1+AG171/100)^(252/21)-1)*100 -> 1.8149245 | AI171: =+(AF171/AF170-1)*100 -> 0.049963572 | AJ171: =+(1+AI171/100)*AJ170 -> 1.0280311 | AK171: =+(AJ171-1)*100 -> 2.803111
A172: =+A171+1 -> 170 | B172: 43479 | C172: =VLOOKUP(B172,'Base NTN-B Princ 2019'!A:B,2,FALSE)*100 -> 2.32 | D172: 3134.9936 | E172: 0 | F172: =+(F171*(1+AC171/100))+E172 -> 0 | G172: =+D172+E172 -> 3134.9936 | H172: =+(G172/D171-1)*100 -> -0.015583344 | I172: =+(1+H172/100)*I171 -> 1.0403748 | J172: =+(I172-1)*100 -> 4.0374812 | K172: =+D172+F172 -> 3134.9936 | L172: =+(K172/K171-1)*100 -> -0.015583344 | M172: =+(1+L172/100)*M171 -> 1.0403748 | N172: =+(M172-1)*100 -> 4.0374812 | O172: 1.96 | P172: 3138.6357 | Q172: 0 | R172: =+(R171*(1+AQ171/100))+Q172 -> 0 | S172: =+P172+Q172 -> 3138.6357 | T172: =+(S172/P171-1)*100 -> 0.015640259 | U172: =+(1+T172/100)*U171 -> 1.0415835 | V172: =+(U172-1)*100 -> 4.158346 | W172: =+P172+R172 -> 3138.6357 | X172: =+(W172/W171-1)*100 -> 0.015640259 | Y172: =+(1+X172/100)*Y171 -> 1.0415835 | Z172: =+(Y172-1)*100 -> 4.158346 | AA172: 6.4 | AB172: =+((AA171/100+1)^(1/252))*AB171 -> 1.0424421 | AC172: =+(AB172/AB171-1)*100 -> 0.024620249 | AD172: =+(1+AC172/100)*AD171 -> 1.0424421 | AE172: =+(AD172-1)*100 -> 4.2442143 | AF172: 3158.7665 | AG172: 0.15 | AH172: =+((1+AG172/100)^(252/21)-1)*100 -> 1.8149245 | AI172: =+(AF172/AF171-1)*100 -> 0.0078896828 | AJ172: =+(1+AI172/100)*AJ171 -> 1.0281122 | AK172: =+(AJ172-1)*100 -> 2.8112219
A173: =+A172+1 -> 171 | B173: 43480 | C173: =VLOOKUP(B173,'Base NTN-B Princ 2019'!A:B,2,FALSE)*100 -> 2.34 | D173: 3135.3263 | E173: 0 | F173: =+(F172*(1+AC172/100))+E173 -> 0 | G173: =+D173+E173 -> 3135.3263 | H173: =+(G173/D172-1)*100 -> 0.010610356 | I173: =+(1+H173/100)*I172 -> 1.0404852 | J173: =+(I173-1)*100 -> 4.0485199 | K173: =+D173+F173 -> 3135.3263 | L173: =+(K173/K172-1)*100 -> 0.010610356 | M173: =+(1+L173/100)*M172 -> 1.0404852 | N173: =+(M173-1)*100 -> 4.0485199 | O173: 1.96 | P173: 3139.1234 | Q173: 0 | R173: =+(R172*(1+AQ172/100))+Q173 -> 0 | S173: =+P173+Q173 -> 3139.1234 | T173: =+(S173/P172-1)*100 -> 0.015539045 | U173: =+(1+T173/100)*U172 -> 1.0417453 | V173: =+(U173-1)*100 -> 4.1745312 | W173: =+P173+R173 -> 3139.1234 | X173: =+(W173/W172-1)*100 -> 0.015539045 | Y173: =+(1+X173/100)*Y172 -> 1.0417453 | Z173: =+(Y173-1)*100 -> 4.1745312 | AA173: 6.4 | AB173: =+((AA172/100+1)^(1/252))*AB172 -> 1.0426988 | AC173: =+(AB173/AB172-1)*100 -> 0.024620249 | AD173: =+(1+AC173/100)*AD172 -> 1.0426988 | AE173: =+(AD173-1)*100 -> 4.2698795 | AF173: 3159.0157 | AG173: 0.15 | AH173: =+((1+AG173/100)^(252/21)-1)*100 -> 1.8149245 | AI173: =+(AF173/AF172-1)*100 -> 0.0078896936 | AJ173: =+(1+AI173/100)*AJ172 -> 1.0281933 | AK173: =+(AJ173-1)*100 -> 2.8193334
A174: =+A173+1 -> 172 | B174: 43481 | C174: =VLOOKUP(B174,'Base NTN-B Princ 2019'!A:B,2,FALSE)*100 -> 2.33 | D174: 3136.256 | E174: 0 | F174: =+(F173*(1+AC173/100))+E174 -> 0 | G174: =+D174+E174 -> 3136.256 | H174: =+(G174/D173-1)*100 -> 0.029652416 | I174: =+(1+H174/100)*I173 -> 1.0407937 | J174: =+(I174-1)*100 -> 4.0793728 | K174: =+D174+F174 -> 3136.256 | L174: =+(K174/K173-1)*100 -> 0.029652416 | M174: =+(1+L174/100)*M173 -> 1.0407937 | N174: =+(M174-1)*100 -> 4.0793728 | O174: 1.96 | P174: 3139.9116 | Q174: 0 | R174: =+(R173*(1+AQ173/100))+Q174 -> 0 | S174: =+P174+Q174 -> 3139.9116 | T174: =+(S174/P173-1)*100 -> 0.025108251 | U174: =+(1+T174/100)*U173 -> 1.0420069 | V174: =+(U174-1)*100 -> 4.2006876 | W174: =+P174+R174 -> 3139.9116 | X174: =+(W174/W173-1)*100 -> 0.025108251 | Y174: =+(1+X174/100)*Y173 -> 1.0420069 | Z174: =+(Y174-1)*100 -> 4.2006876 | AA174: 6.4 | AB174: =+((AA173/100+1)^(1/252))*AB173 -> 1.0429555 | AC174: =+(AB174/AB173-1)*100 -> 0.024620249 | AD174: =+(1+AC174/100)*AD173 -> 1.0429555 | AE174: =+(AD174-1)*100 -> 4.295551 | AF174: 3159.5641 | AG174: 0.4 | AH174: =+((1+AG174/100)^(252/21)-1)*100 -> 4.9070208 | AI174: =+(AF174/AF173-1)*100 -> 0.017358096 | AJ174: =+(1+AI174/100)*AJ173 -> 1.0283718 | AK174: =+(AJ174-1)*100 -> 2.8371809
A175: =+A174+1 -> 173 | B175: 43482 | C175: =VLOOKUP(B175,'Base NTN-B Princ 2019'!A:B,2,FALSE)*100 -> 2.26 | D175: 3137.7705 | E175: 0 | F175: =+(F174*(1+AC174/100))+E175 -> 0 | G175: =+D175+E175 -> 3137.7705 | H175: =+(G175/D174-1)*100 -> 0.048291658 | I175: =+(1+H175/100)*I174 -> 1.0412963 | J175: =+(I175-1)*100 -> 4.1296345 | K175: =+D175+F175 -> 3137.7705 | L175: =+(K175/K174-1)*100 -> 0.048291658 | M175: =+(1+L175/100)*M174 -> 1.0412963 | N175: =+(M175-1)*100 -> 4.1296345 | O175: 1.96 | P175: 3140.6968 | Q175: 0 | R175: =+(R174*(1+AQ174/100))+Q175 -> 0 | S175: =+P175+Q175 -> 3140.6968 | T175: =+(S175/P174-1)*100 -> 0.02500701 | U175: =+(1+T175/100)*U174 -> 1.0422675 | V175: =+(U175-1)*100 -> 4.2267451 | W175: =+P175+R175 -> 3140.6968 | X175: =+(W175/W174-1)*100 -> 0.02500701 | Y175: =+(1+X175/100)*Y174 -> 1.0422675 | Z175: =+(Y175-1)*100 -> 4.2267451 | AA175: 6.4 | AB175: =+((AA174/100+1)^(1/252))*AB174 -> 1.0432123 | AC175: =+(AB175/AB174-1)*100 -> 0.024620249 | AD175: =+(1+AC175/100)*AD174 -> 1.0432123 | AE175: =+(AD175-1)*100 -> 4.3212288 | AF175: 3160.1125 | AG175: 0.4 | AH175: =+((1+AG175/100)^(252/21)-1)*100 -> 4.9070208 | AI175: =+(AF175/AF174-1)*100 -> 0.017358122 | AJ175: =+(1+AI175/100)*AJ174 -> 1.0285503 | AK175: =+(AJ175-1)*100 -> 2.8550315
... A254: =+A253+1 -> 252 | B254: 43599 | C254: =VLOOKUP(B254,'Base NTN-B Princ 2019'!A:B,2,FALSE)*100 -> -0.94 | D254: 3224.098 | E254: 0 | F254: =+(F253*(1+AC253/100))+E254 -> 0 | G254: =+D254+E254 -> 3224.098 | H254: =+(G254/D253-1)*100 -> 0.024420791 | I254: =+(1+H254/100)*I253 -> 1.0699449 | J254: =+(I254-1)*100 -> 6.9944863 | K254: =+D254+F254 -> 3224.098 | L254: =+(K254/K253-1)*100 -> 0.024420791 | M254: =+(1+L254/100)*M253 -> 1.0699449 | N254: =+(M254-1)*100 -> 6.9944863 | O254: 1.96 | P254: 3223.7272 | Q254: 0 | R254: =+(R253*(1+AQ253/100))+Q254 -> 0 | S254: =+P254+Q254 -> 3223.7272 | T254: =+(S254/P253-1)*100 -> 0.036124972 | U254: =+(1+T254/100)*U253 -> 1.0698218 | V254: =+(U254-1)*100 -> 6.9821824 | W254: =+P254+R254 -> 3223.7272 | X254: =+(W254/W253-1)*100 -> 0.036124972 | Y254: =+(1+X254/100)*Y253 -> 1.0698218 | Z254: =+(Y254-1)*100 -> 6.9821824 | AA254: 6.4 | AB254: =+((AA253/100+1)^(1/252))*AB253 -> 1.0636988 | AC254: =+(AB254/AB253-1)*100 -> 0.024620249 | AD254: =+(1+AC254/100)*AD253 -> 1.0636988 | AE254: =+(AD254-1)*100 -> 6.3698828 | AF254: 3223.9787 | AG254: 0.57 | AH254: =+((1+AG254/100)^(252/21)-1)*100 -> 7.058561 | AI254: =+(AF254/AF253-1)*100 -> 0.028421601 | AJ254: =+(1+AI254/100)*AJ253 -> 1.0493374 | AK254: =+(AJ254-1)*100 -> 4.9337418
A255: =+A254+1 -> 253 | B255: 43600 | C255: =+C254 -> -0.94 | D255: 3224.895 | E255: 0 | F255: =+(F254*(1+AC254/100))+E255 -> 0 | G255: =+D255+E255 -> 3224.895 | H255: =+(G255/D254-1)*100 -> 0.024720713 | I255: =+(1+H255/100)*I254 -> 1.0702094 | J255: =+(I255-1)*100 -> 7.0209361 | K255: =+D255+F255 -> 3224.895 | L255: =+(K255/K254-1)*100 -> 0.024720713 | M255: =+(1+L255/100)*M254 -> 1.0702094 | N255: =+(M255-1)*100 -> 7.0209361 | O255: 1.96 | P255: 3224.895 | Q255: 0 | R255: =+(R254*(1+AQ254/100))+Q255 -> 0 | S255: =+P255+Q255 -> 3224.895 | T255: =+(S255/P254-1)*100 -> 0.036224467 | U255: =+(1+T255/100)*U254 -> 1.0702094 | V255: =+(U255-1)*100 -> 7.0209361 | W255: =+P255+R255 -> 3224.895 | X255: =+(W255/W254-1)*100 -> 0.036224467 | Y255: =+(1+X255/100)*Y254 -> 1.0702094 | Z255: =+(Y255-1)*100 -> 7.0209361 | AA255: 6.4 | AB255: =+((AA254/100+1)^(1/252))*AB254 -> 1.0639607 | AC255: =+(AB255/AB254-1)*100 -> 0.024620249 | AD255: =+(1+AC255/100)*AD254 -> 1.0639607 | AE255: =+(AD255-1)*100 -> 6.3960713 | AF255: 3224.895 | AG255: 0.57 | AH255: =+((1+AG255/100)^(252/21)-1)*100 -> 7.058561 | AI255: =+(AF255/AF254-1)*100 -> 0.028421621 | AJ255: =+(1+AI255/100)*AJ254 -> 1.0496357 | AK255: =+(AJ255-1)*100 -> 4.9635656
F256: =+F255 -> 0 | R256: =+R255 -> 0

Sheet NTN-B 22 até venc
C1: Tx 08/22 | D1: Tx Mercado | F1: Anbima | O1: Tx 08/22 | P1: Tx Curva
A2: Nr. | B2: Data | C2: 44788 | D2: Preço | E2: Juros | F2: Jr CDI | G2: PU Ajustado | H2: Rent | I2: Acum. | J2: Ret Mercado | K2: PU + JR CDI | L2: Rent | M2: Acum. | N2: Ret Mercado | O2: 44788 | P2: Preço | Q2: Juros | R2: Jr CDI | S2: PU Ajustado | T2: Rent | U2: Acum. | V2: Ret Curva | W2: PU + JR CDI | X2: Rent | Y2: Acum. | Z2: 08/22 | AA2: Tx CDI | AB2: Índice | AC2: Rent | AD2: Acum. | AE2: CDI | AF2: VNA IPCA | AG2: IPCA % a.m | AH2: IPCA a.a. | AI2: Rent | AJ2: Acum. | AK2: Ret | AN2: Resumos Estatísticos | AT2: Resumos Estatísticos | AX2: CURVA
A3: 1 | B3: 44421 | C3: 2.32 | D3: 3840.7301 | E3: 0 | I3: 1 | J3: 0 | K3: =+D3 -> 3840.7301 | M3: 1 | N3: 0 | O3: 2.32 | P3: 3840.7301 | Q3: 0 | U3: 1 | V3: 0 | W3: =+P3 -> 3840.7301 | Y3: 1 | Z3: 0 | AA3: 5.15 | AB3: 1 | AD3: 1 | AE3: 0 | AF3: 3606.3227 | AG3: 0.96 | AH3: =+((1+AG3/100)^(252/21)-1)*100 -> 12.148147 | AJ3: 1 | AK3: 0 | AN3: =+C2 -> 44788 | AT3: =+I2 -> Acum.
A4: =+A3+1 -> 2 | B4: 44424 | C4: 2.345 | D4: 3735.1935 | E4: 106.66006 | F4: =+(F3*(1+AC3/100))+E4 -> 106.66006 | G4: =+D4+E4 -> 3841.8536 | H4: =+(G4/D3-1)*100 -> 0.029252641 | I4: =+(1+H4/100)*I3 -> 1.0002925 | J4: =+(I4-1)*100 -> 0.029252641 | K4: =+D4+F4 -> 3841.8536 | L4: =+(K4/K3-1)*100 -> 0.029252641 | M4: =+(1+L4/100)*M3 -> 1.0002925 | N4: =+(M4-1)*100 -> 0.029252641 | O4: =+O3 -> 2.32 | P4: 3736.0883 | Q4: 106.66006 | R4: =+(R3*(1+AQ3/100))+Q4 -> 106.66006 | S4: =+P4+Q4 -> 3842.7483 | T4: =+(S4/P3-1)*100 -> 0.05254915 | U4: =+(1+T4/100)*U3 -> 1.0005255 | V4: =+(U4-1)*100 -> 0.05254915 | W4: =+P4+R4 -> 3842.7483 | X4: =+(W4/W3-1)*100 -> 0.05254915 | Y4: =+(1+X4/100)*Y3 -> 1.0005255 | Z4: =+(Y4-1)*100 -> 0.05254915 | AA4: 5.15 | AB4: =+((AA3/100+1)^(1/252))*AB3 -> 1.0001993 | AC4: =+(AB4/AB3-1)*100 -> 0.019929651 | AD4: =+(1+AC4/100)*AD3 -> 1.0001993 | AE4: =+(AD4-1)*100 -> 0.019929651 | AF4: 3607.8892 | AG4: 0.96 | AH4: =+((1+AG4/100)^(252/21)-1)*100 -> 12.148147 | AI4: =+(AF4/AF3-1)*100 -> 0.043436268 | AJ4: =+(1+AI4/100)*AJ3 -> 1.0004344 | AK4: =+(AJ4-1)*100 -> 0.043436268 | AN4: De: | AO4: 44421 | AT4: De: | AU4: 44421
A5: =+A4+1 -> 3 | B5: 44425 | C5: 2.273 | D5: 3739.0852 | E5: 0 | F5: =+(F4*(1+AC4/100))+E5 -> 106.68132 | G5: =+D5+E5 -> 3739.0852 | H5: =+(G5/D4-1)*100 -> 0.10418863 | I5: =+(1+H5/100)*I4 -> 1.0013347 | J5: =+(I5-1)*100 -> 0.13347175 | K5: =+D5+F5 -> 3845.7665 | L5: =+(K5/K4-1)*100 -> 0.10184938 | M5: =+(1+L5/100)*M4 -> 1.0013113 | N5: =+(M5-1)*100 -> 0.13113181 | O5: =+O4 -> 2.32 | P5: 3737.4035 | Q5: 0 | R5: =+(R4*(1+AQ4/100))+Q5 -> 106.66006 | S5: =+P5+Q5 -> 3737.4035 | T5: =+(S5/P4-1)*100 -> 0.035201952 | U5: =+(1+T5/100)*U4 -> 1.0008777 | V5: =+(U5-1)*100 -> 0.0877696 | W5: =+P5+R5 -> 3844.0635 | X5: =+(W5/W4-1)*100 -> 0.03422488 | Y5: =+(1+X5/100)*Y4 -> 1.0008679 | Z5: =+(Y5-1)*100 -> 0.086792014 | AA5: 5.15 | AB5: =+((AA4/100+1)^(1/252))*AB4 -> 1.0003986 | AC5: =+(AB5/AB4-1)*100 -> 0.019929651 | AD5: =+(1+AC5/100)*AD4 -> 1.0003986 | AE5: =+(AD5-1)*100 -> 0.039863274 | AF5: 3608.8316 | AG5: 0.55 | AH5: =+((1+AG5/100)^(252/21)-1)*100 -> 6.8033559 | AI5: =+(AF5/AF4-1)*100 -> 0.026122116 | AJ5: =+(1+AI5/100)*AJ4 -> 1.0006957 | AK5: =+(AJ5-1)*100 -> 0.069569731 | AN5: Até: | AO5: 44788 | AT5: Até: | AU5: 44788 | AY5: + JR CDI
A6: =+A5+1 -> 4 | B6: 44426 | C6: 2.3209 | D6: 3738.6902 | E6: 0 | F6: =+(F5*(1+AC5/100))+E6 -> 106.70258 | G6: =+D6+E6 -> 3738.6902 | H6: =+(G6/D5-1)*100 -> -0.010563707 | I6: =+(1+H6/100)*I5 -> 1.0012289 | J6: =+(I6-1)*100 -> 0.12289394 | K6: =+D6+F6 -> 3845.3928 | L6: =+(K6/K5-1)*100 -> -0.0097178231 | M6: =+(1+L6/100)*M5 -> 1.001214 | N6: =+(M6-1)*100 -> 0.12140125 | O6: =+O5 -> 2.32 | P6: 3738.7227 | Q6: 0 | R6: =+(R5*(1+AQ5/100))+Q6 -> 106.66006 | S6: =+P6+Q6 -> 3738.7227 | T6: =+(S6/P5-1)*100 -> 0.035297688 | U6: =+(1+T6/100)*U5 -> 1.001231 | V6: =+(U6-1)*100 -> 0.12309827 | W6: =+P6+R6 -> 3845.3827 | X6: =+(W6/W5-1)*100 -> 0.034318293 | Y6: =+(1+X6/100)*Y5 -> 1.0012114 | Z6: =+(Y6-1)*100 -> 0.12114009 | AA6: 5.15 | AB6: =+((AA5/100+1)^(1/252))*AB5 -> 1.000598 | AC6: =+(AB6/AB5-1)*100 -> 0.019929651 | AD6: =+(1+AC6/100)*AD5 -> 1.000598 | AE6: =+(AD6-1)*100 -> 0.059800869 | AF6: 3609.7743 | AG6: 0.55 | AH6: =+((1+AG6/100)^(252/21)-1)*100 -> 6.8033559 | AI6: =+(AF6/AF5-1)*100 -> 0.026122111 | AJ6: =+(1+AI6/100)*AJ5 -> 1.0009571 | AK6: =+(AJ6-1)*100 -> 0.095710015 | AP6: + JR CDI | AR6: Ganho Real | AV6: + JR CDI | AX6: Ganho Real | AY6: Ganho Real
A7: =+A6+1 -> 5 | B7: 44427 | C7: 2.3926 | D7: 3737.4643 | E7: 0 | F7: =+(F6*(1+AC6/100))+E7 -> 106.72385 | G7: =+D7+E7 -> 3737.4643 | H7: =+(G7/D6-1)*100 -> -0.032789879 | I7: =+(1+H7/100)*I6 -> 1.0009006 | J7: =+(I7-1)*100 -> 0.090063768 | K7: =+D7+F7 -> 3844.1881 | L7: =+(K7/K6-1)*100 -> -0.031327009 | M7: =+(1+L7/100)*M6 -> 1.0009004 | N7: =+(M7-1)*100 -> 0.090036206 | O7: =+O6 -> 2.32 | P7: 3740.0387 | Q7: 0 | R7: =+(R6*(1+AQ6/100))+Q7 -> 106.66006 | S7: =+P7+Q7 -> 3740.0387 | T7: =+(S7/P6-1)*100 -> 0.035200284 | U7: =+(1+T7/100)*U6 -> 1.0015834 | V7: =+(U7-1)*100 -> 0.15834188 | W7: =+P7+R7 -> 3846.6988 | X7: =+(W7/W6-1)*100 -> 0.034223927 | Y7: =+(1+X7/100)*Y6 -> 1.0015541 | Z7: =+(Y7-1)*100 -> 0.15540548 | AA7: 5.15 | AB7: =+((AA6/100+1)^(1/252))*AB6 -> 1.0007974 | AC7: =+(AB7/AB6-1)*100 -> 0.019929651 | AD7: =+(1+AC7/100)*AD6 -> 1.0007974 | AE7: =+(AD7-1)*100 -> 0.079742438 | AF7: 3610.7173 | AG7: 0.55 | AH7: =+((1+AG7/100)^(252/21)-1)*100 -> 6.8033559 | AI7: =+(AF7/AF6-1)*100 -> 0.026122132 | AJ7: =+(1+AI7/100)*AJ6 -> 1.0012186 | AK7: =+(AJ7-1)*100 -> 0.12185715 | AN7: Rent Per. | AO7: =((VLOOKUP(AO5,B:AE,8,FALSE)/VLOOKUP(AO4,B:AE,8,FALSE))-1)*100 -> 12.739888 | AP7: =((VLOOKUP(AO5,B:AE,12,FALSE)/VLOOKUP(AO4,B:AE,12,FALSE))-1)*100 -> 12.604105 | AR7: =+(((1+AO7/100)/(1+AO8/100))-1)*100 -> 2.3817121 | AT7: Rent Per. | AU7: =((VLOOKUP(AO5,B:AE,20,FALSE)/VLOOKUP(AO4,B:AE,20,FALSE))-1)*100 -> 12.672006 | AV7: =((VLOOKUP(AO5,B:AE,24,FALSE)/VLOOKUP(AO4,B:AE,20,FALSE))-1)*100 -> 12.163641 | AX7: =+(((1+AU7/100)/(1+AU8/100))-1)*100 -> 2.3200665 | AY7: =+(((1+AV7/100)/(1+AV8/100))-1)*100 -> 1.8584088
A8: =+A7+1 -> 6 | B8: 44428 | C8: 2.4509 | D8: 3736.7359 | E8: 0 | F8: =+(F7*(1+AC7/100))+E8 -> 106.74512 | G8: =+D8+E8 -> 3736.7359 | H8: =+(G8/D7-1)*100 -> -0.019489123 | I8: =+(1+H8/100)*I7 -> 1.0007056 | J8: =+(I8-1)*100 -> 0.070557092 | K8: =+D8+F8 -> 3843.481 | L8: =+(K8/K7-1)*100 -> -0.018394763 | M8: =+(1+L8/100)*M7 -> 1.0007162 | N8: =+(M8-1)*100 -> 0.071624881 | O8: =+O7 -> 2.32 | P8: 3741.3552 | Q8: 0 | R8: =+(R7*(1+AQ7/100))+Q8 -> 106.66006 | S8: =+P8+Q8 -> 3741.3552 | T8: =+(S8/P7-1)*100 -> 0.035199475 | U8: =+(1+T8/100)*U7 -> 1.001936 | V8: =+(U8-1)*100 -> 0.19359709 | W8: =+P8+R8 -> 3848.0153 | X8: =+(W8/W7-1)*100 -> 0.034223475 | Y8: =+(1+X8/100)*Y7 -> 1.0018968 | Z8: =+(Y8-1)*100 -> 0.18968214 | AA8: 5.15 | AB8: =+((AA7/100+1)^(1/252))*AB7 -> 1.0009969 | AC8: =+(AB8/AB7-1)*100 -> 0.019929651 | AD8: =+(1+AC8/100)*AD7 -> 1.0009969 | AE8: =+(AD8-1)*100 -> 0.099687981 | AF8: 3611.6605 | AG8: 0.55 | AH8: =+((1+AG8/100)^(252/21)-1)*100 -> 6.8033559 | AI8: =+(AF8/AF7-1)*100 -> 0.026122123 | AJ8: =+(1+AI8/100)*AJ7 -> 1.0014801 | AK8: =+(AJ8-1)*100 -> 0.1480111 | AN8: VNA IPCA | AO8: =(((VLOOKUP(AO5,B:AK,31,FALSE)/VLOOKUP(AO4,B:AK,31,FALSE))-1)*100) -> 10.117213 | AP8: =+AO8 -> 10.117213 | AT8: VNA IPCA | AU8: =(((VLOOKUP(AO5,B:AK,31,FALSE)/VLOOKUP(AO4,B:AK,31,FALSE))-1)*100) -> 10.117213 | AV8: =+AU8 -> 10.117213
A9: =+A8+1 -> 7 | B9: 44431 | C9: 2.568 | D9: 3733.9657 | E9: 0 | F9: =+(F8*(1+AC8/100))+E9 -> 106.76639 | G9: =+D9+E9 -> 3733.9657 | H9: =+(G9/D8-1)*100 -> -0.074133016 | I9: =+(1+H9/100)*I8 -> 0.99996372 | J9: =+(I9-1)*100 -> -0.0036282295 | K9: =+D9+F9 -> 3840.7321 | L9: =+(K9/K8-1)*100 -> -0.07152061 | M9: =+(1+L9/100)*M8 -> 1.0000005 | N9: =+(M9-1)*100 -> 5.3043653e-05 | O9: =+O8 -> 2.32 | P9: 3742.6721 | Q9: 0 | R9: =+(R8*(1+AQ8/100))+Q9 -> 106.66006 | S9: =+P9+Q9 -> 3742.6721 | T9: =+(S9/P8-1)*100 -> 0.035198663 | U9: =+(1+T9/100)*U8 -> 1.0022886 | V9: =+(U9-1)*100 -> 0.2288639 | W9: =+P9+R9 -> 3849.3322 | X9: =+(W9/W8-1)*100 -> 0.034223019 | Y9: =+(1+X9/100)*Y8 -> 1.0022397 | Z9: =+(Y9-1)*100 -> 0.22397007 | AA9: 5.15 | AB9: =+((AA8/100+1)^(1/252))*AB8 -> 1.0011964 | AC9: =+(AB9/AB8-1)*100 -> 0.019929651 | AD9: =+(1+AC9/100)*AD8 -> 1.0011964 | AE9: =+(AD9-1)*100 -> 0.1196375 | AF9: 3612.6039 | AG9: 0.55 | AH9: =+((1+AG9/100)^(252/21)-1)*100 -> 6.8033559 | AI9: =+(AF9/AF8-1)*100 -> 0.02612214 | AJ9: =+(1+AI9/100)*AJ8 -> 1.0017417 | AK9: =+(AJ9-1)*100 -> 0.17417191 | AN9: CDI | AO9: =(((VLOOKUP(AO5,B:AK,27,FALSE)/VLOOKUP(AO4,B:AK,27,FALSE))-1)*100) -> 9.7595627 | AP9: =+AO9 -> 9.7595627 | AR9: =+(((1+AO9/100)/(1+AO8/100))-1)*100 -> -0.32479085 | AT9: CDI | AU9: =(((VLOOKUP(AO5,B:AK,27,FALSE)/VLOOKUP(AO4,B:AK,27,FALSE))-1)*100) -> 9.7595627 | AV9: =+AU9 -> 9.7595627 | AX9: =+(((1+AU9/100)/(1+AU8/100))-1)*100 -> -0.32479085 | AY9: =+(((1+AV9/100)/(1+AV8/100))-1)*100 -> -0.32479085
A10: =+A9+1 -> 8 | B10: 44432 | C10: 2.6294 | D10: 3733.1741 | E10: 0 | F10: =+(F9*(1+AC9/100))+E10 -> 106.78767 | G10: =+D10+E10 -> 3733.1741 | H10: =+(G10/D9-1)*100 -> -0.021200864 | I10: =+(1+H10/100)*I9 -> 0.99975172 | J10: =+(I10-1)*100 -> -0.024828324 | K10: =+D10+F10 -> 3839.9618 | L10: =+(K10/K9-1)*100 -> -0.0200575 | M10: =+(1+L10/100)*M9 -> 0.99979996 | N10: =+(M10-1)*100 -> -0.020004467 | O10: =+O9 -> 2.32 | P10: 3743.9931 | Q10: 0 | R10: =+(R9*(1+AQ9/100))+Q10 -> 106.66006 | S10: =+P10+Q10 -> 3743.9931 | T10: =+(S10/P9-1)*100 -> 0.035294356 | U10: =+(1+T10/100)*U9 -> 1.0026424 | V10: =+(U10-1)*100 -> 0.26423903 | W10: =+P10+R10 -> 3850.6531 | X10: =+(W10/W9-1)*100 -> 0.034316394 | Y10: =+(1+X10/100)*Y9 -> 1.0025836 | Z10: =+(Y10-1)*100 -> 0.25836333 | AA10: 5.15 | AB10: =+((AA9/100+1)^(1/252))*AB9 -> 1.0013959 | AC10: =+(AB10/AB9-1)*100 -> 0.019929651 | AD10: =+(1+AC10/100)*AD9 -> 1.0013959 | AE10: =+(AD10-1)*100 -> 0.13959099 | AF10: 3613.5476 | AG10: 0.55 | AH10: =+((1+AG10/100)^(252/21)-1)*100 -> 6.8033559 | AI10: =+(AF10/AF9-1)*100 -> 0.026122128 | AJ10: =+(1+AI10/100)*AJ9 -> 1.0020034 | AK10: =+(AJ10-1)*100 -> 0.20033953 | AN10: %CDI | AO10: =+AO7/AO9*100 -> 130.53749 | AP10: =+AP7/AP9*100 -> 129.14621 | AT10: %CDI | AU10: =+AU7/AU9*100 -> 129.84194 | AV10: =+AV7/AV9*100 -> 124.63306
A11: =+A10+1 -> 9 | B11: 44433 | C11: 2.5731 | D11: 3736.4915 | E11: 0 | F11: =+(F10*(1+AC10/100))+E11 -> 106.80895 | G11: =+D11+E11 -> 3736.4915 | H11: =+(G11/D10-1)*100 -> 0.088862022 | I11: =+(1+H11/100)*I10 -> 1.0006401 | J11: =+(I11-1)*100 -> 0.064011635 | K11: =+D11+F11 -> 3843.3004 | L11: =+(K11/K10-1)*100 -> 0.086945043 | M11: =+(1+L11/100)*M10 -> 1.0006692 | N11: =+(M11-1)*100 -> 0.066923184 | O11: =+O10 -> 2.32 | P11: 3745.3108 | Q11: 0 | R11: =+(R10*(1+AQ10/100))+Q11 -> 106.66006 | S11: =+P11+Q11 -> 3745.3108 | T11: =+(S11/P10-1)*100 -> 0.035196994 | U11: =+(1+T11/100)*U10 -> 1.0029953 | V11: =+(U11-1)*100 -> 0.29952903 | W11: =+P11+R11 -> 3851.9709 | X11: =+(W11/W10-1)*100 -> 0.034222065 | Y11: =+(1+X11/100)*Y10 -> 1.0029267 | Z11: =+(Y11-1)*100 -> 0.29267381 | AA11: 5.15 | AB11: =+((AA10/100+1)^(1/252))*AB10 -> 1.0015955 | AC11: =+(AB11/AB10-1)*100 -> 0.019929651 | AD11: =+(1+AC11/100)*AD10 -> 1.0015955 | AE11: =+(AD11-1)*100 -> 0.15954846 | AF11: 3614.4915 | AG11: 0.55 | AH11: =+((1+AG11/100)^(252/21)-1)*100 -> 6.8033559 | AI11: =+(AF11/AF10-1)*100 -> 0.026122113 | AJ11: =+(1+AI11/100)*AJ10 -> 1.0022651 | AK11: =+(AJ11-1)*100 -> 0.22651398 | AN11: Rent a.a. | AO11: =(((1+AO7/100)^(252/NETWORKDAYS(AO4,AO5-1,Feriados!$A$1:$A$936)))-1)*100 -> 12.739888 | AP11: =(((1+AP7/100)^(252/NETWORKDAYS(AO4,AO5-1,Feriados!$A$1:$A$936)))-1)*100 -> 12.604105 | AT11: Rent a.a. | AU11: =(((1+AU7/100)^(252/NETWORKDAYS(AU4,AU5-1,Feriados!$A$1:$A$936)))-1)*100 -> 12.672006 | AV11: =(((1+AV7/100)^(252/NETWORKDAYS(AU4,AU5-1,Feriados!$A$1:$A$936)))-1)*100 -> 12.163641
A12: =+A11+1 -> 10 | B12: 44434 | C12: 2.56 | D12: 3739.8529 | E12: 0 | F12: =+(F11*(1+AC11/100))+E12 -> 106.83024 | G12: =+D12+E12 -> 3739.8529 | H12: =+(G12/D11-1)*100 -> 0.089961774 | I12: =+(1+H12/100)*I11 -> 1.0015403 | J12: =+(I12-1)*100 -> 0.15403099 | K12: =+D12+F12 -> 3846.6831 | L12: =+(K12/K11-1)*100 -> 0.088015515 | M12: =+(1+L12/100)*M11 -> 1.00155 | N12: =+(M12-1)*100 -> 0.1549976 | O12: =+O11 -> 2.32 | P12: 3748.1899 | Q12: 0 | R12: =+(R11*(1+AQ11/100))+Q12 -> 106.66006 | S12: =+P12+Q12 -> 3748.1899 | T12: =+(S12/P11-1)*100 -> 0.076872258 | U12: =+(1+T12/100)*U11 -> 1.0037663 | V12: =+(U12-1)*100 -> 0.37663154 | W12: =+P12+R12 -> 3854.85 | X12: =+(W12/W11-1)*100 -> 0.074743685 | Y12: =+(1+X12/100)*Y11 -> 1.0036764 | Z12: =+(Y12-1)*100 -> 0.36763625 | AA12: 5.15 | AB12: =+((AA11/100+1)^(1/252))*AB11 -> 1.0017951 | AC12: =+(AB12/AB11-1)*100 -> 0.019929651 | AD12: =+(1+AC12/100)*AD11 -> 1.0017951 | AE12: =+(AD12-1)*100 -> 0.17950991 | AF12: 3616.942 | AG12: 0.66 | AH12: =+((1+AG12/100)^(252/21)-1)*100 -> 8.2139158 | AI12: =+(AF12/AF11-1)*100 -> 0.06779446 | AJ12: =+(1+AI12/100)*AJ11 -> 1.0029446 | AK12: =+(AJ12-1)*100 -> 0.294462 | AN12: CDI a.a. | AO12: =(((1+AO9/100)^(252/NETWORKDAYS(AO4,AO5-1,Feriados!$A$1:$A$936)))-1)*100 -> 9.7595627 | AP12: =+AO12 -> 9.7595627 | AT12: CDI a.a. | AU12: =(((1+AU9/100)^(252/NETWORKDAYS(AU4,AU5-1,Feriados!$A$1:$A$936)))-1)*100 -> 9.7595627 | AV12: =+AU12 -> 9.7595627
A13: =+A12+1 -> 11 | B13: 44435 | C13: 2.51 | D13: 3743.1303 | E13: 0 | F13: =+(F12*(1+AC12/100))+E13 -> 106.85153 | G13: =+D13+E13 -> 3743.1303 | H13: =+(G13/D12-1)*100 -> 0.087635105 | I13: =+(1+H13/100)*I12 -> 1.002418 | J13: =+(I13-1)*100 -> 0.24180109 | K13: =+D13+F13 -> 3849.9818 | L13: =+(K13/K12-1)*100 -> 0.085754786 | M13: =+(1+L13/100)*M12 -> 1.0024089 | N13: =+(M13-1)*100 -> 0.24088531 | O13: =+O12 -> 2.32 | P13: 3749.708 | Q13: 0 | R13: =+(R12*(1+AQ12/100))+Q13 -> 106.66006 | S13: =+P13+Q13 -> 3749.708 | T13: =+(S13/P12-1)*100 -> 0.040500456 | U13: =+(1+T13/100)*U12 -> 1.0041728 | V13: =+(U13-1)*100 -> 0.41728454 | W13: =+P13+R13 -> 3856.368 | X13: =+(W13/W12-1)*100 -> 0.039379846 | Y13: =+(1+X13/100)*Y12 -> 1.0040716 | Z13: =+(Y13-1)*100 -> 0.40716087 | AA13: 5.15 | AB13: =+((AA12/100+1)^(1/252))*AB12 -> 1.0019948 | AC13: =+(AB13/AB12-1)*100 -> 0.019929651 | AD13: =+(1+AC13/100)*AD12 -> 1.0019948 | AE13: =+(AD13-1)*100 -> 0.19947534 | AF13: 3618.0752 | AG13: 0.66 | AH13: =+((1+AG13/100)^(252/21)-1)*100 -> 8.2139158 | AI13: =+(AF13/AF12-1)*100 -> 0.031330224 | AJ13: =+(1+AI13/100)*AJ12 -> 1.0032588 | AK13: =+(AJ13-1)*100 -> 0.32588448 | AN13: Maior Ret. Acum | AO13: =MAX(J3:J255) -> 12.739888 | AP13: =MAX(N3:N255) -> 12.604105 | AT13: Maior Ret. Acum | AU13: =MAX(V3:V255) -> 13.226798 | AV13: =MAX(Z3:Z255) -> 12.687813
A14: =+A13+1 -> 12 | B14: 44438 | C14: 2.52 | D14: 3744.3248 | E14: 0 | F14: =+(F13*(1+AC13/100))+E14 -> 106.87282 | G14: =+D14+E14 -> 3744.3248 | H14: =+(G14/D13-1)*100 -> 0.031910377 | I14: =+(1+H14/100)*I13 -> 1.0027379 | J14: =+(I14-1)*100 -> 0.27378862 | K14: =+D14+F14 -> 3851.1976 | L14: =+(K14/K13-1)*100 -> 0.031577867 | M14: =+(1+L14/100)*M13 -> 1.0027254 | N14: =+(M14-1)*100 -> 0.27253924 | O14: =+O13 -> 2.32 | P14: 3751.223 | Q14: 0 | R14: =+(R13*(1+AQ13/100))+Q14 -> 106.66006 | S14: =+P14+Q14 -> 3751.223 | T14: =+(S14/P13-1)*100 -> 0.040403066 | U14: =+(1+T14/100)*U13 -> 1.0045786 | V14: =+(U14-1)*100 -> 0.4578562 | W14: =+P14+R14 -> 3857.883 | X14: =+(W14/W13-1)*100 -> 0.039285592 | Y14: =+(1+X14/100)*Y13 -> 1.0044661 | Z14: =+(Y14-1)*100 -> 0.44660642 | AA14: 5.15 | AB14: =+((AA13/100+1)^(1/252))*AB13 -> 1.0021944 | AC14: =+(AB14/AB13-1)*100 -> 0.019929651 | AD14: =+(1+AC14/100)*AD13 -> 1.0021944 | AE14: =+(AD14-1)*100 -> 0.21944474 | AF14: 3619.2087 | AG14: 0.66 | AH14: =+((1+AG14/100)^(252/21)-1)*100 -> 8.2139158 | AI14: =+(AF14/AF13-1)*100 -> 0.031330223 | AJ14: =+(1+AI14/100)*AJ13 -> 1.0035732 | AK14: =+(AJ14-1)*100 -> 0.3573168 | AN14: Data | AO14: =INDEX($B$2:$AE$255,MATCH(AO13,J2:J255,0),MATCH("Data",$B$2:$AE$2,0)) -> 44788 | AP14: =INDEX($B$2:$AE$255,MATCH(AP13,N2:N255,0),MATCH("Data",$B$2:$AE$2,0)) -> 44788 | AT14: Data | AU14: =INDEX($B$2:$AE$255,MATCH(AU13,V2:V255,0),MATCH("Data",$B$2:$AE$2,0)) -> 44757 | AV14: =INDEX($B$2:$AE$255,MATCH(AV13,Z2:Z255,0),MATCH("Data",$B$2:$AE$2,0)) -> 44757
A15: =+A14+1 -> 13 | B15: 44439 | C15: 2.5278 | D15: 3745.6028 | E15: 0 | F15: =+(F14*(1+AC14/100))+E15 -> 106.89412 | G15: =+D15+E15 -> 3745.6028 | H15: =+(G15/D14-1)*100 -> 0.034134192 | I15: =+(1+H15/100)*I14 -> 1.0030802 | J15: =+(I15-1)*100 -> 0.30801627 | K15: =+D15+F15 -> 3852.497 | L15: =+(K15/K14-1)*100 -> 0.033740008 | M15: =+(1+L15/100)*M14 -> 1.0030637 | N15: =+(M15-1)*100 -> 0.3063712 | O15: =+O14 -> 2.32 | P15: 3752.7385 | Q15: 0 | R15: =+(R14*(1+AQ14/100))+Q15 -> 106.66006 | S15: =+P15+Q15 -> 3752.7385 | T15: =+(S15/P14-1)*100 -> 0.040402264 | U15: =+(1+T15/100)*U14 -> 1.0049844 | V15: =+(U15-1)*100 -> 0.49844345 | W15: =+P15+R15 -> 3859.3986 | X15: =+(W15/W14-1)*100 -> 0.03928525 | Y15: =+(1+X15/100)*Y14 -> 1.0048607 | Z15: =+(Y15-1)*100 -> 0.48606712 | AA15: 5.15 | AB15: =+((AA14/100+1)^(1/252))*AB14 -> 1.0023942 | AC15: =+(AB15/AB14-1)*100 -> 0.019929651 | AD15: =+(1+AC15/100)*AD14 -> 1.0023942 | AE15: =+(AD15-1)*100 -> 0.23941813 | AF15: 3620.3426 | AG15: 0.66 | AH15: =+((1+AG15/100)^(252/21)-1)*100 -> 8.2139158 | AI15: =+(AF15/AF14-1)*100 -> 0.031330219 | AJ15: =+(1+AI15/100)*AJ14 -> 1.0038876 | AK15: =+(AJ15-1)*100 -> 0.38875897 | AN15: Menor Ret. Acum | AO15: =MIN(J3:J255) -> -0.024828324 | AP15: =MIN(N3:N255) -> -0.020004467 | AT15: Menor Ret. Acum | AU15: =MIN(V3:V255) -> 0 | AV15: =MIN(Z3:Z255) -> 0
A16: =+A15+1 -> 14 | B16: 44440 | C16: 2.59 | D16: 3745.0236 | E16: 0 | F16: =+(F15*(1+AC15/100))+E16 -> 106.91543 | G16: =+D16+E16 -> 3745.0236 | H16: =+(G16/D15-1)*100 -> -0.015465868 | I16: =+(1+H16/100)*I15 -> 1.002925 | J16: =+(I16-1)*100 -> 0.29250276 | K16: =+D16+F16 -> 3851.939 | L16: =+(K16/K15-1)*100 -> -0.014483759 | M16: =+(1+L16/100)*M15 -> 1.0029184 | N16: =+(M16-1)*100 -> 0.29184307 | O16: =+O15 -> 2.32 | P16: 3754.2583 | Q16: 0 | R16: =+(R15*(1+AQ15/100))+Q16 -> 106.66006 | S16: =+P16+Q16 -> 3754.2583 | T16: =+(S16/P15-1)*100 -> 0.040497919 | U16: =+(1+T16/100)*U15 -> 1.0053914 | V16: =+(U16-1)*100 -> 0.53914322 | W16: =+P16+R16 -> 3860.9184 | X16: =+(W16/W15-1)*100 -> 0.0393787 | Y16: =+(1+X16/100)*Y15 -> 1.0052564 | Z16: =+(Y16-1)*100 -> 0.52563722 | AA16: 5.15 | AB16: =+((AA15/100+1)^(1/252))*AB15 -> 1.002594 | AC16: =+(AB16/AB15-1)*100 -> 0.019929651 | AD16: =+(1+AC16/100)*AD15 -> 1.002594 | AE16: =+(AD16-1)*100 -> 0.2593955 | AF16: 3621.4769 | AG16: 0.66 | AH16: =+((1+AG16/100)^(252/21)-1)*100 -> 8.2139158 | AI16: =+(AF16/AF15-1)*100 -> 0.031330212 | AJ16: =+(1+AI16/100)*AJ15 -> 1.0042021 | AK16: =+(AJ16-1)*100 -> 0.42021098 | AN16: Data | AO16: =INDEX($B$2:$AE$255,MATCH(AO15,J2:J255,0),MATCH("Data",$B$2:$AE$2,0)) -> 44432 | AP16: =INDEX($B$2:$AE$255,MATCH(AP15,N2:N255,0),MATCH("Data",$B$2:$AE$2,0)) -> 44432 | AT16: Data | AU16: =INDEX($B$2:$AE$255,MATCH(AU15,V2:V255,0),MATCH("Data",$B$2:$AE$2,0)) -> 44421 | AV16: =INDEX($B$2:$AE$255,MATCH(AV15,Z2:Z255,0),MATCH("Data",$B$2:$AE$2,0)) -> 44421
A17: =+A16+1 -> 15 | B17: 44441 | C17: 2.575 | D17: 3747.0844 | E17: 0 | F17: =+(F16*(1+AC16/100))+E17 -> 106.93673 | G17: =+D17+E17 -> 3747.0844 | H17: =+(G17/D16-1)*100 -> 0.0550294 | I17: =+(1+H17/100)*I16 -> 1.0034769 | J17: =+(I17-1)*100 -> 0.34769313 | K17: =+D17+F17 -> 3854.0212 | L17: =+(K17/K16-1)*100 -> 0.054055162 | M17: =+(1+L17/100)*M16 -> 1.0034606 | N17: =+(M17-1)*100 -> 0.34605599 | O17: =+O16 -> 2.32 | P17: 3755.7751 | Q17: 0 | R17: =+(R16*(1+AQ16/100))+Q17 -> 106.66006 | S17: =+P17+Q17 -> 3755.7751 | T17: =+(S17/P16-1)*100 -> 0.040400603 | U17: =+(1+T17/100)*U16 -> 1.0057976 | V17: =+(U17-1)*100 -> 0.57976164 | W17: =+P17+R17 -> 3862.4351 | X17: =+(W17/W16-1)*100 -> 0.039284513 | Y17: =+(1+X17/100)*Y16 -> 1.0056513 | Z17: =+(Y17-1)*100 -> 0.56512823 | AA17: 5.15 | AB17: =+((AA16/100+1)^(1/252))*AB16 -> 1.0027938 | AC17: =+(AB17/AB16-1)*100 -> 0.019929651 | AD17: =+(1+AC17/100)*AD16 -> 1.0027938 | AE17: =+(AD17-1)*100 -> 0.27937684 | AF17: 3622.6115 | AG17: 0.66 | AH17: =+((1+AG17/100)^(252/21)-1)*100 -> 8.2139158 | AI17: =+(AF17/AF16-1)*100 -> 0.031330229 | AJ17: =+(1+AI17/100)*AJ16 -> 1.0045167 | AK17: =+(AJ17-1)*100 -> 0.45167286 | AN17: Vol. Per. Anualizada | AO17: =_xlfn.STDEV.S(H4:H255)*SQRT(252) -> 1.716893 | AP17: =_xlfn.STDEV.S(L4:L255)*SQRT(252) -> 1.6441093 | AT17: Vol. Per. Anualizada | AU17: =_xlfn.STDEV.S(X4:X255)*SQRT(252) -> 0.59838696 | AV17: =_xlfn.STDEV.S(X4:X255)*SQRT(252) -> 0.59838696
A18: =+A17+1 -> 16 | B18: 44442 | C18: 2.4852 | D18: 3751.6828 | E18: 0 | F18: =+(F17*(1+AC17/100))+E18 -> 106.95805 | G18: =+D18+E18 -> 3751.6828 | H18: =+(G18/D17-1)*100 -> 0.12271968 | I18: =+(1+H18/100)*I17 -> 1.0047084 | J18: =+(I18-1)*100 -> 0.47083949 | K18: =+D18+F18 -> 3858.6409 | L18: =+(K18/K17-1)*100 -> 0.11986759 | M18: =+(1+L18/100)*M17 -> 1.0046634 | N18: =+(M18-1)*100 -> 0.46633838 | O18: =+O17 -> 2.32 | P18: 3757.2924 | Q18: 0 | R18: =+(R17*(1+AQ17/100))+Q18 -> 106.66006 | S18: =+P18+Q18 -> 3757.2924 | T18: =+(S18/P17-1)*100 -> 0.040399784 | U18: =+(1+T18/100)*U17 -> 1.006204 | V18: =+(U18-1)*100 -> 0.62039565 | W18: =+P18+R18 -> 3863.9525 | X18: =+(W18/W17-1)*100 -> 0.039284155 | Y18: =+(1+X18/100)*Y17 -> 1.0060463 | Z18: =+(Y18-1)*100 -> 0.60463439 | AA18: 5.15 | AB18: =+((AA17/100+1)^(1/252))*AB17 -> 1.0029936 | AC18: =+(AB18/AB17-1)*100 -> 0.019929651 | AD18: =+(1+AC18/100)*AD17 -> 1.0029936 | AE18: =+(AD18-1)*100 -> 0.29936217 | AF18: 3623.7465 | AG18: 0.66 | AH18: =+((1+AG18/100)^(252/21)-1)*100 -> 8.2139158 | AI18: =+(AF18/AF17-1)*100 -> 0.031330216 | AJ18: =+(1+AI18/100)*AJ17 -> 1.0048314 | AK18: =+(AJ18-1)*100 -> 0.48314459 | AR18: IPCA + 2,32% a.a. | AX18: IPCA + 2,32% a.a.
A19: =+A18+1 -> 17 | B19: 44445 | C19: 2.36 | D19: 3757.4582 | E19: 0 | F19: =+(F18*(1+AC18/100))+E19 -> 106.97936 | G19: =+D19+E19 -> 3757.4582 | H19: =+(G19/D18-1)*100 -> 0.15394118 | I19: =+(1+H19/100)*I18 -> 1.0062551 | J19: =+(I19-1)*100 -> 0.62550549 | K19: =+D19+F19 -> 3864.4376 | L19: =+(K19/K18-1)*100 -> 0.15022651 | M19: =+(1+L19/100)*M18 -> 1.0061727 | N19: =+(M19-1)*100 -> 0.61726545 | O19: =+O18 -> 2.32 | P19: 3758.8139 | Q19: 0 | R19: =+(R18*(1+AQ18/100))+Q19 -> 106.66006 | S19: =+P19+Q19 -> 3758.8139 | T19: =+(S19/P18-1)*100 -> 0.040495411 | U19: =+(1+T19/100)*U18 -> 1.0066114 | V19: =+(U19-1)*100 -> 0.66114229 | W19: =+P19+R19 -> 3865.474 | X19: =+(W19/W18-1)*100 -> 0.039377581 | Y19: =+(1+X19/100)*Y18 -> 1.0064425 | Z19: =+(Y19-1)*100 -> 0.64425006 | AA19: 5.15 | AB19: =+((AA18/100+1)^(1/252))*AB18 -> 1.0031935 | AC19: =+(AB19/AB18-1)*100 -> 0.019929651 | AD19: =+(1+AC19/100)*AD18 -> 1.0031935 | AE19: =+(AD19-1)*100 -> 0.31935149 | AF19: 3624.8818 | AG19: 0.66 | AH19: =+((1+AG19/100)^(252/21)-1)*100 -> 8.2139158 | AI19: =+(AF19/AF18-1)*100 -> 0.0313302 | AJ19: =+(1+AI19/100)*AJ18 -> 1.0051463 | AK19: =+(AJ19-1)*100 -> 0.51462616 | AN19: Taxa Entrada | AO19: =+VLOOKUP(AO4,B2:AE255,2,FALSE) -> 2.32 | AR19: =+(((1+AO19/100)*(1+AO8/100))-1)*100 -> 12.671933 | AT19: Taxa Entrada | AU19: =+VLOOKUP(AU4,B2:AE255,14,FALSE) -> 2.32 | AX19: =+(((1+AU19/100)*(1+AU8/100))-1)*100 -> 12.671933
A20: =+A19+1 -> 18 | B20: 44447 | C20: 2.3118 | D20: 3760.608 | E20: 0 | F20: =+(F19*(1+AC19/100))+E20 -> 107.00068 | G20: =+D20+E20 -> 3760.608 | H20: =+(G20/D19-1)*100 -> 0.083827253 | I20: =+(1+H20/100)*I19 -> 1.0070986 | J20: =+(I20-1)*100 -> 0.70985709 | K20: =+D20+F20 -> 3867.6087 | L20: =+(K20/K19-1)*100 -> 0.082058373 | M20: =+(1+L20/100)*M19 -> 1.0069983 | N20: =+(M20-1)*100 -> 0.69983034 | O20: =+O19 -> 2.32 | P20: 3760.3324 | Q20: 0 | R20: =+(R19*(1+AQ19/100))+Q20 -> 106.66006 | S20: =+P20+Q20 -> 3760.3324 | T20: =+(S20/P19-1)*100 -> 0.040398142 | U20: =+(1+T20/100)*U19 -> 1.0070181 | V20: =+(U20-1)*100 -> 0.70180752 | W20: =+P20+R20 -> 3866.9925 | X20: =+(W20/W19-1)*100 -> 0.039283436 | Y20: =+(1+X20/100)*Y19 -> 1.0068379 | Z20: =+(Y20-1)*100 -> 0.68378658 | AA20: 5.15 | AB20: =+((AA19/100+1)^(1/252))*AB19 -> 1.0033934 | AC20: =+(AB20/AB19-1)*100 -> 0.019929651 | AD20: =+(1+AC20/100)*AD19 -> 1.0033934 | AE20: =+(AD20-1)*100 -> 0.33934478 | AF20: 3626.0175 | AG20: 0.66 | AH20: =+((1+AG20/100)^(252/21)-1)*100 -> 8.2139158 | AI20: =+(AF20/AF19-1)*100 -> 0.031330235 | AJ20: =+(1+AI20/100)*AJ19 -> 1.0054612 | AK20: =+(AJ20-1)*100 -> 0.54611763 | AN20: Taxa de Saída | AO20: =+VLOOKUP(AO5,B2:AE255,2,FALSE) -> 23.4228 | AT20: Taxa de Saída | AU20: =+VLOOKUP(AU5,B3:AE256,14,FALSE) -> 2.32
A21: =+A20+1 -> 19 | B21: 44448 | C21: 2.6353 | D21: 3757.6157 | E21: 0 | F21: =+(F20*(1+AC20/100))+E21 -> 107.02201 | G21: =+D21+E21 -> 3757.6157 | H21: =+(G21/D20-1)*100 -> -0.079569421 | I21: =+(1+H21/100)*I20 -> 1.0062972 | J21: =+(I21-1)*100 -> 0.62972284 | K21: =+D21+F21 -> 3864.6377 | L21: =+(K21/K20-1)*100 -> -0.076816694 | M21: =+(1+L21/100)*M20 -> 1.0062248 | N21: =+(M21-1)*100 -> 0.62247606 | O21: =+O20 -> 2.32 | P21: 3768.2067 | Q21: 0 | R21: =+(R20*(1+AQ20/100))+Q21 -> 106.66006 | S21: =+P21+Q21 -> 3768.2067 | T21: =+(S21/P20-1)*100 -> 0.20940401 | U21: =+(1+T21/100)*U20 -> 1.0091268 | V21: =+(U21-1)*100 -> 0.91268115 | W21: =+P21+R21 -> 3874.8668 | X21: =+(W21/W20-1)*100 -> 0.2036282 | Y21: =+(1+X21/100)*Y20 -> 1.0088881 | Z21: =+(Y21-1)*100 -> 0.88880716 | AA21: 5.15 | AB21: =+((AA20/100+1)^(1/252))*AB20 -> 1.0035934 | AC21: =+(AB21/AB20-1)*100 -> 0.019929651 | AD21: =+(1+AC21/100)*AD20 -> 1.0035934 | AE21: =+(AD21-1)*100 -> 0.35934206 | AF21: 3633.2777 | AG21: 0.87 | AH21: =+((1+AG21/100)^(252/21)-1)*100 -> 10.954329 | AI21: =+(AF21/AF20-1)*100 -> 0.20022501 | AJ21: =+(1+AI21/100)*AJ20 -> 1.0074744 | AK21: =+(AJ21-1)*100 -> 0.74743611 | AN21: Diferença | AO21: =+AO20-AO19 -> 21.1028 | AT21: Diferença | AU21: =+AU20-AU19 -> 0
A22: =+A21+1 -> 20 | B22: 44449 | C22: 2.5802 | D22: 3761.3941 | E22: 0 | F22: =+(F21*(1+AC21/100))+E22 -> 107.04334 | G22: =+D22+E22 -> 3761.3941 | H22: =+(G22/D21-1)*100 -> 0.10055336 | I22: =+(1+H22/100)*I21 -> 1.0073091 | J22: =+(I22-1)*100 -> 0.73090941 | K22: =+D22+F22 -> 3868.4374 | L22: =+(K22/K21-1)*100 -> 0.098320681 | M22: =+(1+L22/100)*M21 -> 1.0072141 | N22: =+(M22-1)*100 -> 0.72140877 | O22: =+O21 -> 2.32 | P22: 3770.103 | Q22: 0 | R22: =+(R21*(1+AQ21/100))+Q22 -> 106.66006 | S22: =+P22+Q22 -> 3770.103 | T22: =+(S22/P21-1)*100 -> 0.050324469 | U22: =+(1+T22/100)*U21 -> 1.0096346 | V22: =+(U22-1)*100 -> 0.96346492 | W22: =+P22+R22 -> 3876.7631 | X22: =+(W22/W21-1)*100 -> 0.048939231 | Y22: =+(1+X22/100)*Y21 -> 1.0093818 | Z22: =+(Y22-1)*100 -> 0.93818137 | AA22: 5.15 | AB22: =+((AA21/100+1)^(1/252))*AB21 -> 1.0037934 | AC22: =+(AB22/AB21-1)*100 -> 0.019929651 | AD22: =+(1+AC22/100)*AD21 -> 1.0037934 | AE22: =+(AD22-1)*100 -> 0.37934333 | AF22: 3634.7767 | AG22: 0.87 | AH22: =+((1+AG22/100)^(252/21)-1)*100 -> 10.954329 | AI22: =+(AF22/AF21-1)*100 -> 0.04125732 | AJ22: =+(1+AI22/100)*AJ21 -> 1.00789 | AK22: =+(AJ22-1)*100 -> 0.7890018 | AN22: Máxima | AO22: =MAX(C3:C255) -> 26.7369 | AT22: Máxima | AU22: =MAX(O3:O255) -> 2.32
A23: =+A22+1 -> 21 | B23: 44452 | C23: 2.61 | D23: 3762.3351 | E23: 0 | F23: =+(F22*(1+AC22/100))+E23 -> 107.06467 | G23: =+D23+E23 -> 3762.3351 | H23: =+(G23/D22-1)*100 -> 0.025016177 | I23: =+(1+H23/100)*I22 -> 1.0075611 | J23: =+(I23-1)*100 -> 0.75610844 | K23: =+D23+F23 -> 3869.3997 | L23: =+(K23/K22-1)*100 -> 0.024875428 | M23: =+(1+L23/100)*M22 -> 1.0074646 | N23: =+(M23-1)*100 -> 0.74646365 | O23: =+O22 -> 2.32 | P23: 3772.0003 | Q23: 0 | R23: =+(R22*(1+AQ22/100))+Q23 -> 106.66006 | S23: =+P23+Q23 -> 3772.0003 | T23: =+(S23/P22-1)*100 -> 0.050323664 | U23: =+(1+T23/100)*U22 -> 1.0101427 | V23: =+(U23-1)*100 -> 1.0142734 | W23: =+P23+R23 -> 3878.6603 | X23: =+(W23/W22-1)*100 -> 0.048939127 | Y23: =+(1+X23/100)*Y22 -> 1.0098758 | Z23: =+(Y23-1)*100 -> 0.98757963 | AA23: 5.15 | AB23: =+((AA22/100+1)^(1/252))*AB22 -> 1.0039935 | AC23: =+(AB23/AB22-1)*100 -> 0.019929651 | AD23: =+(1+AC23/100)*AD22 -> 1.0039935 | AE23: =+(AD23-1)*100 -> 0.39934858 | AF23: 3636.2763 | AG23: 0.87 | AH23: =+((1+AG23/100)^(252/21)-1)*100 -> 10.954329 | AI23: =+(AF23/AF22-1)*100 -> 0.041257335 | AJ23: =+(1+AI23/100)*AJ22 -> 1.0083058 | AK23: =+(AJ23-1)*100 -> 0.83058465 | AN23: Data | AO23: =INDEX($B$2:$AE$255,MATCH(AO22,C2:C255,0),MATCH("Data",$B$2:$AE$2,0)) -> 44761 | AT23: Data
A24: =+A23+1 -> 22 | B24: 44453 | C24: 2.3404 | D24: 3773.2218 | E24: 0 | F24: =+(F23*(1+AC23/100))+E24 -> 107.08601 | G24: =+D24+E24 -> 3773.2218 | H24: =+(G24/D23-1)*100 -> 0.28936213 | I24: =+(1+H24/100)*I23 -> 1.0104766 | J24: =+(I24-1)*100 -> 1.0476585 | K24: =+D24+F24 -> 3880.3078 | L24: =+(K24/K23-1)*100 -> 0.28190705 | M24: =+(1+L24/100)*M23 -> 1.0103048 | N24: =+(M24-1)*100 -> 1.030475 | O24: =+O23 -> 2.32 | P24: 3773.9021 | Q24: 0 | R24: =+(R23*(1+AQ23/100))+Q24 -> 106.66006 | S24: =+P24+Q24 -> 3773.9021 | T24: =+(S24/P23-1)*100 -> 0.05041927 | U24: =+(1+T24/100)*U23 -> 1.010652 | V24: =+(U24-1)*100 -> 1.0652041 | W24: =+P24+R24 -> 3880.5622 | X24: =+(W24/W23-1)*100 -> 0.04903278 | Y24: =+(1+X24/100)*Y23 -> 1.010371 | Z24: =+(Y24-1)*100 -> 1.0370967 | AA24: 5.15 | AB24: =+((AA23/100+1)^(1/252))*AB23 -> 1.0041936 | AC24: =+(AB24/AB23-1)*100 -> 0.019929651 | AD24: =+(1+AC24/100)*AD23 -> 1.0041936 | AE24: =+(AD24-1)*100 -> 0.41935782 | AF24: 3637.7765 | AG24: 0.87 | AH24: =+((1+AG24/100)^(252/21)-1)*100 -> 10.954329 | AI24: =+(AF24/AF23-1)*100 -> 0.041257316 | AJ24: =+(1+AI24/100)*AJ23 -> 1.0087218 | AK24: =+(AJ24-1)*100 -> 0.87218465 | AN24: Mínima | AO24: =MIN(C3:C255) -> 2.2562 | AT24: Mínima | AU24: =MIN(O2:O255) -> 2.32
A25: =+A24+1 -> 23 | B25: 44454 | C25: 2.28 | D25: 3777.1295 | E25: 0 | F25: =+(F24*(1+AC24/100))+E25 -> 107.10735 | G25: =+D25+E25 -> 3777.1295 | H25: =+(G25/D24-1)*100 -> 0.10356412 | I25: =+(1+H25/100)*I24 -> 1.0115231 | J25: =+(I25-1)*100 -> 1.1523076 | K25: =+D25+F25 -> 3884.2369 | L25: =+(K25/K24-1)*100 -> 0.10125603 | M25: =+(1+L25/100)*M24 -> 1.0113277 | N25: =+(M25-1)*100 -> 1.1327745 | O25: =+O24 -> 2.32 | P25: 3775.8012 | Q25: 0 | R25: =+(R24*(1+AQ24/100))+Q25 -> 106.66006 | S25: =+P25+Q25 -> 3775.8012 | T25: =+(S25/P24-1)*100 -> 0.050322026 | U25: =+(1+T25/100)*U24 -> 1.0111606 | V25: =+(U25-1)*100 -> 1.1160622 | W25: =+P25+R25 -> 3882.4613 | X25: =+(W25/W24-1)*100 -> 0.048938889 | Y25: =+(1+X25/100)*Y24 -> 1.0108654 | Z25: =+(Y25-1)*100 -> 1.0865431 | AA25: 5.15 | AB25: =+((AA24/100+1)^(1/252))*AB24 -> 1.0043937 | AC25: =+(AB25/AB24-1)*100 -> 0.019929651 | AD25: =+(1+AC25/100)*AD24 -> 1.0043937 | AE25: =+(AD25-1)*100 -> 0.43937105 | AF25: 3639.2774 | AG25: 0.87 | AH25: =+((1+AG25/100)^(252/21)-1)*100 -> 10.954329 | AI25: =+(AF25/AF24-1)*100 -> 0.041257345 | AJ25: =+(1+AI25/100)*AJ24 -> 1.009138 | AK25: =+(AJ25-1)*100 -> 0.91380183 | AN25: Data | AO25: =INDEX(B2:AE255,MATCH(AO24,C2:C255,0),MATCH("Data",B2:AE2,0)) -> 44463 | AT25: Data
A26: =+A25+1 -> 24 | B26: 44455 | C26: 2.278 | D26: 3779.306 | E26: 0 | F26: =+(F25*(1+AC25/100))+E26 -> 107.1287 | G26: =+D26+E26 -> 3779.306 | H26: =+(G26/D25-1)*100 -> 0.057621932 | I26: =+(1+H26/100)*I25 -> 1.0121059 | J26: =+(I26-1)*100 -> 1.2105935 | K26: =+D26+F26 -> 3886.4347 | L26: =+(K26/K25-1)*100 -> 0.056582572 | M26: =+(1+L26/100)*M25 -> 1.0119 | N26: =+(M26-1)*100 -> 1.189998 | O26: =+O25 -> 2.32 | P26: 3777.9188 | Q26: 0 | R26: =+(R25*(1+AQ25/100))+Q26 -> 106.66006 | S26: =+P26+Q26 -> 3777.9188 | T26: =+(S26/P25-1)*100 -> 0.056082799 | U26: =+(1+T26/100)*U25 -> 1.0117277 | V26: =+(U26-1)*100 -> 1.1727709 | W26: =+P26+R26 -> 3884.5788 | X26: =+(W26/W25-1)*100 -> 0.054542077 | Y26: =+(1+X26/100)*Y25 -> 1.0114168 | Z26: =+(Y26-1)*100 -> 1.1416778 | AA26: 5.15 | AB26: =+((AA25/100+1)^(1/252))*AB25 -> 1.0045939 | AC26: =+(AB26/AB25-1)*100 -> 0.019929651 | AD26: =+(1+AC26/100)*AD25 -> 1.0045939 | AE26: =+(AD26-1)*100 -> 0.45938827 | AF26: 3640.985 | AG26: 0.99 | AH26: =+((1+AG26/100)^(252/21)-1)*100 -> 12.548696 | AI26: =+(AF26/AF25-1)*100 -> 0.046922008 | AJ26: =+(1+AI26/100)*AJ25 -> 1.0096115 | AK26: =+(AJ26-1)*100 -> 0.96115261 | AN26: Ampliude | AO26: =+AO22-AO24 -> 24.4807 | AT26: Ampliude | AU26: =+AU22-AU24 -> 0
A27: =+A26+1 -> 25 | B27: 44456 | C27: 2.28 | D27: 3781.3525 | E27: 0 | F27: =+(F26*(1+AC26/100))+E27 -> 107.15005 | G27: =+D27+E27 -> 3781.3525 | H27: =+(G27/D26-1)*100 -> 0.054150947 | I27: =+(1+H27/100)*I26 -> 1.012654 | J27: =+(I27-1)*100 -> 1.2654 | K27: =+D27+F27 -> 3888.5026 | L27: =+(K27/K26-1)*100 -> 0.053207645 | M27: =+(1+L27/100)*M26 -> 1.0124384 | N27: =+(M27-1)*100 -> 1.2438388 | O27: =+O26 -> 2.32 | P27: 3780.0339 | Q27: 0 | R27: =+(R26*(1+AQ26/100))+Q27 -> 106.66006 | S27: =+P27+Q27 -> 3780.0339 | T27: =+(S27/P26-1)*100 -> 0.055985613 | U27: =+(1+T27/100)*U26 -> 1.0122941 | V27: =+(U27-1)*100 -> 1.2294131 | W27: =+P27+R27 -> 3886.6939 | X27: =+(W27/W26-1)*100 -> 0.054448399 | Y27: =+(1+X27/100)*Y26 -> 1.0119675 | Z27: =+(Y27-1)*100 -> 1.1967478 | AA27: 5.15 | AB27: =+((AA26/100+1)^(1/252))*AB26 -> 1.0047941 | AC27: =+(AB27/AB26-1)*100 -> 0.019929651 | AD27: =+(1+AC27/100)*AD26 -> 1.0047941 | AE27: =+(AD27-1)*100 -> 0.47940947 | AF27: 3642.6934 | AG27: 0.99 | AH27: =+((1+AG27/100)^(252/21)-1)*100 -> 12.548696 | AI27: =+(AF27/AF26-1)*100 -> 0.046922056 | AJ27: =+(1+AI27/100)*AJ26 -> 1.0100853 | AK27: =+(AJ27-1)*100 -> 1.0085257 | AN27: Média | AO27: =AVERAGE(C3:C255) -> 7.8605281 | AT27: Média | AU27: =AVERAGE(O3:O255) -> 2.32
A28: =+A27+1 -> 26 | B28: 44459 | C28: 2.3 | D28: 3782.8061 | E28: 0 | F28: =+(F27*(1+AC27/100))+E28 -> 107.1714 | G28: =+D28+E28 -> 3782.8061 | H28: =+(G28/D27-1)*100 -> 0.038440716 | I28: =+(1+H28/100)*I27 -> 1.0130433 | J28: =+(I28-1)*100 -> 1.3043271 | K28: =+D28+F28 -> 3889.9775 | L28: =+(K28/K27-1)*100 -> 0.037930633 | M28: =+(1+L28/100)*M27 -> 1.0128224 | N28: =+(M28-1)*100 -> 1.2822413 | O28: =+O27 -> 2.32 | P28: 3782.1501 | Q28: 0 | R28: =+(R27*(1+AQ27/100))+Q28 -> 106.66006 | S28: =+P28+Q28 -> 3782.1501 | T28: =+(S28/P27-1)*100 -> 0.055984736 | U28: =+(1+T28/100)*U27 -> 1.0128609 | V28: =+(U28-1)*100 -> 1.2860861 | W28: =+P28+R28 -> 3888.8102 | X28: =+(W28/W27-1)*100 -> 0.054448383 | Y28: =+(1+X28/100)*Y27 -> 1.0125185 | Z28: =+(Y28-1)*100 -> 1.2518478 | AA28: 5.15 | AB28: =+((AA27/100+1)^(1/252))*AB27 -> 1.0049943 | AC28: =+(AB28/AB27-1)*100 -> 0.019929651 | AD28: =+(1+AC28/100)*AD27 -> 1.0049943 | AE28: =+(AD28-1)*100 -> 0.49943467 | AF28: 3644.4026 | AG28: 0.99 | AH28: =+((1+AG28/100)^(252/21)-1)*100 -> 12.548696 | AI28: =+(AF28/AF27-1)*100 -> 0.046922011 | AJ28: =+(1+AI28/100)*AJ27 -> 1.0105592 | AK28: =+(AJ28-1)*100 -> 1.0559209
A29: =+A28+1 -> 27 | B29: 44460 | C29: 2.3157 | D29: 3784.4097 | E29: 0 | F29: =+(F28*(1+AC28/100))+E29 -> 107.19276 | G29: =+D29+E29 -> 3784.4097 | H29: =+(G29/D28-1)*100 -> 0.042391864 | I29: =+(1+H29/100)*I28 -> 1.0134727 | J29: =+(I29-1)*100 -> 1.3472719 | K29: =+D29+F29 -> 3891.6025 | L29: =+(K29/K28-1)*100 -> 0.041773015 | M29: =+(1+L29/100)*M28 -> 1.0132455 | N29: =+(M29-1)*100 -> 1.3245499 | O29: =+O28 -> 2.32 | P29: 3784.2712 | Q29: 0 | R29: =+(R28*(1+AQ28/100))+Q29 -> 106.66006 | S29: =+P29+Q29 -> 3784.2712 | T29: =+(S29/P28-1)*100 -> 0.056080323 | U29: =+(1+T29/100)*U28 -> 1.0134289 | V29: =+(U29-1)*100 -> 1.3428877 | W29: =+P29+R29 -> 3890.9312 | X29: =+(W29/W28-1)*100 -> 0.054542184 | Y29: =+(1+X29/100)*Y28 -> 1.0130707 | Z29: =+(Y29-1)*100 -> 1.3070728 | AA29: 5.15 | AB29: =+((AA28/100+1)^(1/252))*AB28 -> 1.0051946 | AC29: =+(AB29/AB28-1)*100 -> 0.019929651 | AD29: =+(1+AC29/100)*AD28 -> 1.0051946 | AE29: =+(AD29-1)*100 -> 0.51946385 | AF29: 3646.1127 | AG29: 0.99 | AH29: =+((1+AG29/100)^(252/21)-1)*100 -> 12.548696 | AI29: =+(AF29/AF28-1)*100 -> 0.046922038 | AJ29: =+(1+AI29/100)*AJ28 -> 1.0110334 | AK29: =+(AJ29-1)*100 -> 1.1033384
A30: =+A29+1 -> 28 | B30: 44461 | C30: 2.4 | D30: 3783.7925 | E30: 0 | F30: =+(F29*(1+AC29/100))+E30 -> 107.21412 | G30: =+D30+E30 -> 3783.7925 | H30: =+(G30/D29-1)*100 -> -0.016310311 | I30: =+(1+H30/100)*I29 -> 1.0133074 | J30: =+(I30-1)*100 -> 1.3307419 | K30: =+D30+F30 -> 3891.0066 | L30: =+(K30/K29-1)*100 -> -0.015312095 | M30: =+(1+L30/100)*M29 -> 1.0130903 | N30: =+(M30-1)*100 -> 1.309035 | O30: =+O29 -> 2.32 | P30: 3786.3897 | Q30: 0 | R30: =+(R29*(1+AQ29/100))+Q30 -> 106.66006 | S30: =+P30+Q30 -> 3786.3897 | T30: =+(S30/P29-1)*100 -> 0.055983118 | U30: =+(1+T30/100)*U29 -> 1.0139962 | V30: =+(U30-1)*100 -> 1.3996226 | W30: =+P30+R30 -> 3893.0498 | X30: =+(W30/W29-1)*100 -> 0.054448482 | Y30: =+(1+X30/100)*Y29 -> 1.0136223 | Z30: =+(Y30-1)*100 -> 1.3622329 | AA30: 5.15 | AB30: =+((AA29/100+1)^(1/252))*AB29 -> 1.005395 | AC30: =+(AB30/AB29-1)*100 -> 0.019929651 | AD30: =+(1+AC30/100)*AD29 -> 1.005395 | AE30: =+(AD30-1)*100 -> 0.53949703 | AF30: 3647.8235 | AG30: 0.99 | AH30: =+((1+AG30/100)^(252/21)-1)*100 -> 12.548696 | AI30: =+(AF30/AF29-1)*100 -> 0.046922055 | AJ30: =+(1+AI30/100)*AJ29 -> 1.0115078 | AK30: =+(AJ30-1)*100 -> 1.1507782
A31: =+A30+1 -> 29 | B31: 44462 | C31: 2.37 | D31: 3786.8927 | E31: 0 | F31: =+(F30*(1+AC30/100))+E31 -> 107.23549 | G31: =+D31+E31 -> 3786.8927 | H31: =+(G31/D30-1)*100 -> 0.081934013 | I31: =+(1+H31/100)*I30 -> 1.0141377 | J31: =+(I31-1)*100 -> 1.4137662 | K31: =+D31+F31 -> 3894.1282 | L31: =+(K31/K30-1)*100 -> 0.080225524 | M31: =+(1+L31/100)*M30 -> 1.0139031 | N31: =+(M31-1)*100 -> 1.3903107 | O31: =+O30 -> 2.32 | P31: 3788.5131 | Q31: 0 | R31: =+(R30*(1+AQ30/100))+Q31 -> 106.66006 | S31: =+P31+Q31 -> 3788.5131 | T31: =+(S31/P30-1)*100 -> 0.056078644 | U31: =+(1+T31/100)*U30 -> 1.0145649 | V31: =+(U31-1)*100 -> 1.4564861 | W31: =+P31+R31 -> 3895.1731 | X31: =+(W31/W30-1)*100 -> 0.054542226 | Y31: =+(1+X31/100)*Y30 -> 1.0141752 | Z31: =+(Y31-1)*100 -> 1.4175182 | AA31: 5.15 | AB31: =+((AA30/100+1)^(1/252))*AB30 -> 1.0055953 | AC31: =+(AB31/AB30-1)*100 -> 0.019929651 | AD31: =+(1+AC31/100)*AD30 -> 1.0055953 | AE31: =+(AD31-1)*100 -> 0.5595342 | AF31: 3649.5351 | AG31: 0.99 | AH31: =+((1+AG31/100)^(252/21)-1)*100 -> 12.548696 | AI31: =+(AF31/AF30-1)*100 -> 0.046922007 | AJ31: =+(1+AI31/100)*AJ30 -> 1.0119824 | AK31: =+(AJ31-1)*100 -> 1.1982401
A32: =+A31+1 -> 30 | B32: 44463 | C32: 2.2562 | D32: 3792.6969 | E32: 0 | F32: =+(F31*(1+AC31/100))+E32 -> 107.25686 | G32: =+D32+E32 -> 3792.6969 | H32: =+(G32/D31-1)*100 -> 0.15327115 | I32: =+(1+H32/100)*I31 -> 1.015692 | J32: =+(I32-1)*100 -> 1.5692043 | K32: =+D32+F32 -> 3899.9537 | L32: =+(K32/K31-1)*100 -> 0.14959923 | M32: =+(1+L32/100)*M31 -> 1.0154199 | N32: =+(M32-1)*100 -> 1.5419898 | O32: =+O31 -> 2.32 | P32: 3790.6339 | Q32: 0 | R32: =+(R31*(1+AQ31/100))+Q32 -> 106.66006 | S32: =+P32+Q32 -> 3790.6339 | T32: =+(S32/P31-1)*100 -> 0.055981488 | U32: =+(1+T32/100)*U31 -> 1.0151328 | V32: =+(U32-1)*100 -> 1.5132829 | W32: =+P32+R32 -> 3897.294 | X32: =+(W32/W31-1)*100 -> 0.054448568 | Y32: =+(1+X32/100)*Y31 -> 1.0147274 | Z32: =+(Y32-1)*100 -> 1.4727385 | AA32: 6.15 | AB32: =+((AA31/100+1)^(1/252))*AB31 -> 1.0057958 | AC32: =+(AB32/AB31-1)*100 -> 0.019929651 | AD32: =+(1+AC32/100)*AD31 -> 1.0057958 | AE32: =+(AD32-1)*100 -> 0.57957537 | AF32: 3651.2476 | AG32: 0.99 | AH32: =+((1+AG32/100)^(252/21)-1)*100 -> 12.548696 | AI32: =+(AF32/AF31-1)*100 -> 0.046922058 | AJ32: =+(1+AI32/100)*AJ31 -> 1.0124572 | AK32: =+(AJ32-1)*100 -> 1.2457244
A33: =+A32+1 -> 31 | B33: 44466 | C33: 2.4459 | D33: 3792.1433 | E33: 0 | F33: =+(F32*(1+AC32/100))+E33 -> 107.27824 | G33: =+D33+E33 -> 3792.1433 | H33: =+(G33/D32-1)*100 -> -0.014596948 | I33: =+(1+H33/100)*I32 -> 1.0155438 | J33: =+(I33-1)*100 -> 1.5543783 | K33: =+D33+F33 -> 3899.4215 | L33: =+(K33/K32-1)*100 -> -0.013647395 | M33: =+(1+L33/100)*M32 -> 1.0152813 | N33: =+(M33-1)*100 -> 1.528132 | O33: =+O32 -> 2.32 | P33: 3796.1908 | Q33: 0 | R33: =+(R32*(1+AQ32/100))+Q33 -> 106.66006 | S33: =+P33+Q33 -> 3796.1908 | T33: =+(S33/P32-1)*100 -> 0.1465935 | U33: =+(1+T33/100)*U32 -> 1.0166209 | V33: =+(U33-1)*100 -> 1.6620948 | W33: =+P33+R33 -> 3902.8508 | X33: =+(W33/W32-1)*100 -> 0.14258157 | Y33: =+(1+X33/100)*Y32 -> 1.0161742 | Z33: =+(Y33-1)*100 -> 1.61742 | AA33: 6.15 | AB33: =+((AA32/100+1)^(1/252))*AB32 -> 1.006034 | AC33: =+(AB33/AB32-1)*100 -> 0.023686536 | AD33: =+(1+AC33/100)*AD32 -> 1.006034 | AE33: =+(AD33-1)*100 -> 0.60339918 | AF33: 3656.2655 | AG33: 1.23 | AH33: =+((1+AG33/100)^(252/21)-1)*100 -> 15.800609 | AI33: =+(AF33/AF32-1)*100 -> 0.13743026 | AJ33: =+(1+AI33/100)*AJ32 -> 1.0138487 | AK33: =+(AJ33-1)*100 -> 1.3848667
A34: =+A33+1 -> 32 | B34: 44467 | C34: 2.44 | D34: 3794.9039 | E34: 0 | F34: =+(F33*(1+AC33/100))+E34 -> 107.30365 | G34: =+D34+E34 -> 3794.9039 | H34: =+(G34/D33-1)*100 -> 0.072798515 | I34: =+(1+H34/100)*I33 -> 1.0162831 | J34: =+(I34-1)*100 -> 1.6283083 | K34: =+D34+F34 -> 3902.2075 | L34: =+(K34/K33-1)*100 -> 0.07144738 | M34: =+(1+L34/100)*M33 -> 1.0160067 | N34: =+(M34-1)*100 -> 1.6006712 | O34: =+O33 -> 2.32 | P34: 3798.7452 | Q34: 0 | R34: =+(R33*(1+AQ33/100))+Q34 -> 106.66006 | S34: =+P34+Q34 -> 3798.7452 | T34: =+(S34/P33-1)*100 -> 0.067289875 | U34: =+(1+T34/100)*U33 -> 1.017305 | V34: =+(U34-1)*100 -> 1.7305031 | W34: =+P34+R34 -> 3905.4053 | X34: =+(W34/W33-1)*100 -> 0.065450926 | Y34: =+(1+X34/100)*Y33 -> 1.0168393 | Z34: =+(Y34-1)*100 -> 1.6839295 | AA34: 6.15 | AB34: =+((AA33/100+1)^(1/252))*AB33 -> 1.0062723 | AC34: =+(AB34/AB33-1)*100 -> 0.023686536 | AD34: =+(1+AC34/100)*AD33 -> 1.0062723 | AE34: =+(AD34-1)*100 -> 0.62722864 | AF34: 3658.3946 | AG34: 1.23 | AH34: =+((1+AG34/100)^(252/21)-1)*100 -> 15.800609 | AI34: =+(AF34/AF33-1)*100 -> 0.058231084 | AJ34: =+(1+AI34/100)*AJ33 -> 1.014439 | AK34: =+(AJ34-1)*100 -> 1.4439042
A35: =+A34+1 -> 33 | B35: 44468 | C35: 2.5022 | D35: 3795.4994 | E35: 0 | F35: =+(F34*(1+AC34/100))+E35 -> 107.32907 | G35: =+D35+E35 -> 3795.4994 | H35: =+(G35/D34-1)*100 -> 0.015692677 | I35: =+(1+H35/100)*I34 -> 1.0164426 | J35: =+(I35-1)*100 -> 1.6442565 | K35: =+D35+F35 -> 3902.8285 | L35: =+(K35/K34-1)*100 -> 0.015912493 | M35: =+(1+L35/100)*M34 -> 1.0161684 | N35: =+(M35-1)*100 -> 1.6168384 | O35: =+O34 -> 2.32 | P35: 3801.305 | Q35: 0 | R35: =+(R34*(1+AQ34/100))+Q35 -> 106.66006 | S35: =+P35+Q35 -> 3801.305 | T35: =+(S35/P34-1)*100 -> 0.067385436 | U35: =+(1+T35/100)*U34 -> 1.0179905 | V35: =+(U35-1)*100 -> 1.7990547 | W35: =+P35+R35 -> 3907.9651 | X35: =+(W35/W34-1)*100 -> 0.06554508 | Y35: =+(1+X35/100)*Y34 -> 1.0175058 | Z35: =+(Y35-1)*100 -> 1.7505783 | AA35: 6.15 | AB35: =+((AA34/100+1)^(1/252))*AB34 -> 1.0065106 | AC35: =+(AB35/AB34-1)*100 -> 0.023686536 | AD35: =+(1+AC35/100)*AD34 -> 1.0065106 | AE35: =+(AD35-1)*100 -> 0.65106375 | AF35: 3660.5249 | AG35: 1.23 | AH35: =+((1+AG35/100)^(252/21)-1)*100 -> 15.800609 | AI35: =+(AF35/AF34-1)*100 -> 0.058231089 | AJ35: =+(1+AI35/100)*AJ34 -> 1.0150298 | AK35: =+(AJ35-1)*100 -> 1.5029761
A36: =+A35+1 -> 34 | B36: 44469 | C36: 2.5968 | D36: 3795.0871 | E36: 0 | F36: =+(F35*(1+AC35/100))+E36 -> 107.35449 | G36: =+D36+E36 -> 3795.0871 | H36: =+(G36/D35-1)*100 -> -0.010862892 | I36: =+(1+H36/100)*I35 -> 1.0163322 | J36: =+(I36-1)*100 -> 1.633215 | K36: =+D36+F36 -> 3902.4416 | L36: =+(K36/K35-1)*100 -> -0.0099127713 | M36: =+(1+L36/100)*M35 -> 1.0160677 | N36: =+(M36-1)*100 -> 1.6067653 | O36: =+O35 -> 2.32 | P36: 3803.8628 | Q36: 0 | R36: =+(R35*(1+AQ35/100))+Q36 -> 106.66006 | S36: =+P36+Q36 -> 3803.8628 | T36: =+(S36/P35-1)*100 -> 0.067288234 | U36: =+(1+T36/100)*U35 -> 1.0186755 | V36: =+(U36-1)*100 -> 1.8675534 | W36: =+P36+R36 -> 3910.5229 | X36: =+(W36/W35-1)*100 -> 0.065451737 | Y36: =+(1+X36/100)*Y35 -> 1.0181718 | Z36: =+(Y36-1)*100 -> 1.8171758 | AA36: 6.15 | AB36: =+((AA35/100+1)^(1/252))*AB35 -> 1.006749 | AC36: =+(AB36/AB35-1)*100 -> 0.023686536 | AD36: =+(1+AC36/100)*AD35 -> 1.006749 | AE36: =+(AD36-1)*100 -> 0.6749045 | AF36: 3662.6564 | AG36: 1.23 | AH36: =+((1+AG36/100)^(252/21)-1)*100 -> 15.800609 | AI36: =+(AF36/AF35-1)*100 -> 0.058231103 | AJ36: =+(1+AI36/100)*AJ35 -> 1.0156208 | AK36: =+(AJ36-1)*100 -> 1.5620824
A37: =+A36+1 -> 35 | B37: 44470 | C37: 2.61 | D37: 3797.2677 | E37: 0 | F37: =+(F36*(1+AC36/100))+E37 -> 107.37992 | G37: =+D37+E37 -> 3797.2677 | H37: =+(G37/D36-1)*100 -> 0.057458576 | I37: =+(1+H37/100)*I36 -> 1.0169161 | J37: =+(I37-1)*100 -> 1.691612 | K37: =+D37+F37 -> 3904.6476 | L37: =+(K37/K36-1)*100 -> 0.056529521 | M37: =+(1+L37/100)*M36 -> 1.016642 | N37: =+(M37-1)*100 -> 1.6642031 | O37: =+O36 -> 2.32 | P37: 3806.426 | Q37: 0 | R37: =+(R36*(1+AQ36/100))+Q37 -> 106.66006 | S37: =+P37+Q37 -> 3806.426 | T37: =+(S37/P36-1)*100 -> 0.067383765 | U37: =+(1+T37/100)*U36 -> 1.019362 | V37: =+(U37-1)*100 -> 1.9361956 | W37: =+P37+R37 -> 3913.0861 | X37: =+(W37/W36-1)*100 -> 0.065545863 | Y37: =+(1+X37/100)*Y36 -> 1.0188391 | Z37: =+(Y37-1)*100 -> 1.8839128 | AA37: 6.15 | AB37: =+((AA36/100+1)^(1/252))*AB36 -> 1.0069875 | AC37: =+(AB37/AB36-1)*100 -> 0.023686536 | AD37: =+(1+AC37/100)*AD36 -> 1.0069875 | AE37: =+(AD37-1)*100 -> 0.6987509 | AF37: 3664.7892 | AG37: 1.23 | AH37: =+((1+AG37/100)^(252/21)-1)*100 -> 15.800609 | AI37: =+(AF37/AF36-1)*100 -> 0.058231096 | AJ37: =+(1+AI37/100)*AJ36 -> 1.0162122 | AK37: =+(AJ37-1)*100 -> 1.6212231
A38: =+A37+1 -> 36 | B38: 44473 | C38: 2.6775 | D38: 3797.7518 | E38: 0 | F38: =+(F37*(1+AC37/100))+E38 -> 107.40535 | G38: =+D38+E38 -> 3797.7518 | H38: =+(G38/D37-1)*100 -> 0.012747824 | I38: =+(1+H38/100)*I37 -> 1.0170458 | J38: =+(I38-1)*100 -> 1.7045755 | K38: =+D38+F38 -> 3905.1571 | L38: =+(K38/K37-1)*100 -> 0.013048644 | M38: =+(1+L38/100)*M37 -> 1.0167747 | N38: =+(M38-1)*100 -> 1.6774689 | O38: =+O37 -> 2.32 | P38: 3808.9872 | Q38: 0 | R38: =+(R37*(1+AQ37/100))+Q38 -> 106.66006 | S38: =+P38+Q38 -> 3808.9872 | T38: =+(S38/P37-1)*100 -> 0.067286583 | U38: =+(1+T38/100)*U37 -> 1.0200479 | V38: =+(U38-1)*100 -> 2.004785 | W38: =+P38+R38 -> 3915.6473 | X38: =+(W38/W37-1)*100 -> 0.065452534 | Y38: =+(1+X38/100)*Y37 -> 1.019506 | Z38: =+(Y38-1)*100 -> 1.9505984 | AA38: 6.15 | AB38: =+((AA37/100+1)^(1/252))*AB37 -> 1.007226 | AC38: =+(AB38/AB37-1)*100 -> 0.023686536 | AD38: =+(1+AC38/100)*AD37 -> 1.007226 | AE38: =+(AD38-1)*100 -> 0.72260294 | AF38: 3666.9233 | AG38: 1.23 | AH38: =+((1+AG38/100)^(252/21)-1)*100 -> 15.800609 | AI38: =+(AF38/AF37-1)*100 -> 0.05823107 | AJ38: =+(1+AI38/100)*AJ37 -> 1.016804 | AK38: =+(AJ38-1)*100 -> 1.6803982
A39: =+A38+1 -> 37 | B39: 44474 | C39: 2.6395 | D39: 3801.5446 | E39: 0 | F39: =+(F38*(1+AC38/100))+E39 -> 107.43079 | G39: =+D39+E39 -> 3801.5446 | H39: =+(G39/D38-1)*100 -> 0.099870587 | I39: =+(1+H39/100)*I38 -> 1.0180615 | J39: =+(I39-1)*100 -> 1.8061485 | K39: =+D39+F39 -> 3908.9754 | L39: =+(K39/K38-1)*100 -> 0.097775262 | M39: =+(1+L39/100)*M38 -> 1.0177688 | N39: =+(M39-1)*100 -> 1.7768844 | O39: =+O38 -> 2.32 | P39: 3811.5538 | Q39: 0 | R39: =+(R38*(1+AQ38/100))+Q39 -> 106.66006 | S39: =+P39+Q39 -> 3811.5538 | T39: =+(S39/P38-1)*100 -> 0.067382111 | U39: =+(1+T39/100)*U38 -> 1.0207352 | V39: =+(U39-1)*100 -> 2.073518 | W39: =+P39+R39 -> 3918.2139 | X39: =+(W39/W38-1)*100 -> 0.065546659 | Y39: =+(1+X39/100)*Y38 -> 1.0201742 | Z39: =+(Y39-1)*100 -> 2.0174236 | AA39: 6.15 | AB39: =+((AA38/100+1)^(1/252))*AB38 -> 1.0074646 | AC39: =+(AB39/AB38-1)*100 -> 0.023686536 | AD39: =+(1+AC39/100)*AD38 -> 1.0074646 | AE39: =+(AD39-1)*100 -> 0.74646064 | AF39: 3669.0586 | AG39: 1.23 | AH39: =+((1+AG39/100)^(252/21)-1)*100 -> 15.800609 | AI39: =+(AF39/AF38-1)*100 -> 0.058231106 | AJ39: =+(1+AI39/100)*AJ38 -> 1.0173961 | AK39: =+(AJ39-1)*100 -> 1.7396079
... A254: =+A253+1 -> 252 | B254: 44785 | C254: 23.4228 | D254: 4086.4945 | E254: 0 | F254: =+(F253*(1+AC253/100))+E254 -> 236.11765 | G254: =+D254+E254 -> 4086.4945 | H254: =+(G254/D253-1)*100 -> 0.05144877 | I254: =+(1+H254/100)*I253 -> 1.1268232 | J254: =+(I254-1)*100 -> 12.682321 | K254: =+D254+F254 -> 4322.6121 | L254: =+(K254/K253-1)*100 -> 0.051412678 | M254: =+(1+L254/100)*M253 -> 1.1254663 | N254: =+(M254-1)*100 -> 12.546626 | O254: =+O253 -> 2.32 | P254: 4089.5374 | Q254: 0 | R254: =+(R253*(1+AQ253/100))+Q254 -> 219.32054 | S254: =+P254+Q254 -> 4089.5374 | T254: =+(S254/P253-1)*100 -> -0.02335765 | U254: =+(1+T254/100)*U253 -> 1.1269833 | V254: =+(U254-1)*100 -> 12.698329 | W254: =+P254+R254 -> 4308.8579 | X254: =+(W254/W253-1)*100 -> -0.022169011 | Y254: =+(1+X254/100)*Y253 -> 1.1218851 | Z254: =+(Y254-1)*100 -> 12.188512 | AA254: 13.65 | AB254: =+((AA253/100+1)^(1/252))*AB253 -> 1.0970385 | AC254: =+(AB254/AB253-1)*100 -> 0.050788037 | AD254: =+(1+AC254/100)*AD253 -> 1.0970385 | AE254: =+(AD254-1)*100 -> 9.7038463 | AF254: 3972.4726 | AG254: -0.68 | AH254: =+((1+AG254/100)^(252/21)-1)*100 -> -7.8616288 | AI254: =+(AF254/AF253-1)*100 -> -0.032486432 | AJ254: =+(1+AI254/100)*AJ253 -> 1.10153 | AK254: =+(AJ254-1)*100 -> 10.152998
A255: =+A254+1 -> 253 | B255: 44788 | C255: =+C254 -> 23.4228 | D255: 3971.1821 | E255: 117.40009 | F255: =+(F254*(1+AC254/100))+E255 -> 353.63766 | G255: =+D255+E255 -> 4088.5822 | H255: =+(G255/D254-1)*100 -> 0.051087822 | I255: =+(1+H255/100)*I254 -> 1.1273989 | J255: =+(I255-1)*100 -> 12.739888 | K255: =+D255+F255 -> 4324.8197 | L255: =+(K255/K254-1)*100 -> 0.051071446 | M255: =+(1+L255/100)*M254 -> 1.1260411 | N255: =+(M255-1)*100 -> 12.604105 | O255: =+O254 -> 2.32 | P255: 3971.1821 | Q255: 117.40009 | R255: =+(R254*(1+AQ254/100))+Q255 -> 336.72064 | S255: =+P255+Q255 -> 4088.5822 | T255: =+(S255/P254-1)*100 -> -0.023357483 | U255: =+(1+T255/100)*U254 -> 1.1267201 | V255: =+(U255-1)*100 -> 12.672006 | W255: =+P255+R255 -> 4307.9027 | X255: =+(W255/W254-1)*100 -> -0.022168589 | Y255: =+(1+X255/100)*Y254 -> 1.1216364 | Z255: =+(Y255-1)*100 -> 12.163641 | AA255: 13.65 | AB255: =+((AA254/100+1)^(1/252))*AB254 -> 1.0975956 | AC255: =+(AB255/AB254-1)*100 -> 0.050788037 | AD255: =+(1+AC255/100)*AD254 -> 1.0975956 | AE255: =+(AD255-1)*100 -> 9.7595627 | AF255: 3971.1821 | AG255: -0.68 | AH255: =+((1+AG255/100)^(252/21)-1)*100 -> -7.8616288 | AI255: =+(AF255/AF254-1)*100 -> -0.032486417 | AJ255: =+(1+AI255/100)*AJ254 -> 1.1011721 | AK255: =+(AJ255-1)*100 -> 10.117213
E256: =SUM(E4:E255) -> 336.72064 | F256: =+F255 -> 353.63766 | Q256: =SUM(Q4:Q255) -> 336.72064 | R256: =+R255 -> 336.72064
I258: =+I255/I237 -> 1.0101326

Sheet Base NTN-B Princ 2019
A1: Dia | B1: Taxa Compra Manhã | C1: Taxa Venda Manhã | D1: PU Compra Manhã | E1: PU Venda Manhã | F1: PU Base Manhã
A2: 42737 | B2: 0.058 | C2: 0.0592 | D2: 2589.75 | E2: 2582.9 | F2: 2582.05
A3: 42738 | B3: 0.0579 | C3: 0.0591 | D3: 2591.16 | E3: 2584.32 | F3: 2583.47
A4: 42739 | B4: 0.0573 | C4: 0.0585 | D4: 2595.43 | E4: 2588.58 | F4: 2587.74
A5: 42740 | B5: 0.0567 | C5: 0.0579 | D5: 2599.69 | E5: 2592.84 | F5: 2592
A6: 42741 | B6: 0.0564 | C6: 0.0576 | D6: 2602.76 | E6: 2595.9 | F6: 2594.55
A7: 42744 | B7: 0.0569 | C7: 0.0581 | D7: 2600.73 | E7: 2593.9 | F7: 2593.06
A8: 42745 | B8: 0.0571 | C8: 0.0583 | D8: 2600.42 | E8: 2593.6 | F8: 2592.76
A9: 42746 | B9: 0.057 | C9: 0.0582 | D9: 2601.59 | E9: 2594.78 | F9: 2593.95
A10: 42747 | B10: 0.0554 | C10: 0.0566 | D10: 2611.52 | E10: 2604.68 | F10: 2603.86
A11: 42748 | B11: 0.0542 | C11: 0.0554 | D11: 2619.9 | E11: 2613.05 | F11: 2611.52
A12: 42751 | B12: 0.0537 | C12: 0.0549 | D12: 2623.78 | E12: 2616.92 | F12: 2615.9
A13: 42752 | B13: 0.0535 | C13: 0.0547 | D13: 2625.94 | E13: 2619.09 | F13: 2618.07
... A585: 43599 | B585: -0.0094 | C585: -0.0082 | D585: 3224.89 | E585: 3224.89 | F585: 3224.38

Sheet Feriados
A1: 36892
A2: 36948
A3: 36949
A4: 36994
A5: 37002
A6: 37012
A7: 37056
A8: 37141
A9: 37176
A10: 37197
A11: 37210
A12: 37250
... A936: 65374
